Workbook
Name Auxiliar: #REF!
Name Auxiliar: #REF!
Name Auxiliar: #REF!
Name Auxiliar: #REF!
Name Auxiliar: #REF!
Name Auxiliar: #REF!
Name Auxiliar: #REF!
Name Auxiliar: #REF!
Name Auxiliar: #REF!
Name Auxiliar: #REF!
Name Auxiliar: #REF!
Name Auxiliar: #REF!
Name Auxiliar: #REF!
Name Auxiliar: #REF!
Name Auxiliar: #REF!
Name Auxiliar: #REF!
Name Auxiliar: #REF!
Name Auxiliar: #REF!
Name Auxiliar: #REF!
Name Auxiliar: #REF!
Name Auxiliar: #REF!
Name Auxiliar: #REF!
Name Auxiliar: #REF!
Name Auxiliar: #REF!
Name Auxiliar: #REF!
Name Auxiliar: #REF!
Name Auxiliar: #REF!
Name Auxiliar: #REF!
Name Auxiliar: #REF!
Name Auxiliar: #REF!
Name Auxiliar: #REF!
Name Auxiliar: #REF!
Name Auxiliar: #REF!
Name Auxiliar: #REF!
Name Auxiliar: #REF!
Name CUSTO_VALE_TRANSPORTE: #REF!
Name CUSTO_VALE_TRANSPORTE: #REF!
Name CUSTO_VALE_TRANSPORTE: #REF!
Name CUSTO_VALE_TRANSPORTE: #REF!
Name CUSTO_VALE_TRANSPORTE: #REF!
Name CUSTO_VALE_TRANSPORTE: #REF!
Name CUSTO_VALE_TRANSPORTE: #REF!
Name CUSTO_VALE_TRANSPORTE: #REF!
Name CUSTO_VALE_TRANSPORTE: #REF!
Name CUSTO_VALE_TRANSPORTE: #REF!
Name CUSTO_VALE_TRANSPORTE: #REF!
Name CUSTO_VALE_TRANSPORTE: #REF!
Name CUSTO_VALE_TRANSPORTE: #REF!
Name CUSTO_VALE_TRANSPORTE: #REF!
Name CUSTO_VALE_TRANSPORTE: #REF!
Name CUSTO_VALE_TRANSPORTE: #REF!
Name CUSTO_VALE_TRANSPORTE: #REF!
Name CUSTO_VALE_TRANSPORTE: #REF!
Name CUSTO_VALE_TRANSPORTE: #REF!
Name CUSTO_VALE_TRANSPORTE: #REF!
Name CUSTO_VALE_TRANSPORTE: #REF!
Name CUSTO_VALE_TRANSPORTE: #REF!
Name CUSTO_VALE_TRANSPORTE: #REF!
Name CUSTO_VALE_TRANSPORTE: #REF!
Name CUSTO_VALE_TRANSPORTE: #REF!

Sheet LOTE 1 - PSIQUIATRA
A1: PLANILHA DE CUSTOS E FORMAÇÃO DE PREÇOS DE SERVIÇOS CONTINUADOS COM DEDICAÇÃO EXCLUSIVA DE MÃO DE OBRA (ANEXO III - DECRETO 52.768 de 15.12.2015)
A2: PROCESSO: | C2: 26/1200-9000536-0 | E2: REGIME DE TRIBUTAÇÃO: LUCRO REAL
A3: LICITAÇÃO/EDITAL | E3: ABERTURA:
A5: Cargo/Função: | D5: MÉDICO PSIQUIATRA | G5: =IF(D6="12x36","Regime de trabalho:","Quantidade de HORAS/MÊS") -> Quantidade de HORAS/MÊS | I5: =IF(D6="12x36",D6,5*D6) -> 100
A6: =IF(D6="12x36","Regime de trabalho:","Regime de trabalho (horas semanais):") -> Regime de trabalho (horas semanais): | D6: 20
A7: Convenção Coletiva de Trabalho: | D7: Base de cálculo conforme item VI do ETP | G7: INSALUBRIDADE (10%, 20%, 40%) | I7: Não aplicável
A8: Origem do salário: | D8: Conforme definido pelo órgão no item VI do ETP - Valor do salário dos Oficiais de Saúde Temporários (OST) médicos, que, conforme a Lei Estadual nº 15.115/18, é definida como 120% do valor do salário do posto de 1º Tenente, que foi estabelecido pela Lei Estadual 15.454/20
A9: Cidade: | D9: PORTO ALEGRE | G9: PERICULOSIDADE (30%) | I9: Não aplicável
A10: Salário Normativo | G10: Vlr. do salário e nº de horas correspondentes | H10: 200 | I10: 17976.45
A11: ISS | G11: =D9 -> PORTO ALEGRE | H11: Alíquota | I11: 0.05
A12: Tarifa Transporte | G12: CCT | H12: Vr. Unitário | I12: 5.3
H13: Dias | I13: 22
H14: Desconto | I14: 0.06
A15: Auxílio Alimentação | G15: CCT | H15: Vr. Unitário | I15: 0
H16: Dias | I16: 0
H17: Desconto | I17: 0
A18: Auxílio Lanche | G18: CCT | H18: Vr. Unitário | I18: 0
H19: Dias | I19: 0
H20: Desconto | I20: 0
A21: Prêmio Assiduidade / Cesta Básica (quando houver) | G21: CCT | H21: Valor mensal | I21: 0
A22: Plano de Benefício Social Familiar (apenas para a CCT SEEAC/SINDASSEIO) | G22: CCT | H22: Valor mensal | I22: 0
A23: Outros benefícios que refletem na planilha de custos, caso constem na CCT. | G23: CCT | H23: Valor mensal | I23: 0
A24: Adicional de Supervisor (37%) | H24: Porcentagem | I24: 0
A25: Base de cálculo da insalubridade | H25: Valor | I25: Não aplicável
A26: Quantitativo de horas trabalhadas em feriados no mês (estimado) - Não aplicável para postos 12x36 | H26: Horas por mês | I26: 0
H27: Acréscimo da hora extra | I27: 0
A28: Hora Intervalar (somente para postos 12x36, quando for o caso) | H28: Horas por mês | I28: Não aplicável
A29: Sem fornecimento de materiais ou apenas fornecimento de EPIs ou uniformes, utilizar 10%. Com fornecimento de materiais ou equipamentos, utilizar 20%. (Decreto 52.768/2015, alterado pelo Decreto 53.424/2017) | H29: Porcentagem | I29: 0.1
I30: Não aplicável
A36: MONTANTE A
A37: I | B37: Remuneração - Grupo I | H37: % | I37: Valor Mensal/unidade de serviço (R$)
A38: 1 | B38: Salário | H38: =I38/$I$46 -> 1 | I38: =IF(D6="12x36",I10,I10/H10*I5) -> 8988.225
A39: =A38+1 -> 2 | B39: Adicional Periculosidade 30% (Ver súmulas 364, 132 e 191 do TST) | H39: =I39/$I$46 -> 0 | I39: =IF(I9=30%,I38*I9,0) -> 0
A40: =A39+1 -> 3 | B40: Adicional Insalubridade 10% (Ver súmula 228 e 139 TST) (1) | H40: =I40/$I$46 -> 0 | I40: =IF(I7=10%,I25*I7,0) -> 0
A41: =A40+1 -> 4 | B41: Adicional Insalubridade 20% (Ver súmula 228 e 139 TST) (1) | H41: =I41/$I$46 -> 0 | I41: =IF(I7=20%,I25*I7,0) -> 0
A42: =A41+1 -> 5 | B42: Adicional Insalubridade 40% (Ver súmula 228 e 139 TST) (1) | H42: =I42/$I$46 -> 0 | I42: =IF(I7=40%,I25*I7,0) -> 0
A43: =A42+1 -> 6 | B43: Adicional de Supervisor (IN 05/2017 MPOG SLTI) | H43: =I43/$I$46 -> 0 | I43: =IF(I24="Não aplicável",0,I38*I24) -> 0
A44: =A43+1 -> 7 | B44: Feriados | H44: =I44/$I$46 -> 0 | I44: =IF(I26="Não aplicável",0,(I38+I39+I40+I41+I42+I43)/I5*I26*(1+I27)) -> 0
A45: =A44+1 -> 8 | B45: DSR = número total das horas extras do mês / número de dias úteis X domingos e feriados do mês X valor da hora extra com acréscimo | H45: =I45/$I$46 -> 0 | I45: =IF(I26="Não aplicável",0,I26/I13*5*(I10/H10*(1+I27))) -> 0
A46: Total de Remuneração | H46: =SUM(H38:H45) -> 1 | I46: =SUM(I38:I45) -> 8988.225
A47: (1) | B47: Para posto de trabalho que tenha a necessidade de pagamento de adicional de insalubridade, a planilha de custos irá prever o salário proporcional como base de cálculo da insalubridade, conforme Pareceres da PGE nº 21.858/26 e 18.200/2020 e Promoção da PGE disposta no processo administrativo nº 20/2000-0034874-2. Porém, será permitida à licitante a alteração da base de cálculo na planilha de custos para que seja previsto o salário normativo do cargo ou o salário mínimo nacional (o que se aplicar mais benéfico). Uma vez caracterizada a condição insalubre, deve a empresa contratada pagar ao empregado o respectivo adicional na sua integralidade, independentemente da jornada de trabalho do empregado.
A57: II | B57: Encargos Sociais - Grupo II: Obrigações Sociais | H57: % | I57: Valor Mensal/unidade de serviço (R$)
A58: 1 | B58: INSS (art. 22, inc. I, Lei nº 8.212/91) | H58: 0.2 | I58: =$I$46*H58 -> 1797.645
A59: 2 | B59: SESI ou SESC (art. 30, Lei nº 8.036/90) | H59: 0.015 | I59: =$I$46*H59 -> 134.82337
A60: 3 | B60: SENAI ou SENAC (Decreto-Lei nº 2.318/86) | H60: 0.01 | I60: =$I$46*H60 -> 89.88225
A61: 4 | B61: INCRA (art. 15I, Lei Complementar nº 011/71) | H61: 0.002 | I61: =$I$46*H61 -> 17.97645
A62: 5 | B62: SALÁRIO EDUCAÇÃO (art. , inc. I, Decreto nº 87.043/82) | H62: 0.025 | I62: =$I$46*H62 -> 224.70563
A63: 6 | B63: FGTS (art. 15, Lei nº 8.036/90) | H63: 0.08 | I63: =$I$46*H63 -> 719.058
A64: 7 | B64: SEG. ACIDENTE DO TRABALHO 1%, 2% e 3% (art. 22, inc. II, alíneas "b" e "c", da Lei nº 8.212/91) (2) | H64: 0.03 | I64: =$I$46*H64 -> 269.64675
A65: 8 | B65: SEBRAE (§ 3º, art. 8º, Lei nº 8.029/90) | H65: 0.006 | I65: =$I$46*H65 -> 53.92935
A66: Total do Grupo II | H66: =SUM(H58:H65) -> 0.368 | I66: =SUM(I58:I65) -> 3307.6668
A67: (2) | B67: Os percentuais para o SAT podem variar de 0,50% a 6,00% em função do Fator de Acidente Previdenciário (FAP), Decreto nº 6.957/2009
B68: Deverá obrigatoriamente acompanhar a proposta de preços e a planilha de custos e formação de preços a prova do Fator Acidentário de Prevenção – FAP por meio de impressão de consulta ao site do Ministério da Previdência Social (que pode ser obtido no endereço eletrônico http://www2.dataprev.gov.br/fap/fap.htm), independentemente de alteração da alíquota da parcela do Seguro Acidente de Trabalho disposta no Quadro II da referida planilha.
A69: III | B69: Encargos Sociais - Grupo III: Tempo Não Trabalhado | H69: % | I69: Valor Mensal/unidade de serviço (R$)
A70: 1 | B70: FÉRIAS GOZADAS + ADICIONAL DE FÉRIAS | H70: 0.119314 | I70: =$I$46*H70 -> 1072.4211
A71: 2 | B71: FALTAS ABONADAS (3) | H71: 0.020479 | I71: =$I$46*H71 -> 184.06986
A72: 3 | B72: FALTAS LEGAIS (4) | H72: 0.012123 | I72: =$I$46*H72 -> 108.96425
A73: 4 | B73: LICENÇA MATERNIDADE | H73: 0.011436 | I73: =$I$46*H73 -> 102.78934
A74: 5 | B74: LICENÇA PATERNIDADE | H74: 0.000174 | I74: =$I$46*H74 -> 1.5639512
A75: 6 | B75: ACIDENTE DE TRABALHO | H75: 0.000442 | I75: =$I$46*H75 -> 3.9727955
A76: 7 | B76: AVISO PRÉVIO TRABALHADO | H76: 0.000185 | I76: =$I$46*H76 -> 1.6628216
A77: 8 | B77: 13º SALÁRIO | H77: 0.09079 | I77: =$I$46*H77 -> 816.04095
A78: Total do Grupo III | H78: =SUM(H70:H77) -> 0.254943 | I78: =SUM(I70:I77) -> 2291.485
A79: (3) | B79: Faltas Justificadas por Auxílio Doença
A80: (4) | B80: Faltas Legais - Art. 473 CLT
A81: IV | B81: Encargos Sociais - Grupo IV: Indenizações | H81: % | I81: Valor Mensal/unidade de serviço (R$)
A82: 1 | B82: INDENIZAÇÕES | H82: 0.048321 | I82: =$I$46*H82 -> 434.32002
A83: 2 | B83: FGTS SOBRE INDENIZAÇÕES | H83: 0.003511 | I83: =$I$46*H83 -> 31.557658
A84: 3 | B84: INDENIZAÇÃO COMPENSATÓRIA POR DEMISSÃO SEM JUSTA CAUSA | H84: 0.019328 | I84: =$I$46*H84 -> 173.72441
A85: Total do Grupo IV | H85: =SUM(H82:H84) -> 0.07116 | I85: =SUM(I82:I84) -> 639.60209
A87: V | B87: Encargos Sociais - Grupo V: Incidências | H87: % | I87: Valor Mensal/unidade de serviço (R$)
A88: 1 | B88: INCIDÊNCIA GRUPO II (Obrigações Sociais) X GRUPO III (Tempo Não Trabalhado) | H88: =(H66*H78) -> 0.093819024 | I88: =$I$46*H88 -> 843.2665
A89: Total do Grupo V | H89: =SUM(H88:H88) -> 0.093819024 | I89: =I88 -> 843.2665
A91: TOTAL DOS ENCARGOS SOCIAIS (II + III + IV + V) | H91: =H66+H78+H85+H89 -> 0.78792202 | I91: =I66+I78+I85+I89 -> 7082.0204
A93: VI | B93: Demais custos relativos à Norma Coletiva ou Disposições Legais - Grupo VI | H93: % | I93: Valor Mensal/unidade de serviço (R$)
A94: 1 | B94: Auxílio Alimentação | H94: =I94/$I$46 -> 0 | I94: =I115 -> 0
A95: =A94+1 -> 2 | B95: Auxílio Lanche | H95: =I95/$I$46 -> 0 | I95: =I111 -> 0
A96: =A95+1 -> 3 | B96: Plano de Saúde | H96: =I96/$I$46 -> 0 | I96: 0
A97: =A96+1 -> 4 | B97: Vale-Transporte⁽⁵⁾ | H97: =I97/$I$46 -> 0 | I97: =I107 -> 0
A98: =A97+1 -> 5 | B98: Adicional Intervalar | H98: =I98/$I$46 -> 0 | I98: =IF(I28="Não aplicável",0,((I10/H10)*1.5*I28)) -> 0
A99: 6 | B99: Prêmio Assiduidade (quando houver) | H99: =I99/$I$46 -> 0 | I99: =IF(I21="Não aplicável",0,I21) -> 0
A100: 7 | B100: Plano de Benefício Social Familiar (apenas para a CCT SEEAC/SINDASSEIO) | H100: =I100/$I$46 -> 0 | I100: =IF(I22="Não aplicável",0,I22) -> 0
A101: 8 | B101: Auxílio Creche | H101: =I101/$I$46 -> 0 | I101: 0
A102: 9 | B102: Outros | H102: =I102/$I$46 -> 0 | I102: =IF(I23="Não aplicável",0,I23) -> 0
A103: Total do Grupo VI | H103: =SUM(H94:H102) -> 0 | I103: =SUM(I94:I102) -> 0
A104: (5) | B104: O valor do vale-transporte pode variar de acordo com o modal fornecido pelo empregador.
A105: MEMÓRIA DE CÁLCULO DO VALE TRANSPORTE
A106: Valor Unitário | C106: Dias de Trabalho | D106: Vale p/dia | E106: Custo total | F106: Base de cálculo | G106: Percentual de desconto | H106: Valor desconto | I106: Custo efetivo
A107: =IF(I12="Não aplicável",0,I12) -> 5.3 | C107: =IF(I13="Não aplicável",0,I13) -> 22 | D107: 2 | E107: =A107*C107*D107 -> 233.2 | F107: =I38 -> 8988.225 | G107: =IF(I14="Não aplicável",0,I14) -> 0.06 | H107: =F107*G107 -> 539.2935 | I107: =IF((E107-H107)>0,E107-H107,0) -> 0
A109: MEMÓRIA DE CÁLCULO DO VALE LANCHE
A110: Valor Unitário | C110: Dias por mês | D110: Vale p/dia | E110: Custo total | F110: Base de cálculo | G110: Percentual de desconto | H110: Valor desconto | I110: Custo efetivo
A111: =IF(I18="Não aplicável",0,I18) -> 0 | C111: =IF(I19="Não aplicável",0,I19) -> 0 | D111: 1 | E111: =A111*C111*D111 -> 0 | F111: =E111 -> 0 | G111: =IF(I20="Não aplicável",0,I20) -> 0 | H111: =F111*G111 -> 0 | I111: =E111-H111 -> 0
A113: MEMÓRIA DE CÁLCULO DO | F113: =A15 -> Auxílio Alimentação
A114: Valor Unitário | C114: Dias por mês | D114: Vale p/dia | E114: Custo total | F114: Base de cálculo | G114: Percentual de desconto | H114: =H106 -> Valor desconto | I114: Custo efetivo
A115: =IF(I15="Não aplicável",0,I15) -> 0 | C115: =IF(I16="Não aplicável",0,I16) -> 0 | D115: 1 | E115: =A115*C115*D115 -> 0 | F115: =E115 -> 0 | G115: =IF(I17="Não aplicável",0,I17) -> 0 | H115: =F115*G115 -> 0 | I115: =E115-H115 -> 0
A117: TOTAL DO MONTANTE A (I + II + III+ IV + V +VI) | H117: =H46+H91+H103 -> 1.787922 | I117: =I46+I91+I103 -> 16070.245
A119: MONTANTE B
A120: I | B120: Despesas Diretas | H120: % | I120: Valor Mensal/unidade de serviço (R$)
A121: 1 | B121: Transporte (6) | H121: =I121/$I$133 -> 0 | I121: 0
A122: 2 | B122: Uniformes/EPI (6a) | H122: =I122/$I$133 -> 0 | I122: 0
...

Sheet LOTE 2 - PSICÓLOGO POA sem sobr
A1: PLANILHA DE CUSTOS E FORMAÇÃO DE PREÇOS DE SERVIÇOS CONTINUADOS COM DEDICAÇÃO EXCLUSIVA DE MÃO DE OBRA (ANEXO III - DECRETO 52.768 de 15.12.2015)
A2: PROCESSO: | C2: 26/1200-9000536-0 | E2: REGIME DE TRIBUTAÇÃO: LUCRO REAL
A3: LICITAÇÃO/EDITAL | E3: ABERTURA:
A5: Cargo/Função: | D5: PSICÓLOGO POA | G5: =IF(D6="12x36","Regime de trabalho:","Quantidade de HORAS/MÊS") -> Quantidade de HORAS/MÊS | I5: =IF(D6="12x36",D6,5*D6) -> 200
A6: =IF(D6="12x36","Regime de trabalho:","Regime de trabalho (horas semanais):") -> Regime de trabalho (horas semanais): | D6: 40
A7: Convenção Coletiva de Trabalho: | D7: Base de cálculo conforme item VI do ETP | G7: INSALUBRIDADE (10%, 20%, 40%) | I7: Não aplicável
A8: Origem do salário: | D8: Conforme indicado pelo órgão no item VI do ETP - Programa de Militares Estaduais Temporários de Saúde (MTS) - Lei Estadual nº 15.583/2020 e nº 16.165/2024
A9: Cidade: | D9: PORTO ALEGRE | G9: PERICULOSIDADE (30%) | I9: Não aplicável
A10: Salário Normativo | G10: Vlr. do salário e nº de horas correspondentes | H10: 200 | I10: 9922.89
A11: ISS | G11: =D9 -> PORTO ALEGRE | H11: Alíquota | I11: 0.05
A12: Tarifa Transporte | G12: CCT | H12: Vr. Unitário | I12: 5.3
H13: Dias | I13: 22
H14: Desconto | I14: 0.06
A15: Auxílio Alimentação | G15: CCT | H15: Vr. Unitário | I15: 0
H16: Dias | I16: 0
H17: Desconto | I17: 0
A18: Auxílio Lanche | G18: CCT | H18: Vr. Unitário | I18: 0
H19: Dias | I19: 0
H20: Desconto | I20: 0
A21: Prêmio Assiduidade / Cesta Básica (quando houver) | G21: CCT | H21: Valor mensal | I21: 0
A22: Plano de Benefício Social Familiar (apenas para a CCT SEEAC/SINDASSEIO) | G22: CCT | H22: Valor mensal | I22: 0
A23: Outros benefícios que refletem na planilha de custos, caso constem na CCT. | G23: CCT | H23: Valor mensal | I23: 0
A24: Adicional de Supervisor (37%) | H24: Porcentagem | I24: Não aplicável
A25: Base de cálculo da insalubridade | H25: Valor | I25: Não aplicável
A26: Quantitativo de horas trabalhadas em feriados no mês (estimado) - Não aplicável para postos 12x36 | H26: Horas por mês | I26: Não aplicável
H27: Acréscimo da hora extra | I27: Não aplicável
A28: Hora Intervalar (somente para postos 12x36, quando for o caso) | H28: Horas por mês | I28: Não aplicável
A29: Sem fornecimento de materiais ou apenas fornecimento de EPIs ou uniformes, utilizar 10%. Com fornecimento de materiais ou equipamentos, utilizar 20%. (Decreto 52.768/2015, alterado pelo Decreto 53.424/2017) | H29: Porcentagem | I29: 0.1
A32: MONTANTE A
A33: I | B33: Remuneração - Grupo I | H33: % | I33: Valor Mensal/unidade de serviço (R$)
A34: 1 | B34: Salário | H34: =I34/$I$42 -> 1 | I34: =IF(D6="12x36",I10,I10/H10*I5) -> 9922.89
A35: =A34+1 -> 2 | B35: Adicional Periculosidade 30% (Ver súmulas 364, 132 e 191 do TST) | H35: =I35/$I$42 -> 0 | I35: =IF(I9=30%,I34*I9,0) -> 0
A36: =A35+1 -> 3 | B36: Adicional Insalubridade 10% (Ver súmula 228 e 139 TST) (1) | H36: =I36/$I$42 -> 0 | I36: =IF(I7=10%,I25*I7,0) -> 0
A37: =A36+1 -> 4 | B37: Adicional Insalubridade 20% (Ver súmula 228 e 139 TST) (1) | H37: =I37/$I$42 -> 0 | I37: =IF(I7=20%,I25*I7,0) -> 0
A38: =A37+1 -> 5 | B38: Adicional Insalubridade 40% (Ver súmula 228 e 139 TST) (1) | H38: =I38/$I$42 -> 0 | I38: =IF(I7=40%,I25*I7,0) -> 0
A39: =A38+1 -> 6 | B39: Adicional de Supervisor (IN 05/2017 MPOG SLTI) | H39: =I39/$I$42 -> 0 | I39: =IF(I24="Não aplicável",0,I34*I24) -> 0
A40: =A39+1 -> 7 | B40: Feriados | H40: =I40/$I$42 -> 0 | I40: =IF(I26="Não aplicável",0,(I34+I35+I36+I37+I38+I39)/I5*I26*(1+I27)) -> 0
A41: =A40+1 -> 8 | B41: DSR = número total das horas extras do mês / número de dias úteis X domingos e feriados do mês X valor da hora extra com acréscimo | H41: =I41/$I$42 -> 0 | I41: =IF(I26="Não aplicável",0,I26/I13*5*(I10/H10*(1+I27))) -> 0
A42: Total de Remuneração | H42: =SUM(H34:H41) -> 1 | I42: =SUM(I34:I41) -> 9922.89
A43: (1) | B43: Para posto de trabalho que tenha a necessidade de pagamento de adicional de insalubridade, a planilha de custos irá prever o salário proporcional como base de cálculo da insalubridade, conforme Pareceres da PGE nº 21.858/26 e 18.200/2020 e Promoção da PGE disposta no processo administrativo nº 20/2000-0034874-2. Porém, será permitida à licitante a alteração da base de cálculo na planilha de custos para que seja previsto o salário normativo do cargo ou o salário mínimo nacional (o que se aplicar mais benéfico). Uma vez caracterizada a condição insalubre, deve a empresa contratada pagar ao empregado o respectivo adicional na sua integralidade, independentemente da jornada de trabalho do empregado.
A53: II | B53: Encargos Sociais - Grupo II: Obrigações Sociais | H53: % | I53: Valor Mensal/unidade de serviço (R$)
A54: 1 | B54: INSS (art. 22, inc. I, Lei nº 8.212/91) | H54: 0.2 | I54: =$I$42*H54 -> 1984.578
A55: 2 | B55: SESI ou SESC (art. 30, Lei nº 8.036/90) | H55: 0.015 | I55: =$I$42*H55 -> 148.84335
A56: 3 | B56: SENAI ou SENAC (Decreto-Lei nº 2.318/86) | H56: 0.01 | I56: =$I$42*H56 -> 99.2289
A57: 4 | B57: INCRA (art. 15I, Lei Complementar nº 011/71) | H57: 0.002 | I57: =$I$42*H57 -> 19.84578
A58: 5 | B58: SALÁRIO EDUCAÇÃO (art. , inc. I, Decreto nº 87.043/82) | H58: 0.025 | I58: =$I$42*H58 -> 248.07225
A59: 6 | B59: FGTS (art. 15, Lei nº 8.036/90) | H59: 0.08 | I59: =$I$42*H59 -> 793.8312
A60: 7 | B60: SEG. ACIDENTE DO TRABALHO 1%, 2% e 3% (art. 22, inc. II, alíneas "b" e "c", da Lei nº 8.212/91) (2) | H60: 0.03 | I60: =$I$42*H60 -> 297.6867
A61: 8 | B61: SEBRAE (§ 3º, art. 8º, Lei nº 8.029/90) | H61: 0.006 | I61: =$I$42*H61 -> 59.53734
A62: Total do Grupo II | H62: =SUM(H54:H61) -> 0.368 | I62: =SUM(I54:I61) -> 3651.6235
A63: (2) | B63: Os percentuais para o SAT podem variar de 0,50% a 6,00% em função do Fator de Acidente Previdenciário (FAP), Decreto nº 6.957/2009
B64: Deverá obrigatoriamente acompanhar a proposta de preços e a planilha de custos e formação de preços a prova do Fator Acidentário de Prevenção – FAP por meio de impressão de consulta ao site do Ministério da Previdência Social (que pode ser obtido no endereço eletrônico http://www2.dataprev.gov.br/fap/fap.htm), independentemente de alteração da alíquota da parcela do Seguro Acidente de Trabalho disposta no Quadro II da referida planilha.
A65: III | B65: Encargos Sociais - Grupo III: Tempo Não Trabalhado | H65: % | I65: Valor Mensal/unidade de serviço (R$)
A66: 1 | B66: FÉRIAS GOZADAS + ADICIONAL DE FÉRIAS | H66: 0.119314 | I66: =$I$42*H66 -> 1183.9397
A67: 2 | B67: FALTAS ABONADAS (3) | H67: 0.020479 | I67: =$I$42*H67 -> 203.21086
A68: 3 | B68: FALTAS LEGAIS (4) | H68: 0.012123 | I68: =$I$42*H68 -> 120.2952
A69: 4 | B69: LICENÇA MATERNIDADE | H69: 0.011436 | I69: =$I$42*H69 -> 113.47817
A70: 5 | B70: LICENÇA PATERNIDADE | H70: 0.000174 | I70: =$I$42*H70 -> 1.7265829
A71: 6 | B71: ACIDENTE DE TRABALHO | H71: 0.000442 | I71: =$I$42*H71 -> 4.3859174
A72: 7 | B72: AVISO PRÉVIO TRABALHADO | H72: 0.000185 | I72: =$I$42*H72 -> 1.8357346
A73: 8 | B73: 13º SALÁRIO | H73: 0.09079 | I73: =$I$42*H73 -> 900.89918
A74: Total do Grupo III | H74: =SUM(H66:H73) -> 0.254943 | I74: =SUM(I66:I73) -> 2529.7713
A75: (3) | B75: Faltas Justificadas por Auxílio Doença
A76: (4) | B76: Faltas Legais - Art. 473 CLT
A77: IV | B77: Encargos Sociais - Grupo IV: Indenizações | H77: % | I77: Valor Mensal/unidade de serviço (R$)
A78: 1 | B78: INDENIZAÇÕES | H78: 0.048321 | I78: =$I$42*H78 -> 479.48397
A79: 2 | B79: FGTS SOBRE INDENIZAÇÕES | H79: 0.003511 | I79: =$I$42*H79 -> 34.839267
A80: 3 | B80: INDENIZAÇÃO COMPENSATÓRIA POR DEMISSÃO SEM JUSTA CAUSA | H80: 0.019328 | I80: =$I$42*H80 -> 191.78962
A81: Total do Grupo IV | H81: =SUM(H78:H80) -> 0.07116 | I81: =SUM(I78:I80) -> 706.11285
A83: V | B83: Encargos Sociais - Grupo V: Incidências | H83: % | I83: Valor Mensal/unidade de serviço (R$)
A84: 1 | B84: INCIDÊNCIA GRUPO II (Obrigações Sociais) X GRUPO III (Tempo Não Trabalhado) | H84: =(H62*H74) -> 0.093819024 | I84: =$I$42*H84 -> 930.95586
A85: Total do Grupo V | H85: =SUM(H84:H84) -> 0.093819024 | I85: =I84 -> 930.95586
A87: TOTAL DOS ENCARGOS SOCIAIS (II + III + IV + V) | H87: =H62+H74+H81+H85 -> 0.78792202 | I87: =I62+I74+I81+I85 -> 7818.4636
A89: VI | B89: Demais custos relativos à Norma Coletiva ou Disposições Legais - Grupo VI | H89: % | I89: Valor Mensal/unidade de serviço (R$)
A90: 1 | B90: Auxílio Alimentação | H90: =I90/$I$42 -> 0 | I90: =I111 -> 0
A91: =A90+1 -> 2 | B91: Auxílio Lanche | H91: =I91/$I$42 -> 0 | I91: =I107 -> 0
A92: =A91+1 -> 3 | B92: Plano de Saúde | H92: =I92/$I$42 -> 0 | I92: 0
A93: =A92+1 -> 4 | B93: Vale-Transporte⁽⁵⁾ | H93: =I93/$I$42 -> 0 | I93: =I103 -> 0
A94: =A93+1 -> 5 | B94: Adicional Intervalar | H94: =I94/$I$42 -> 0 | I94: =IF(I28="Não aplicável",0,((I10/H10)*1.5*I28)) -> 0
A95: 6 | B95: Prêmio Assiduidade (quando houver) | H95: =I95/$I$42 -> 0 | I95: =IF(I21="Não aplicável",0,I21) -> 0
A96: 7 | B96: Plano de Benefício Social Familiar (apenas para a CCT SEEAC/SINDASSEIO) | H96: =I96/$I$42 -> 0 | I96: =IF(I22="Não aplicável",0,I22) -> 0
A97: 8 | B97: Auxílio Creche | H97: =I97/$I$42 -> 0 | I97: 0
A98: 9 | B98: Outros | H98: =I98/$I$42 -> 0 | I98: =IF(I23="Não aplicável",0,I23) -> 0
A99: Total do Grupo VI | H99: =SUM(H90:H98) -> 0 | I99: =SUM(I90:I98) -> 0
A100: (5) | B100: O valor do vale-transporte pode variar de acordo com o modal fornecido pelo empregador.
A101: MEMÓRIA DE CÁLCULO DO VALE TRANSPORTE
A102: Valor Unitário | C102: Dias de Trabalho | D102: Vale p/dia | E102: Custo total | F102: Base de cálculo | G102: Percentual de desconto | H102: Valor desconto | I102: Custo efetivo
A103: =IF(I12="Não aplicável",0,I12) -> 5.3 | C103: =IF(I13="Não aplicável",0,I13) -> 22 | D103: 2 | E103: =A103*C103*D103 -> 233.2 | F103: =I34 -> 9922.89 | G103: =IF(I14="Não aplicável",0,I14) -> 0.06 | H103: =F103*G103 -> 595.3734 | I103: =IF((E103-H103)>0,E103-H103,0) -> 0
A105: MEMÓRIA DE CÁLCULO DO VALE LANCHE
A106: Valor Unitário | C106: Dias por mês | D106: Vale p/dia | E106: Custo total | F106: Base de cálculo | G106: Percentual de desconto | H106: Valor desconto | I106: Custo efetivo
A107: =IF(I18="Não aplicável",0,I18) -> 0 | C107: =IF(I19="Não aplicável",0,I19) -> 0 | D107: 1 | E107: =A107*C107*D107 -> 0 | F107: =E107 -> 0 | G107: =IF(I20="Não aplicável",0,I20) -> 0 | H107: =F107*G107 -> 0 | I107: =E107-H107 -> 0
A109: MEMÓRIA DE CÁLCULO DO | F109: =A15 -> Auxílio Alimentação
A110: Valor Unitário | C110: Dias por mês | D110: Vale p/dia | E110: Custo total | F110: Base de cálculo | G110: Percentual de desconto | H110: =H102 -> Valor desconto | I110: Custo efetivo
A111: =IF(I15="Não aplicável",0,I15) -> 0 | C111: =IF(I16="Não aplicável",0,I16) -> 0 | D111: 1 | E111: =A111*C111*D111 -> 0 | F111: =E111 -> 0 | G111: =IF(I17="Não aplicável",0,I17) -> 0 | H111: =F111*G111 -> 0 | I111: =E111-H111 -> 0
A113: TOTAL DO MONTANTE A (I + II + III+ IV + V +VI) | H113: =H42+H87+H99 -> 1.787922 | I113: =I42+I87+I99 -> 17741.354
A115: MONTANTE B
A116: I | B116: Despesas Diretas | H116: % | I116: Valor Mensal/unidade de serviço (R$)
A117: 1 | B117: Transporte (6) | H117: =I117/$I$129 -> 0 | I117: 0
A118: 2 | B118: Uniformes/EPI (6a) | H118: =I118/$I$129 -> 0.1 | I118: =IF(F127=10%,G127,0) -> 1774.1354
A119: 3 | B119: Seguro de vida | H119: =I119/$I$129 -> 0 | I119: 0
...

Sheet LOTE 2 - PSICÓLOGO POA 1 e 2
A1: PLANILHA DE CUSTOS E FORMAÇÃO DE PREÇOS DE SERVIÇOS CONTINUADOS COM DEDICAÇÃO EXCLUSIVA DE MÃO DE OBRA (ANEXO III - DECRETO 52.768 de 15.12.2015)
A2: PROCESSO: | C2: 26/1200-9000536-0 | E2: REGIME DE TRIBUTAÇÃO: LUCRO REAL
A3: LICITAÇÃO/EDITAL | E3: ABERTURA:
A5: Cargo/Função: | D5: PSICÓLOGO POA | G5: =IF(D6="12x36","Regime de trabalho:","Quantidade de HORAS/MÊS") -> Quantidade de HORAS/MÊS | I5: =IF(D6="12x36",D6,5*D6) -> 200
A6: =IF(D6="12x36","Regime de trabalho:","Regime de trabalho (horas semanais):") -> Regime de trabalho (horas semanais): | D6: 40
A7: Convenção Coletiva de Trabalho: | D7: Base de cálculo conforme item VI do ETP | G7: INSALUBRIDADE (10%, 20%, 40%) | I7: Não aplicável
A8: Origem do salário: | D8: Conforme indicado pelo órgão no item VI do ETP - Programa de Militares Estaduais Temporários de Saúde (MTS) - Lei Estadual nº 15.583/2020 e nº 16.165/2024
A9: Cidade: | D9: PORTO ALEGRE | G9: PERICULOSIDADE (30%) | I9: Não aplicável
A10: Salário Normativo | G10: Vlr. do salário e nº de horas correspondentes | H10: 200 | I10: 9922.89
A11: ISS | G11: =D9 -> PORTO ALEGRE | H11: Alíquota | I11: 0.05
A12: Tarifa Transporte | G12: CCT | H12: Vr. Unitário | I12: 5.3
H13: Dias | I13: 22
H14: Desconto | I14: 0.06
A15: Auxílio Alimentação | G15: CCT | H15: Vr. Unitário | I15: 0
H16: Dias | I16: 0
H17: Desconto | I17: 0
A18: Auxílio Lanche | G18: CCT | H18: Vr. Unitário | I18: 0
H19: Dias | I19: 0
H20: Desconto | I20: 0
A21: Prêmio Assiduidade / Cesta Básica (quando houver) | G21: CCT | H21: Valor mensal | I21: 0
A22: Plano de Benefício Social Familiar (apenas para a CCT SEEAC/SINDASSEIO) | G22: CCT | H22: Valor mensal | I22: 0
A23: Outros benefícios que refletem na planilha de custos, caso constem na CCT. | G23: CCT | H23: Valor mensal | I23: 0
A24: Adicional de Supervisor (37%) | H24: Porcentagem | I24: Não aplicável
A25: Base de cálculo da insalubridade | H25: Valor | I25: Não aplicável
A26: Quantitativo de horas trabalhadas em feriados no mês (estimado) - Não aplicável para postos 12x36 | H26: Horas por mês | I26: Não aplicável
H27: Acréscimo da hora extra | I27: Não aplicável
A28: Hora Intervalar (somente para postos 12x36, quando for o caso) | H28: Horas por mês | I28: Não aplicável
A29: Sem fornecimento de materiais ou apenas fornecimento de EPIs ou uniformes, utilizar 10%. Com fornecimento de materiais ou equipamentos, utilizar 20%. (Decreto 52.768/2015, alterado pelo Decreto 53.424/2017) | H29: Porcentagem | I29: 0.1
A30: Sobreaviso | H30: Valor da hora do sobreaviso (1/3 da hora normal) | I30: =I10/H10/3 -> 16.53815
H31: Horas sobreaviso/mês (2 dias de 12h e 1 dia de 24h de sobreaviso por semana) | I31: =(12+12+24)*4.33 -> 207.84
A34: MONTANTE A
A35: I | B35: Remuneração - Grupo I | H35: % | I35: Valor Mensal/unidade de serviço (R$)
A36: 1 | B36: Salário | H36: =I36/$I$44 -> 0.74272133 | I36: =IF(D6="12x36",I10,I10/H10*I5) -> 9922.89
A37: =A36+1 -> 2 | B37: Adicional Periculosidade 30% (Ver súmulas 364, 132 e 191 do TST) | H37: =I37/$I$44 -> 0 | I37: =IF(I9=30%,I36*I9,0) -> 0
A38: =A37+1 -> 3 | B38: Adicional Insalubridade 10% (Ver súmula 228 e 139 TST) (1) | H38: =I38/$I$44 -> 0 | I38: =IF(I7=10%,I25*I7,0) -> 0
A39: =A38+1 -> 4 | B39: Adicional Insalubridade 20% (Ver súmula 228 e 139 TST) (1) | H39: =I39/$I$44 -> 0 | I39: =IF(I7=20%,I25*I7,0) -> 0
A40: =A39+1 -> 5 | B40: Adicional Insalubridade 40% (Ver súmula 228 e 139 TST) (1) | H40: =I40/$I$44 -> 0 | I40: =IF(I7=40%,I25*I7,0) -> 0
A41: =A40+1 -> 6 | B41: Adicional de Supervisor (IN 05/2017 MPOG SLTI) | H41: =I41/$I$44 -> 0 | I41: =IF(I24="Não aplicável",0,I36*I24) -> 0
A42: =A41+1 -> 7 | B42: Feriados | H42: =I42/$I$44 -> 0 | I42: =IF(I26="Não aplicável",0,(I36+I37+I38+I39+I40+I41)/I5*I26*(1+I27)) -> 0
A43: =A42+1 -> 8 | B43: Sobreaviso - disponibilidade (1/3 da hora normal) | H43: =I43/$I$44 -> 0.25727867 | I43: =I31*I30 -> 3437.2891
A44: Total de Remuneração | H44: =SUM(H36:H43) -> 1 | I44: =SUM(I36:I43) -> 13360.179
A45: (1) | B45: Para posto de trabalho que tenha a necessidade de pagamento de adicional de insalubridade, a planilha de custos irá prever o salário proporcional como base de cálculo da insalubridade, conforme Pareceres da PGE nº 21.858/26 e 18.200/2020 e Promoção da PGE disposta no processo administrativo nº 20/2000-0034874-2. Porém, será permitida à licitante a alteração da base de cálculo na planilha de custos para que seja previsto o salário normativo do cargo ou o salário mínimo nacional (o que se aplicar mais benéfico). Uma vez caracterizada a condição insalubre, deve a empresa contratada pagar ao empregado o respectivo adicional na sua integralidade, independentemente da jornada de trabalho do empregado.
A55: II | B55: Encargos Sociais - Grupo II: Obrigações Sociais | H55: % | I55: Valor Mensal/unidade de serviço (R$)
A56: 1 | B56: INSS (art. 22, inc. I, Lei nº 8.212/91) | H56: 0.2 | I56: =$I$44*H56 -> 2672.0358
A57: 2 | B57: SESI ou SESC (art. 30, Lei nº 8.036/90) | H57: 0.015 | I57: =$I$44*H57 -> 200.40269
A58: 3 | B58: SENAI ou SENAC (Decreto-Lei nº 2.318/86) | H58: 0.01 | I58: =$I$44*H58 -> 133.60179
A59: 4 | B59: INCRA (art. 15I, Lei Complementar nº 011/71) | H59: 0.002 | I59: =$I$44*H59 -> 26.720358
A60: 5 | B60: SALÁRIO EDUCAÇÃO (art. , inc. I, Decreto nº 87.043/82) | H60: 0.025 | I60: =$I$44*H60 -> 334.00448
A61: 6 | B61: FGTS (art. 15, Lei nº 8.036/90) | H61: 0.08 | I61: =$I$44*H61 -> 1068.8143
A62: 7 | B62: SEG. ACIDENTE DO TRABALHO 1%, 2% e 3% (art. 22, inc. II, alíneas "b" e "c", da Lei nº 8.212/91) (2) | H62: 0.03 | I62: =$I$44*H62 -> 400.80537
A63: 8 | B63: SEBRAE (§ 3º, art. 8º, Lei nº 8.029/90) | H63: 0.006 | I63: =$I$44*H63 -> 80.161075
A64: Total do Grupo II | H64: =SUM(H56:H63) -> 0.368 | I64: =SUM(I56:I63) -> 4916.5459
A65: (2) | B65: Os percentuais para o SAT podem variar de 0,50% a 6,00% em função do Fator de Acidente Previdenciário (FAP), Decreto nº 6.957/2009
B66: Deverá obrigatoriamente acompanhar a proposta de preços e a planilha de custos e formação de preços a prova do Fator Acidentário de Prevenção – FAP por meio de impressão de consulta ao site do Ministério da Previdência Social (que pode ser obtido no endereço eletrônico http://www2.dataprev.gov.br/fap/fap.htm), independentemente de alteração da alíquota da parcela do Seguro Acidente de Trabalho disposta no Quadro II da referida planilha.
A67: III | B67: Encargos Sociais - Grupo III: Tempo Não Trabalhado | H67: % | I67: Valor Mensal/unidade de serviço (R$)
A68: 1 | B68: FÉRIAS GOZADAS + ADICIONAL DE FÉRIAS | H68: 0.119314 | I68: =$I$44*H68 -> 1594.0564
A69: 2 | B69: FALTAS ABONADAS (3) | H69: 0.020479 | I69: =$I$44*H69 -> 273.60311
A70: 3 | B70: FALTAS LEGAIS (4) | H70: 0.012123 | I70: =$I$44*H70 -> 161.96545
A71: 4 | B71: LICENÇA MATERNIDADE | H71: 0.011436 | I71: =$I$44*H71 -> 152.78701
A72: 5 | B72: LICENÇA PATERNIDADE | H72: 0.000174 | I72: =$I$44*H72 -> 2.3246712
A73: 6 | B73: ACIDENTE DE TRABALHO | H73: 0.000442 | I73: =$I$44*H73 -> 5.9051992
A74: 7 | B74: AVISO PRÉVIO TRABALHADO | H74: 0.000185 | I74: =$I$44*H74 -> 2.4716331
A75: 8 | B75: 13º SALÁRIO | H75: 0.09079 | I75: =$I$44*H75 -> 1212.9707
A76: Total do Grupo III | H76: =SUM(H68:H75) -> 0.254943 | I76: =SUM(I68:I75) -> 3406.0841
A77: (3) | B77: Faltas Justificadas por Auxílio Doença
A78: (4) | B78: Faltas Legais - Art. 473 CLT
A79: IV | B79: Encargos Sociais - Grupo IV: Indenizações | H79: % | I79: Valor Mensal/unidade de serviço (R$)
A80: 1 | B80: INDENIZAÇÕES | H80: 0.048321 | I80: =$I$44*H80 -> 645.57721
A81: 2 | B81: FGTS SOBRE INDENIZAÇÕES | H81: 0.003511 | I81: =$I$44*H81 -> 46.907589
A82: 3 | B82: INDENIZAÇÃO COMPENSATÓRIA POR DEMISSÃO SEM JUSTA CAUSA | H82: 0.019328 | I82: =$I$44*H82 -> 258.22554
A83: Total do Grupo IV | H83: =SUM(H80:H82) -> 0.07116 | I83: =SUM(I80:I82) -> 950.71034
A85: V | B85: Encargos Sociais - Grupo V: Incidências | H85: % | I85: Valor Mensal/unidade de serviço (R$)
A86: 1 | B86: INCIDÊNCIA GRUPO II (Obrigações Sociais) X GRUPO III (Tempo Não Trabalhado) | H86: =(H64*H76) -> 0.093819024 | I86: =$I$44*H86 -> 1253.439
A87: Total do Grupo V | H87: =SUM(H86:H86) -> 0.093819024 | I87: =I86 -> 1253.439
A89: TOTAL DOS ENCARGOS SOCIAIS (II + III + IV + V) | H89: =H64+H76+H83+H87 -> 0.78792202 | I89: =I64+I76+I83+I87 -> 10526.779
A91: VI | B91: Demais custos relativos à Norma Coletiva ou Disposições Legais - Grupo VI | H91: % | I91: Valor Mensal/unidade de serviço (R$)
A92: 1 | B92: Auxílio Alimentação | H92: =I92/$I$44 -> 0 | I92: =I113 -> 0
A93: =A92+1 -> 2 | B93: Auxílio Lanche | H93: =I93/$I$44 -> 0 | I93: =I109 -> 0
A94: =A93+1 -> 3 | B94: Plano de Saúde | H94: =I94/$I$44 -> 0 | I94: 0
A95: =A94+1 -> 4 | B95: Vale-Transporte⁽⁵⁾ | H95: =I95/$I$44 -> 0 | I95: =I105 -> 0
A96: =A95+1 -> 5 | B96: Adicional Intervalar | H96: =I96/$I$44 -> 0 | I96: =IF(I28="Não aplicável",0,((I10/H10)*1.5*I28)) -> 0
A97: 6 | B97: Prêmio Assiduidade (quando houver) | H97: =I97/$I$44 -> 0 | I97: =IF(I21="Não aplicável",0,I21) -> 0
A98: 7 | B98: Plano de Benefício Social Familiar (apenas para a CCT SEEAC/SINDASSEIO) | H98: =I98/$I$44 -> 0 | I98: =IF(I22="Não aplicável",0,I22) -> 0
A99: 8 | B99: Auxílio Creche | H99: =I99/$I$44 -> 0 | I99: 0
A100: 9 | B100: Outros | H100: =I100/$I$44 -> 0 | I100: =IF(I23="Não aplicável",0,I23) -> 0
A101: Total do Grupo VI | H101: =SUM(H92:H100) -> 0 | I101: =SUM(I92:I100) -> 0
A102: (5) | B102: O valor do vale-transporte pode variar de acordo com o modal fornecido pelo empregador.
A103: MEMÓRIA DE CÁLCULO DO VALE TRANSPORTE
A104: Valor Unitário | C104: Dias de Trabalho | D104: Vale p/dia | E104: Custo total | F104: Base de cálculo | G104: Percentual de desconto | H104: Valor desconto | I104: Custo efetivo
A105: =IF(I12="Não aplicável",0,I12) -> 5.3 | C105: =IF(I13="Não aplicável",0,I13) -> 22 | D105: 2 | E105: =A105*C105*D105 -> 233.2 | F105: =I36 -> 9922.89 | G105: =IF(I14="Não aplicável",0,I14) -> 0.06 | H105: =F105*G105 -> 595.3734 | I105: =IF((E105-H105)>0,E105-H105,0) -> 0
A107: MEMÓRIA DE CÁLCULO DO VALE LANCHE
A108: Valor Unitário | C108: Dias por mês | D108: Vale p/dia | E108: Custo total | F108: Base de cálculo | G108: Percentual de desconto | H108: Valor desconto | I108: Custo efetivo
A109: =IF(I18="Não aplicável",0,I18) -> 0 | C109: =IF(I19="Não aplicável",0,I19) -> 0 | D109: 1 | E109: =A109*C109*D109 -> 0 | F109: =E109 -> 0 | G109: =IF(I20="Não aplicável",0,I20) -> 0 | H109: =F109*G109 -> 0 | I109: =E109-H109 -> 0
A111: MEMÓRIA DE CÁLCULO DO | F111: =A15 -> Auxílio Alimentação
A112: Valor Unitário | C112: Dias por mês | D112: Vale p/dia | E112: Custo total | F112: Base de cálculo | G112: Percentual de desconto | H112: =H104 -> Valor desconto | I112: Custo efetivo
A113: =IF(I15="Não aplicável",0,I15) -> 0 | C113: =IF(I16="Não aplicável",0,I16) -> 0 | D113: 1 | E113: =A113*C113*D113 -> 0 | F113: =E113 -> 0 | G113: =IF(I17="Não aplicável",0,I17) -> 0 | H113: =F113*G113 -> 0 | I113: =E113-H113 -> 0
A115: TOTAL DO MONTANTE A (I + II + III+ IV + V +VI) | H115: =H44+H89+H101 -> 1.787922 | I115: =I44+I89+I101 -> 23886.958
A117: MONTANTE B
A118: I | B118: Despesas Diretas | H118: % | I118: Valor Mensal/unidade de serviço (R$)
A119: 1 | B119: Transporte (6) | H119: =I119/$I$131 -> 0 | I119: 0
...

Sheet LOTE 2 - PSICÓLOGO POA 3
A1: PLANILHA DE CUSTOS E FORMAÇÃO DE PREÇOS DE SERVIÇOS CONTINUADOS COM DEDICAÇÃO EXCLUSIVA DE MÃO DE OBRA (ANEXO III - DECRETO 52.768 de 15.12.2015)
A2: PROCESSO: | C2: 26/1200-9000536-0 | E2: REGIME DE TRIBUTAÇÃO: LUCRO REAL
A3: LICITAÇÃO/EDITAL | E3: ABERTURA:
A5: Cargo/Função: | D5: PSICÓLOGO POA | G5: =IF(D6="12x36","Regime de trabalho:","Quantidade de HORAS/MÊS") -> Quantidade de HORAS/MÊS | I5: =IF(D6="12x36",D6,5*D6) -> 200
A6: =IF(D6="12x36","Regime de trabalho:","Regime de trabalho (horas semanais):") -> Regime de trabalho (horas semanais): | D6: 40
A7: Convenção Coletiva de Trabalho: | D7: Base de cálculo conforme item VI do ETP | G7: INSALUBRIDADE (10%, 20%, 40%) | I7: Não aplicável
A8: Origem do salário: | D8: Conforme indicado pelo órgão no item VI do ETP - Programa de Militares Estaduais Temporários de Saúde (MTS) - Lei Estadual nº 15.583/2020 e nº 16.165/2024
A9: Cidade: | D9: PORTO ALEGRE | G9: PERICULOSIDADE (30%) | I9: Não aplicável
A10: Salário Normativo | G10: Vlr. do salário e nº de horas correspondentes | H10: 200 | I10: 9922.89
A11: ISS | G11: =D9 -> PORTO ALEGRE | H11: Alíquota | I11: 0.05
A12: Tarifa Transporte | G12: CCT | H12: Vr. Unitário | I12: 5.3
H13: Dias | I13: 22
H14: Desconto | I14: 0.06
A15: Auxílio Alimentação | G15: CCT | H15: Vr. Unitário | I15: 0
H16: Dias | I16: 0
H17: Desconto | I17: 0
A18: Auxílio Lanche | G18: CCT | H18: Vr. Unitário | I18: 0
H19: Dias | I19: 0
H20: Desconto | I20: 0
A21: Prêmio Assiduidade / Cesta Básica (quando houver) | G21: CCT | H21: Valor mensal | I21: 0
A22: Plano de Benefício Social Familiar (apenas para a CCT SEEAC/SINDASSEIO) | G22: CCT | H22: Valor mensal | I22: 0
A23: Outros benefícios que refletem na planilha de custos, caso constem na CCT. | G23: CCT | H23: Valor mensal | I23: 0
A24: Adicional de Supervisor (37%) | H24: Porcentagem | I24: Não aplicável
A25: Base de cálculo da insalubridade | H25: Valor | I25: Não aplicável
A26: Quantitativo de horas trabalhadas em feriados no mês (estimado) - Não aplicável para postos 12x36 | H26: Horas por mês | I26: Não aplicável
H27: Acréscimo da hora extra | I27: Não aplicável
A28: Hora Intervalar (somente para postos 12x36, quando for o caso) | H28: Horas por mês | I28: Não aplicável
A29: Sem fornecimento de materiais ou apenas fornecimento de EPIs ou uniformes, utilizar 10%. Com fornecimento de materiais ou equipamentos, utilizar 20%. (Decreto 52.768/2015, alterado pelo Decreto 53.424/2017) | H29: Porcentagem | I29: 0.1
A30: Sobreaviso | H30: Valor da hora do sobreaviso (1/3 da hora normal) | I30: =I10/H10/3 -> 16.53815
H31: Horas sobreaviso/mês (1 dia de 12h de sobreaviso por semana) | I31: =(12)*4.33 -> 51.96
A34: MONTANTE A
A35: I | B35: Remuneração - Grupo I | H35: % | I35: Valor Mensal/unidade de serviço (R$)
A36: 1 | B36: Salário | H36: =I36/$I$44 -> 0.92030186 | I36: =IF(D6="12x36",I10,I10/H10*I5) -> 9922.89
A37: =A36+1 -> 2 | B37: Adicional Periculosidade 30% (Ver súmulas 364, 132 e 191 do TST) | H37: =I37/$I$44 -> 0 | I37: =IF(I9=30%,I36*I9,0) -> 0
A38: =A37+1 -> 3 | B38: Adicional Insalubridade 10% (Ver súmula 228 e 139 TST) (1) | H38: =I38/$I$44 -> 0 | I38: =IF(I7=10%,I25*I7,0) -> 0
A39: =A38+1 -> 4 | B39: Adicional Insalubridade 20% (Ver súmula 228 e 139 TST) (1) | H39: =I39/$I$44 -> 0 | I39: =IF(I7=20%,I25*I7,0) -> 0
A40: =A39+1 -> 5 | B40: Adicional Insalubridade 40% (Ver súmula 228 e 139 TST) (1) | H40: =I40/$I$44 -> 0 | I40: =IF(I7=40%,I25*I7,0) -> 0
A41: =A40+1 -> 6 | B41: Adicional de Supervisor (IN 05/2017 MPOG SLTI) | H41: =I41/$I$44 -> 0 | I41: =IF(I24="Não aplicável",0,I36*I24) -> 0
A42: =A41+1 -> 7 | B42: Feriados | H42: =I42/$I$44 -> 0 | I42: =IF(I26="Não aplicável",0,(I36+I37+I38+I39+I40+I41)/I5*I26*(1+I27)) -> 0
A43: =A42+1 -> 8 | B43: Sobreaviso - disponibilidade (1/3 da hora normal) | H43: =I43/$I$44 -> 0.079698141 | I43: =I31*I30 -> 859.32227
A44: Total de Remuneração | H44: =SUM(H36:H43) -> 1 | I44: =SUM(I36:I43) -> 10782.212
A45: (1) | B45: Para posto de trabalho que tenha a necessidade de pagamento de adicional de insalubridade, a planilha de custos irá prever o salário proporcional como base de cálculo da insalubridade, conforme Pareceres da PGE nº 21.858/26 e 18.200/2020 e Promoção da PGE disposta no processo administrativo nº 20/2000-0034874-2. Porém, será permitida à licitante a alteração da base de cálculo na planilha de custos para que seja previsto o salário normativo do cargo ou o salário mínimo nacional (o que se aplicar mais benéfico). Uma vez caracterizada a condição insalubre, deve a empresa contratada pagar ao empregado o respectivo adicional na sua integralidade, independentemente da jornada de trabalho do empregado.
A55: II | B55: Encargos Sociais - Grupo II: Obrigações Sociais | H55: % | I55: Valor Mensal/unidade de serviço (R$)
A56: 1 | B56: INSS (art. 22, inc. I, Lei nº 8.212/91) | H56: 0.2 | I56: =$I$44*H56 -> 2156.4425
A57: 2 | B57: SESI ou SESC (art. 30, Lei nº 8.036/90) | H57: 0.015 | I57: =$I$44*H57 -> 161.73318
A58: 3 | B58: SENAI ou SENAC (Decreto-Lei nº 2.318/86) | H58: 0.01 | I58: =$I$44*H58 -> 107.82212
A59: 4 | B59: INCRA (art. 15I, Lei Complementar nº 011/71) | H59: 0.002 | I59: =$I$44*H59 -> 21.564425
A60: 5 | B60: SALÁRIO EDUCAÇÃO (art. , inc. I, Decreto nº 87.043/82) | H60: 0.025 | I60: =$I$44*H60 -> 269.55531
A61: 6 | B61: FGTS (art. 15, Lei nº 8.036/90) | H61: 0.08 | I61: =$I$44*H61 -> 862.57698
A62: 7 | B62: SEG. ACIDENTE DO TRABALHO 1%, 2% e 3% (art. 22, inc. II, alíneas "b" e "c", da Lei nº 8.212/91) (2) | H62: 0.03 | I62: =$I$44*H62 -> 323.46637
A63: 8 | B63: SEBRAE (§ 3º, art. 8º, Lei nº 8.029/90) | H63: 0.006 | I63: =$I$44*H63 -> 64.693274
A64: Total do Grupo II | H64: =SUM(H56:H63) -> 0.368 | I64: =SUM(I56:I63) -> 3967.8541
A65: (2) | B65: Os percentuais para o SAT podem variar de 0,50% a 6,00% em função do Fator de Acidente Previdenciário (FAP), Decreto nº 6.957/2009
B66: Deverá obrigatoriamente acompanhar a proposta de preços e a planilha de custos e formação de preços a prova do Fator Acidentário de Prevenção – FAP por meio de impressão de consulta ao site do Ministério da Previdência Social (que pode ser obtido no endereço eletrônico http://www2.dataprev.gov.br/fap/fap.htm), independentemente de alteração da alíquota da parcela do Seguro Acidente de Trabalho disposta no Quadro II da referida planilha.
A67: III | B67: Encargos Sociais - Grupo III: Tempo Não Trabalhado | H67: % | I67: Valor Mensal/unidade de serviço (R$)
A68: 1 | B68: FÉRIAS GOZADAS + ADICIONAL DE FÉRIAS | H68: 0.119314 | I68: =$I$44*H68 -> 1286.4689
A69: 2 | B69: FALTAS ABONADAS (3) | H69: 0.020479 | I69: =$I$44*H69 -> 220.80893
A70: 3 | B70: FALTAS LEGAIS (4) | H70: 0.012123 | I70: =$I$44*H70 -> 130.71276
A71: 4 | B71: LICENÇA MATERNIDADE | H71: 0.011436 | I71: =$I$44*H71 -> 123.30538
A72: 5 | B72: LICENÇA PATERNIDADE | H72: 0.000174 | I72: =$I$44*H72 -> 1.8761049
A73: 6 | B73: ACIDENTE DE TRABALHO | H73: 0.000442 | I73: =$I$44*H73 -> 4.7657378
A74: 7 | B74: AVISO PRÉVIO TRABALHADO | H74: 0.000185 | I74: =$I$44*H74 -> 1.9947093
A75: 8 | B75: 13º SALÁRIO | H75: 0.09079 | I75: =$I$44*H75 -> 978.91705
A76: Total do Grupo III | H76: =SUM(H68:H75) -> 0.254943 | I76: =SUM(I68:I75) -> 2748.8495
A77: (3) | B77: Faltas Justificadas por Auxílio Doença
A78: (4) | B78: Faltas Legais - Art. 473 CLT
A79: IV | B79: Encargos Sociais - Grupo IV: Indenizações | H79: % | I79: Valor Mensal/unidade de serviço (R$)
A80: 1 | B80: INDENIZAÇÕES | H80: 0.048321 | I80: =$I$44*H80 -> 521.00728
A81: 2 | B81: FGTS SOBRE INDENIZAÇÕES | H81: 0.003511 | I81: =$I$44*H81 -> 37.856347
A82: 3 | B82: INDENIZAÇÃO COMPENSATÓRIA POR DEMISSÃO SEM JUSTA CAUSA | H82: 0.019328 | I82: =$I$44*H82 -> 208.3986
A83: Total do Grupo IV | H83: =SUM(H80:H82) -> 0.07116 | I83: =SUM(I80:I82) -> 767.26223
A85: V | B85: Encargos Sociais - Grupo V: Incidências | H85: % | I85: Valor Mensal/unidade de serviço (R$)
A86: 1 | B86: INCIDÊNCIA GRUPO II (Obrigações Sociais) X GRUPO III (Tempo Não Trabalhado) | H86: =(H64*H76) -> 0.093819024 | I86: =$I$44*H86 -> 1011.5766
A87: Total do Grupo V | H87: =SUM(H86:H86) -> 0.093819024 | I87: =I86 -> 1011.5766
A89: TOTAL DOS ENCARGOS SOCIAIS (II + III + IV + V) | H89: =H64+H76+H83+H87 -> 0.78792202 | I89: =I64+I76+I83+I87 -> 8495.5425
A91: VI | B91: Demais custos relativos à Norma Coletiva ou Disposições Legais - Grupo VI | H91: % | I91: Valor Mensal/unidade de serviço (R$)
A92: 1 | B92: Auxílio Alimentação | H92: =I92/$I$44 -> 0 | I92: =I113 -> 0
A93: =A92+1 -> 2 | B93: Auxílio Lanche | H93: =I93/$I$44 -> 0 | I93: =I109 -> 0
A94: =A93+1 -> 3 | B94: Plano de Saúde | H94: =I94/$I$44 -> 0 | I94: 0
A95: =A94+1 -> 4 | B95: Vale-Transporte⁽⁵⁾ | H95: =I95/$I$44 -> 0 | I95: =I105 -> 0
A96: =A95+1 -> 5 | B96: Adicional Intervalar | H96: =I96/$I$44 -> 0 | I96: =IF(I28="Não aplicável",0,((I10/H10)*1.5*I28)) -> 0
A97: 6 | B97: Prêmio Assiduidade (quando houver) | H97: =I97/$I$44 -> 0 | I97: =IF(I21="Não aplicável",0,I21) -> 0
A98: 7 | B98: Plano de Benefício Social Familiar (apenas para a CCT SEEAC/SINDASSEIO) | H98: =I98/$I$44 -> 0 | I98: =IF(I22="Não aplicável",0,I22) -> 0
A99: 8 | B99: Auxílio Creche | H99: =I99/$I$44 -> 0 | I99: 0
A100: 9 | B100: Outros | H100: =I100/$I$44 -> 0 | I100: =IF(I23="Não aplicável",0,I23) -> 0
A101: Total do Grupo VI | H101: =SUM(H92:H100) -> 0 | I101: =SUM(I92:I100) -> 0
A102: (5) | B102: O valor do vale-transporte pode variar de acordo com o modal fornecido pelo empregador.
A103: MEMÓRIA DE CÁLCULO DO VALE TRANSPORTE
A104: Valor Unitário | C104: Dias de Trabalho | D104: Vale p/dia | E104: Custo total | F104: Base de cálculo | G104: Percentual de desconto | H104: Valor desconto | I104: Custo efetivo
A105: =IF(I12="Não aplicável",0,I12) -> 5.3 | C105: =IF(I13="Não aplicável",0,I13) -> 22 | D105: 2 | E105: =A105*C105*D105 -> 233.2 | F105: =I36 -> 9922.89 | G105: =IF(I14="Não aplicável",0,I14) -> 0.06 | H105: =F105*G105 -> 595.3734 | I105: =IF((E105-H105)>0,E105-H105,0) -> 0
A107: MEMÓRIA DE CÁLCULO DO VALE LANCHE
A108: Valor Unitário | C108: Dias por mês | D108: Vale p/dia | E108: Custo total | F108: Base de cálculo | G108: Percentual de desconto | H108: Valor desconto | I108: Custo efetivo
A109: =IF(I18="Não aplicável",0,I18) -> 0 | C109: =IF(I19="Não aplicável",0,I19) -> 0 | D109: 1 | E109: =A109*C109*D109 -> 0 | F109: =E109 -> 0 | G109: =IF(I20="Não aplicável",0,I20) -> 0 | H109: =F109*G109 -> 0 | I109: =E109-H109 -> 0
A111: MEMÓRIA DE CÁLCULO DO | F111: =A15 -> Auxílio Alimentação
A112: Valor Unitário | C112: Dias por mês | D112: Vale p/dia | E112: Custo total | F112: Base de cálculo | G112: Percentual de desconto | H112: =H104 -> Valor desconto | I112: Custo efetivo
A113: =IF(I15="Não aplicável",0,I15) -> 0 | C113: =IF(I16="Não aplicável",0,I16) -> 0 | D113: 1 | E113: =A113*C113*D113 -> 0 | F113: =E113 -> 0 | G113: =IF(I17="Não aplicável",0,I17) -> 0 | H113: =F113*G113 -> 0 | I113: =E113-H113 -> 0
A115: TOTAL DO MONTANTE A (I + II + III+ IV + V +VI) | H115: =H44+H89+H101 -> 1.787922 | I115: =I44+I89+I101 -> 19277.755
A117: MONTANTE B
A118: I | B118: Despesas Diretas | H118: % | I118: Valor Mensal/unidade de serviço (R$)
A119: 1 | B119: Transporte (6) | H119: =I119/$I$131 -> 0 | I119: 0
...

Sheet LOTE 2 - PSICÓLOGO OSÓRIO
A1: PLANILHA DE CUSTOS E FORMAÇÃO DE PREÇOS DE SERVIÇOS CONTINUADOS COM DEDICAÇÃO EXCLUSIVA DE MÃO DE OBRA (ANEXO III - DECRETO 52.768 de 15.12.2015)
A2: PROCESSO: | C2: 26/1200-9000536-0 | E2: REGIME DE TRIBUTAÇÃO: LUCRO REAL
A3: LICITAÇÃO/EDITAL | E3: ABERTURA:
A5: Cargo/Função: | D5: PSICÓLOGO OSÓRIO | G5: =IF(D6="12x36","Regime de trabalho:","Quantidade de HORAS/MÊS") -> Quantidade de HORAS/MÊS | I5: =IF(D6="12x36",D6,5*D6) -> 200
A6: =IF(D6="12x36","Regime de trabalho:","Regime de trabalho (horas semanais):") -> Regime de trabalho (horas semanais): | D6: 40
A7: Convenção Coletiva de Trabalho: | D7: Base de cálculo conforme item VI do ETP | G7: INSALUBRIDADE (10%, 20%, 40%) | I7: Não aplicável
A8: Origem do salário: | D8: Conforme indicado pelo órgão no item VI do ETP - Programa de Militares Estaduais Temporários de Saúde (MTS) - Lei Estadual nº 15.583/2020 e nº 16.165/2024
A9: Cidade: | D9: OSÓRIO | G9: PERICULOSIDADE (30%) | I9: Não aplicável
A10: Salário Normativo | G10: Vlr. do salário e nº de horas correspondentes | H10: 200 | I10: 9922.89
A11: ISS | G11: =D9 -> OSÓRIO | H11: Alíquota | I11: 0.02
A12: Tarifa Transporte | G12: CCT | H12: Vr. Unitário | I12: 7.15
H13: Dias | I13: 22
H14: Desconto | I14: 0.06
A15: Auxílio Alimentação | G15: CCT | H15: Vr. Unitário | I15: 0
H16: Dias | I16: 0
H17: Desconto | I17: 0
A18: Auxílio Lanche | G18: CCT | H18: Vr. Unitário | I18: 0
H19: Dias | I19: 0
H20: Desconto | I20: 0
A21: Prêmio Assiduidade / Cesta Básica (quando houver) | G21: CCT | H21: Valor mensal | I21: 0
A22: Plano de Benefício Social Familiar (apenas para a CCT SEEAC/SINDASSEIO) | G22: CCT | H22: Valor mensal | I22: 0
A23: Outros benefícios que refletem na planilha de custos, caso constem na CCT. | G23: CCT | H23: Valor mensal | I23: 0
A24: Adicional de Supervisor (37%) | H24: Porcentagem | I24: Não aplicável
A25: Base de cálculo da insalubridade | H25: Valor | I25: Não aplicável
A26: Quantitativo de horas trabalhadas em feriados no mês (estimado) - Não aplicável para postos 12x36 | H26: Horas por mês | I26: Não aplicável
H27: Acréscimo da hora extra | I27: Não aplicável
A28: Hora Intervalar (somente para postos 12x36, quando for o caso) | H28: Horas por mês | I28: Não aplicável
A29: Sem fornecimento de materiais ou apenas fornecimento de EPIs ou uniformes, utilizar 10%. Com fornecimento de materiais ou equipamentos, utilizar 20%. (Decreto 52.768/2015, alterado pelo Decreto 53.424/2017) | H29: Porcentagem | I29: 0.1
I30: Não aplicável
A36: MONTANTE A
A37: I | B37: Remuneração - Grupo I | H37: % | I37: Valor Mensal/unidade de serviço (R$)
A38: 1 | B38: Salário | H38: =I38/$I$46 -> 1 | I38: =IF(D6="12x36",I10,I10/H10*I5) -> 9922.89
A39: =A38+1 -> 2 | B39: Adicional Periculosidade 30% (Ver súmulas 364, 132 e 191 do TST) | H39: =I39/$I$46 -> 0 | I39: =IF(I9=30%,I38*I9,0) -> 0
A40: =A39+1 -> 3 | B40: Adicional Insalubridade 10% (Ver súmula 228 e 139 TST) (1) | H40: =I40/$I$46 -> 0 | I40: =IF(I7=10%,I25*I7,0) -> 0
A41: =A40+1 -> 4 | B41: Adicional Insalubridade 20% (Ver súmula 228 e 139 TST) (1) | H41: =I41/$I$46 -> 0 | I41: =IF(I7=20%,I25*I7,0) -> 0
A42: =A41+1 -> 5 | B42: Adicional Insalubridade 40% (Ver súmula 228 e 139 TST) (1) | H42: =I42/$I$46 -> 0 | I42: =IF(I7=40%,I25*I7,0) -> 0
A43: =A42+1 -> 6 | B43: Adicional de Supervisor (IN 05/2017 MPOG SLTI) | H43: =I43/$I$46 -> 0 | I43: =IF(I24="Não aplicável",0,I38*I24) -> 0
A44: =A43+1 -> 7 | B44: Feriados | H44: =I44/$I$46 -> 0 | I44: =IF(I26="Não aplicável",0,(I38+I39+I40+I41+I42+I43)/I5*I26*(1+I27)) -> 0
A45: =A44+1 -> 8 | B45: DSR = número total das horas extras do mês / número de dias úteis X domingos e feriados do mês X valor da hora extra com acréscimo | H45: =I45/$I$46 -> 0 | I45: =IF(I26="Não aplicável",0,I26/I13*5*(I10/H10*(1+I27))) -> 0
A46: Total de Remuneração | H46: =SUM(H38:H45) -> 1 | I46: =SUM(I38:I45) -> 9922.89
A47: (1) | B47: Para posto de trabalho que tenha a necessidade de pagamento de adicional de insalubridade, a planilha de custos irá prever o salário proporcional como base de cálculo da insalubridade, conforme Pareceres da PGE nº 21.858/26 e 18.200/2020 e Promoção da PGE disposta no processo administrativo nº 20/2000-0034874-2. Porém, será permitida à licitante a alteração da base de cálculo na planilha de custos para que seja previsto o salário normativo do cargo ou o salário mínimo nacional (o que se aplicar mais benéfico). Uma vez caracterizada a condição insalubre, deve a empresa contratada pagar ao empregado o respectivo adicional na sua integralidade, independentemente da jornada de trabalho do empregado.
A57: II | B57: Encargos Sociais - Grupo II: Obrigações Sociais | H57: % | I57: Valor Mensal/unidade de serviço (R$)
A58: 1 | B58: INSS (art. 22, inc. I, Lei nº 8.212/91) | H58: 0.2 | I58: =$I$46*H58 -> 1984.578
A59: 2 | B59: SESI ou SESC (art. 30, Lei nº 8.036/90) | H59: 0.015 | I59: =$I$46*H59 -> 148.84335
A60: 3 | B60: SENAI ou SENAC (Decreto-Lei nº 2.318/86) | H60: 0.01 | I60: =$I$46*H60 -> 99.2289
A61: 4 | B61: INCRA (art. 15I, Lei Complementar nº 011/71) | H61: 0.002 | I61: =$I$46*H61 -> 19.84578
A62: 5 | B62: SALÁRIO EDUCAÇÃO (art. , inc. I, Decreto nº 87.043/82) | H62: 0.025 | I62: =$I$46*H62 -> 248.07225
A63: 6 | B63: FGTS (art. 15, Lei nº 8.036/90) | H63: 0.08 | I63: =$I$46*H63 -> 793.8312
A64: 7 | B64: SEG. ACIDENTE DO TRABALHO 1%, 2% e 3% (art. 22, inc. II, alíneas "b" e "c", da Lei nº 8.212/91) (2) | H64: 0.03 | I64: =$I$46*H64 -> 297.6867
A65: 8 | B65: SEBRAE (§ 3º, art. 8º, Lei nº 8.029/90) | H65: 0.006 | I65: =$I$46*H65 -> 59.53734
A66: Total do Grupo II | H66: =SUM(H58:H65) -> 0.368 | I66: =SUM(I58:I65) -> 3651.6235
A67: (2) | B67: Os percentuais para o SAT podem variar de 0,50% a 6,00% em função do Fator de Acidente Previdenciário (FAP), Decreto nº 6.957/2009
B68: Deverá obrigatoriamente acompanhar a proposta de preços e a planilha de custos e formação de preços a prova do Fator Acidentário de Prevenção – FAP por meio de impressão de consulta ao site do Ministério da Previdência Social (que pode ser obtido no endereço eletrônico http://www2.dataprev.gov.br/fap/fap.htm), independentemente de alteração da alíquota da parcela do Seguro Acidente de Trabalho disposta no Quadro II da referida planilha.
A69: III | B69: Encargos Sociais - Grupo III: Tempo Não Trabalhado | H69: % | I69: Valor Mensal/unidade de serviço (R$)
A70: 1 | B70: FÉRIAS GOZADAS + ADICIONAL DE FÉRIAS | H70: 0.119314 | I70: =$I$46*H70 -> 1183.9397
A71: 2 | B71: FALTAS ABONADAS (3) | H71: 0.020479 | I71: =$I$46*H71 -> 203.21086
A72: 3 | B72: FALTAS LEGAIS (4) | H72: 0.012123 | I72: =$I$46*H72 -> 120.2952
A73: 4 | B73: LICENÇA MATERNIDADE | H73: 0.011436 | I73: =$I$46*H73 -> 113.47817
A74: 5 | B74: LICENÇA PATERNIDADE | H74: 0.000174 | I74: =$I$46*H74 -> 1.7265829
A75: 6 | B75: ACIDENTE DE TRABALHO | H75: 0.000442 | I75: =$I$46*H75 -> 4.3859174
A76: 7 | B76: AVISO PRÉVIO TRABALHADO | H76: 0.000185 | I76: =$I$46*H76 -> 1.8357346
A77: 8 | B77: 13º SALÁRIO | H77: 0.09079 | I77: =$I$46*H77 -> 900.89918
A78: Total do Grupo III | H78: =SUM(H70:H77) -> 0.254943 | I78: =SUM(I70:I77) -> 2529.7713
A79: (3) | B79: Faltas Justificadas por Auxílio Doença
A80: (4) | B80: Faltas Legais - Art. 473 CLT
A81: IV | B81: Encargos Sociais - Grupo IV: Indenizações | H81: % | I81: Valor Mensal/unidade de serviço (R$)
A82: 1 | B82: INDENIZAÇÕES | H82: 0.048321 | I82: =$I$46*H82 -> 479.48397
A83: 2 | B83: FGTS SOBRE INDENIZAÇÕES | H83: 0.003511 | I83: =$I$46*H83 -> 34.839267
A84: 3 | B84: INDENIZAÇÃO COMPENSATÓRIA POR DEMISSÃO SEM JUSTA CAUSA | H84: 0.019328 | I84: =$I$46*H84 -> 191.78962
A85: Total do Grupo IV | H85: =SUM(H82:H84) -> 0.07116 | I85: =SUM(I82:I84) -> 706.11285
A87: V | B87: Encargos Sociais - Grupo V: Incidências | H87: % | I87: Valor Mensal/unidade de serviço (R$)
A88: 1 | B88: INCIDÊNCIA GRUPO II (Obrigações Sociais) X GRUPO III (Tempo Não Trabalhado) | H88: =(H66*H78) -> 0.093819024 | I88: =$I$46*H88 -> 930.95586
A89: Total do Grupo V | H89: =SUM(H88:H88) -> 0.093819024 | I89: =I88 -> 930.95586
A91: TOTAL DOS ENCARGOS SOCIAIS (II + III + IV + V) | H91: =H66+H78+H85+H89 -> 0.78792202 | I91: =I66+I78+I85+I89 -> 7818.4636
A93: VI | B93: Demais custos relativos à Norma Coletiva ou Disposições Legais - Grupo VI | H93: % | I93: Valor Mensal/unidade de serviço (R$)
A94: 1 | B94: Auxílio Alimentação | H94: =I94/$I$46 -> 0 | I94: =I115 -> 0
A95: =A94+1 -> 2 | B95: Auxílio Lanche | H95: =I95/$I$46 -> 0 | I95: =I111 -> 0
A96: =A95+1 -> 3 | B96: Plano de Saúde | H96: =I96/$I$46 -> 0 | I96: 0
A97: =A96+1 -> 4 | B97: Vale-Transporte⁽⁵⁾ | H97: =I97/$I$46 -> 0 | I97: =I107 -> 0
A98: =A97+1 -> 5 | B98: Adicional Intervalar | H98: =I98/$I$46 -> 0 | I98: =IF(I28="Não aplicável",0,((I10/H10)*1.5*I28)) -> 0
A99: 6 | B99: Prêmio Assiduidade (quando houver) | H99: =I99/$I$46 -> 0 | I99: =IF(I21="Não aplicável",0,I21) -> 0
A100: 7 | B100: Plano de Benefício Social Familiar (apenas para a CCT SEEAC/SINDASSEIO) | H100: =I100/$I$46 -> 0 | I100: =IF(I22="Não aplicável",0,I22) -> 0
A101: 8 | B101: Auxílio Creche | H101: =I101/$I$46 -> 0 | I101: 0
A102: 9 | B102: Outros | H102: =I102/$I$46 -> 0 | I102: =IF(I23="Não aplicável",0,I23) -> 0
A103: Total do Grupo VI | H103: =SUM(H94:H102) -> 0 | I103: =SUM(I94:I102) -> 0
A104: (5) | B104: O valor do vale-transporte pode variar de acordo com o modal fornecido pelo empregador.
A105: MEMÓRIA DE CÁLCULO DO VALE TRANSPORTE
A106: Valor Unitário | C106: Dias de Trabalho | D106: Vale p/dia | E106: Custo total | F106: Base de cálculo | G106: Percentual de desconto | H106: Valor desconto | I106: Custo efetivo
A107: =IF(I12="Não aplicável",0,I12) -> 7.15 | C107: =IF(I13="Não aplicável",0,I13) -> 22 | D107: 2 | E107: =A107*C107*D107 -> 314.6 | F107: =I38 -> 9922.89 | G107: =IF(I14="Não aplicável",0,I14) -> 0.06 | H107: =F107*G107 -> 595.3734 | I107: =IF((E107-H107)>0,E107-H107,0) -> 0
A109: MEMÓRIA DE CÁLCULO DO VALE LANCHE
A110: Valor Unitário | C110: Dias por mês | D110: Vale p/dia | E110: Custo total | F110: Base de cálculo | G110: Percentual de desconto | H110: Valor desconto | I110: Custo efetivo
A111: =IF(I18="Não aplicável",0,I18) -> 0 | C111: =IF(I19="Não aplicável",0,I19) -> 0 | D111: 1 | E111: =A111*C111*D111 -> 0 | F111: =E111 -> 0 | G111: =IF(I20="Não aplicável",0,I20) -> 0 | H111: =F111*G111 -> 0 | I111: =E111-H111 -> 0
A113: MEMÓRIA DE CÁLCULO DO | F113: =A15 -> Auxílio Alimentação
A114: Valor Unitário | C114: Dias por mês | D114: Vale p/dia | E114: Custo total | F114: Base de cálculo | G114: Percentual de desconto | H114: =H106 -> Valor desconto | I114: Custo efetivo
A115: =IF(I15="Não aplicável",0,I15) -> 0 | C115: =IF(I16="Não aplicável",0,I16) -> 0 | D115: 1 | E115: =A115*C115*D115 -> 0 | F115: =E115 -> 0 | G115: =IF(I17="Não aplicável",0,I17) -> 0 | H115: =F115*G115 -> 0 | I115: =E115-H115 -> 0
A117: TOTAL DO MONTANTE A (I + II + III+ IV + V +VI) | H117: =H46+H91+H103 -> 1.787922 | I117: =I46+I91+I103 -> 17741.354
A119: MONTANTE B
A120: I | B120: Despesas Diretas | H120: % | I120: Valor Mensal/unidade de serviço (R$)
A121: 1 | B121: Transporte (6) | H121: =I121/$I$133 -> 0 | I121: 0
A122: 2 | B122: Uniformes/EPI (6a) | H122: =I122/$I$133 -> 0 | I122: 0
...

Sheet LOTE 2 - PSICÓLOGO CAXIAS
A1: PLANILHA DE CUSTOS E FORMAÇÃO DE PREÇOS DE SERVIÇOS CONTINUADOS COM DEDICAÇÃO EXCLUSIVA DE MÃO DE OBRA (ANEXO III - DECRETO 52.768 de 15.12.2015)
A2: PROCESSO: | C2: 26/1200-9000536-0 | E2: REGIME DE TRIBUTAÇÃO: LUCRO REAL
A3: LICITAÇÃO/EDITAL | E3: ABERTURA:
A5: Cargo/Função: | D5: PSICÓLOGO CAXIAS | G5: =IF(D6="12x36","Regime de trabalho:","Quantidade de HORAS/MÊS") -> Quantidade de HORAS/MÊS | I5: =IF(D6="12x36",D6,5*D6) -> 200
A6: =IF(D6="12x36","Regime de trabalho:","Regime de trabalho (horas semanais):") -> Regime de trabalho (horas semanais): | D6: 40
A7: Convenção Coletiva de Trabalho: | D7: Base de cálculo conforme item VI do ETP | G7: INSALUBRIDADE (10%, 20%, 40%) | I7: Não aplicável
A8: Origem do salário: | D8: Conforme indicado pelo órgão no item VI do ETP - Programa de Militares Estaduais Temporários de Saúde (MTS) - Lei Estadual nº 15.583/2020 e nº 16.165/2024
A9: Cidade: | D9: CAXIAS DO SUL | G9: PERICULOSIDADE (30%) | I9: Não aplicável
A10: Salário Normativo | G10: Vlr. do salário e nº de horas correspondentes | H10: 200 | I10: 9922.89
A11: ISS | G11: =D9 -> CAXIAS DO SUL | H11: Alíquota | I11: 0.04
A12: Tarifa Transporte | G12: CCT | H12: Vr. Unitário | I12: 6.5
H13: Dias | I13: 22
H14: Desconto | I14: 0.06
A15: Auxílio Alimentação | G15: CCT | H15: Vr. Unitário | I15: 0
H16: Dias | I16: 0
H17: Desconto | I17: 0
A18: Auxílio Lanche | G18: CCT | H18: Vr. Unitário | I18: 0
H19: Dias | I19: 0
H20: Desconto | I20: 0
A21: Prêmio Assiduidade / Cesta Básica (quando houver) | G21: CCT | H21: Valor mensal | I21: 0
A22: Plano de Benefício Social Familiar (apenas para a CCT SEEAC/SINDASSEIO) | G22: CCT | H22: Valor mensal | I22: 0
A23: Outros benefícios que refletem na planilha de custos, caso constem na CCT. | G23: CCT | H23: Valor mensal | I23: 0
A24: Adicional de Supervisor (37%) | H24: Porcentagem | I24: 0
A25: Base de cálculo da insalubridade | H25: Valor | I25: Não aplicável
A26: Quantitativo de horas trabalhadas em feriados no mês (estimado) - Não aplicável para postos 12x36 | H26: Horas por mês | I26: Não aplicável
H27: Acréscimo da hora extra | I27: Não aplicável
A28: Hora Intervalar (somente para postos 12x36, quando for o caso) | H28: Horas por mês | I28: Não aplicável
A29: Sem fornecimento de materiais ou apenas fornecimento de EPIs ou uniformes, utilizar 10%. Com fornecimento de materiais ou equipamentos, utilizar 20%. (Decreto 52.768/2015, alterado pelo Decreto 53.424/2017) | H29: Porcentagem | I29: 0.1
I30: Não aplicável
A36: MONTANTE A
A37: I | B37: Remuneração - Grupo I | H37: % | I37: Valor Mensal/unidade de serviço (R$)
A38: 1 | B38: Salário | H38: =I38/$I$46 -> 1 | I38: =IF(D6="12x36",I10,I10/H10*I5) -> 9922.89
A39: =A38+1 -> 2 | B39: Adicional Periculosidade 30% (Ver súmulas 364, 132 e 191 do TST) | H39: =I39/$I$46 -> 0 | I39: =IF(I9=30%,I38*I9,0) -> 0
A40: =A39+1 -> 3 | B40: Adicional Insalubridade 10% (Ver súmula 228 e 139 TST) (1) | H40: =I40/$I$46 -> 0 | I40: =IF(I7=10%,I25*I7,0) -> 0
A41: =A40+1 -> 4 | B41: Adicional Insalubridade 20% (Ver súmula 228 e 139 TST) (1) | H41: =I41/$I$46 -> 0 | I41: =IF(I7=20%,I25*I7,0) -> 0
A42: =A41+1 -> 5 | B42: Adicional Insalubridade 40% (Ver súmula 228 e 139 TST) (1) | H42: =I42/$I$46 -> 0 | I42: =IF(I7=40%,I25*I7,0) -> 0
A43: =A42+1 -> 6 | B43: Adicional de Supervisor (IN 05/2017 MPOG SLTI) | H43: =I43/$I$46 -> 0 | I43: =IF(I24="Não aplicável",0,I38*I24) -> 0
A44: =A43+1 -> 7 | B44: Feriados | H44: =I44/$I$46 -> 0 | I44: =IF(I26="Não aplicável",0,(I38+I39+I40+I41+I42+I43)/I5*I26*(1+I27)) -> 0
A45: =A44+1 -> 8 | B45: DSR = número total das horas extras do mês / número de dias úteis X domingos e feriados do mês X valor da hora extra com acréscimo | H45: =I45/$I$46 -> 0 | I45: =IF(I26="Não aplicável",0,I26/I13*5*(I10/H10*(1+I27))) -> 0
A46: Total de Remuneração | H46: =SUM(H38:H45) -> 1 | I46: =SUM(I38:I45) -> 9922.89
A47: (1) | B47: Para posto de trabalho que tenha a necessidade de pagamento de adicional de insalubridade, a planilha de custos irá prever o salário proporcional como base de cálculo da insalubridade, conforme Pareceres da PGE nº 21.858/26 e 18.200/2020 e Promoção da PGE disposta no processo administrativo nº 20/2000-0034874-2. Porém, será permitida à licitante a alteração da base de cálculo na planilha de custos para que seja previsto o salário normativo do cargo ou o salário mínimo nacional (o que se aplicar mais benéfico). Uma vez caracterizada a condição insalubre, deve a empresa contratada pagar ao empregado o respectivo adicional na sua integralidade, independentemente da jornada de trabalho do empregado.
A57: II | B57: Encargos Sociais - Grupo II: Obrigações Sociais | H57: % | I57: Valor Mensal/unidade de serviço (R$)
A58: 1 | B58: INSS (art. 22, inc. I, Lei nº 8.212/91) | H58: 0.2 | I58: =$I$46*H58 -> 1984.578
A59: 2 | B59: SESI ou SESC (art. 30, Lei nº 8.036/90) | H59: 0.015 | I59: =$I$46*H59 -> 148.84335
A60: 3 | B60: SENAI ou SENAC (Decreto-Lei nº 2.318/86) | H60: 0.01 | I60: =$I$46*H60 -> 99.2289
A61: 4 | B61: INCRA (art. 15I, Lei Complementar nº 011/71) | H61: 0.002 | I61: =$I$46*H61 -> 19.84578
A62: 5 | B62: SALÁRIO EDUCAÇÃO (art. , inc. I, Decreto nº 87.043/82) | H62: 0.025 | I62: =$I$46*H62 -> 248.07225
A63: 6 | B63: FGTS (art. 15, Lei nº 8.036/90) | H63: 0.08 | I63: =$I$46*H63 -> 793.8312
A64: 7 | B64: SEG. ACIDENTE DO TRABALHO 1%, 2% e 3% (art. 22, inc. II, alíneas "b" e "c", da Lei nº 8.212/91) (2) | H64: 0.03 | I64: =$I$46*H64 -> 297.6867
A65: 8 | B65: SEBRAE (§ 3º, art. 8º, Lei nº 8.029/90) | H65: 0.006 | I65: =$I$46*H65 -> 59.53734
A66: Total do Grupo II | H66: =SUM(H58:H65) -> 0.368 | I66: =SUM(I58:I65) -> 3651.6235
A67: (2) | B67: Os percentuais para o SAT podem variar de 0,50% a 6,00% em função do Fator de Acidente Previdenciário (FAP), Decreto nº 6.957/2009
B68: Deverá obrigatoriamente acompanhar a proposta de preços e a planilha de custos e formação de preços a prova do Fator Acidentário de Prevenção – FAP por meio de impressão de consulta ao site do Ministério da Previdência Social (que pode ser obtido no endereço eletrônico http://www2.dataprev.gov.br/fap/fap.htm), independentemente de alteração da alíquota da parcela do Seguro Acidente de Trabalho disposta no Quadro II da referida planilha.
A69: III | B69: Encargos Sociais - Grupo III: Tempo Não Trabalhado | H69: % | I69: Valor Mensal/unidade de serviço (R$)
A70: 1 | B70: FÉRIAS GOZADAS + ADICIONAL DE FÉRIAS | H70: 0.119314 | I70: =$I$46*H70 -> 1183.9397
A71: 2 | B71: FALTAS ABONADAS (3) | H71: 0.020479 | I71: =$I$46*H71 -> 203.21086
A72: 3 | B72: FALTAS LEGAIS (4) | H72: 0.012123 | I72: =$I$46*H72 -> 120.2952
A73: 4 | B73: LICENÇA MATERNIDADE | H73: 0.011436 | I73: =$I$46*H73 -> 113.47817
A74: 5 | B74: LICENÇA PATERNIDADE | H74: 0.000174 | I74: =$I$46*H74 -> 1.7265829
A75: 6 | B75: ACIDENTE DE TRABALHO | H75: 0.000442 | I75: =$I$46*H75 -> 4.3859174
A76: 7 | B76: AVISO PRÉVIO TRABALHADO | H76: 0.000185 | I76: =$I$46*H76 -> 1.8357346
A77: 8 | B77: 13º SALÁRIO | H77: 0.09079 | I77: =$I$46*H77 -> 900.89918
A78: Total do Grupo III | H78: =SUM(H70:H77) -> 0.254943 | I78: =SUM(I70:I77) -> 2529.7713
A79: (3) | B79: Faltas Justificadas por Auxílio Doença
A80: (4) | B80: Faltas Legais - Art. 473 CLT
A81: IV | B81: Encargos Sociais - Grupo IV: Indenizações | H81: % | I81: Valor Mensal/unidade de serviço (R$)
A82: 1 | B82: INDENIZAÇÕES | H82: 0.048321 | I82: =$I$46*H82 -> 479.48397
A83: 2 | B83: FGTS SOBRE INDENIZAÇÕES | H83: 0.003511 | I83: =$I$46*H83 -> 34.839267
A84: 3 | B84: INDENIZAÇÃO COMPENSATÓRIA POR DEMISSÃO SEM JUSTA CAUSA | H84: 0.019328 | I84: =$I$46*H84 -> 191.78962
A85: Total do Grupo IV | H85: =SUM(H82:H84) -> 0.07116 | I85: =SUM(I82:I84) -> 706.11285
A87: V | B87: Encargos Sociais - Grupo V: Incidências | H87: % | I87: Valor Mensal/unidade de serviço (R$)
A88: 1 | B88: INCIDÊNCIA GRUPO II (Obrigações Sociais) X GRUPO III (Tempo Não Trabalhado) | H88: =(H66*H78) -> 0.093819024 | I88: =$I$46*H88 -> 930.95586
A89: Total do Grupo V | H89: =SUM(H88:H88) -> 0.093819024 | I89: =I88 -> 930.95586
A91: TOTAL DOS ENCARGOS SOCIAIS (II + III + IV + V) | H91: =H66+H78+H85+H89 -> 0.78792202 | I91: =I66+I78+I85+I89 -> 7818.4636
A93: VI | B93: Demais custos relativos à Norma Coletiva ou Disposições Legais - Grupo VI | H93: % | I93: Valor Mensal/unidade de serviço (R$)
A94: 1 | B94: Auxílio Alimentação | H94: =I94/$I$46 -> 0 | I94: =I115 -> 0
A95: =A94+1 -> 2 | B95: Auxílio Lanche | H95: =I95/$I$46 -> 0 | I95: =I111 -> 0
A96: =A95+1 -> 3 | B96: Plano de Saúde | H96: =I96/$I$46 -> 0 | I96: 0
A97: =A96+1 -> 4 | B97: Vale-Transporte⁽⁵⁾ | H97: =I97/$I$46 -> 0 | I97: =I107 -> 0
A98: =A97+1 -> 5 | B98: Adicional Intervalar | H98: =I98/$I$46 -> 0 | I98: =IF(I28="Não aplicável",0,((I10/H10)*1.5*I28)) -> 0
A99: 6 | B99: Prêmio Assiduidade (quando houver) | H99: =I99/$I$46 -> 0 | I99: =IF(I21="Não aplicável",0,I21) -> 0
A100: 7 | B100: Plano de Benefício Social Familiar (apenas para a CCT SEEAC/SINDASSEIO) | H100: =I100/$I$46 -> 0 | I100: =IF(I22="Não aplicável",0,I22) -> 0
A101: 8 | B101: Auxílio Creche | H101: =I101/$I$46 -> 0 | I101: 0
A102: 9 | B102: Outros | H102: =I102/$I$46 -> 0 | I102: =IF(I23="Não aplicável",0,I23) -> 0
A103: Total do Grupo VI | H103: =SUM(H94:H102) -> 0 | I103: =SUM(I94:I102) -> 0
A104: (5) | B104: O valor do vale-transporte pode variar de acordo com o modal fornecido pelo empregador.
A105: MEMÓRIA DE CÁLCULO DO VALE TRANSPORTE
A106: Valor Unitário | C106: Dias de Trabalho | D106: Vale p/dia | E106: Custo total | F106: Base de cálculo | G106: Percentual de desconto | H106: Valor desconto | I106: Custo efetivo
A107: =IF(I12="Não aplicável",0,I12) -> 6.5 | C107: =IF(I13="Não aplicável",0,I13) -> 22 | D107: 2 | E107: =A107*C107*D107 -> 286 | F107: =I38 -> 9922.89 | G107: =IF(I14="Não aplicável",0,I14) -> 0.06 | H107: =F107*G107 -> 595.3734 | I107: =IF((E107-H107)>0,E107-H107,0) -> 0
A109: MEMÓRIA DE CÁLCULO DO VALE LANCHE
A110: Valor Unitário | C110: Dias por mês | D110: Vale p/dia | E110: Custo total | F110: Base de cálculo | G110: Percentual de desconto | H110: Valor desconto | I110: Custo efetivo
A111: =IF(I18="Não aplicável",0,I18) -> 0 | C111: =IF(I19="Não aplicável",0,I19) -> 0 | D111: 1 | E111: =A111*C111*D111 -> 0 | F111: =E111 -> 0 | G111: =IF(I20="Não aplicável",0,I20) -> 0 | H111: =F111*G111 -> 0 | I111: =E111-H111 -> 0
A113: MEMÓRIA DE CÁLCULO DO | F113: =A15 -> Auxílio Alimentação
A114: Valor Unitário | C114: Dias por mês | D114: Vale p/dia | E114: Custo total | F114: Base de cálculo | G114: Percentual de desconto | H114: =H106 -> Valor desconto | I114: Custo efetivo
A115: =IF(I15="Não aplicável",0,I15) -> 0 | C115: =IF(I16="Não aplicável",0,I16) -> 0 | D115: 1 | E115: =A115*C115*D115 -> 0 | F115: =E115 -> 0 | G115: =IF(I17="Não aplicável",0,I17) -> 0 | H115: =F115*G115 -> 0 | I115: =E115-H115 -> 0
A117: TOTAL DO MONTANTE A (I + II + III+ IV + V +VI) | H117: =H46+H91+H103 -> 1.787922 | I117: =I46+I91+I103 -> 17741.354
A119: MONTANTE B
A120: I | B120: Despesas Diretas | H120: % | I120: Valor Mensal/unidade de serviço (R$)
A121: 1 | B121: Transporte (6) | H121: =I121/$I$133 -> 0 | I121: 0
A122: 2 | B122: Uniformes/EPI (6a) | H122: =I122/$I$133 -> 0 | I122: 0
...

Sheet LOTE 2 - PSICÓLOGO SANTANA LIVR
A1: PLANILHA DE CUSTOS E FORMAÇÃO DE PREÇOS DE SERVIÇOS CONTINUADOS COM DEDICAÇÃO EXCLUSIVA DE MÃO DE OBRA (ANEXO III - DECRETO 52.768 de 15.12.2015)
A2: PROCESSO: | C2: 26/1200-9000536-0 | E2: REGIME DE TRIBUTAÇÃO: LUCRO REAL
A3: LICITAÇÃO/EDITAL | E3: ABERTURA:
A5: Cargo/Função: | D5: PSICÓLOGO SANTANA DO LIVRAMENTO | G5: =IF(D6="12x36","Regime de trabalho:","Quantidade de HORAS/MÊS") -> Quantidade de HORAS/MÊS | I5: =IF(D6="12x36",D6,5*D6) -> 200
A6: =IF(D6="12x36","Regime de trabalho:","Regime de trabalho (horas semanais):") -> Regime de trabalho (horas semanais): | D6: 40
A7: Convenção Coletiva de Trabalho: | D7: Base de cálculo conforme item VI do ETP | G7: INSALUBRIDADE (10%, 20%, 40%) | I7: Não aplicável
A8: Origem do salário: | D8: Conforme indicado pelo órgão no item VI do ETP - Programa de Militares Estaduais Temporários de Saúde (MTS) - Lei Estadual nº 15.583/2020 e nº 16.165/2024
A9: Cidade: | D9: SANTANA DO LIVRAMENTO | G9: PERICULOSIDADE (30%) | I9: Não aplicável
A10: Salário Normativo | G10: Vlr. do salário e nº de horas correspondentes | H10: 200 | I10: 9922.89
A11: ISS | G11: =D9 -> SANTANA DO LIVRAMENTO | H11: Alíquota | I11: 0.03
A12: Tarifa Transporte | G12: CCT | H12: Vr. Unitário | I12: 5
H13: Dias | I13: 22
H14: Desconto | I14: 0.06
A15: Auxílio Alimentação | G15: CCT | H15: Vr. Unitário | I15: 0
H16: Dias | I16: 0
H17: Desconto | I17: 0
A18: Auxílio Lanche | G18: CCT | H18: Vr. Unitário | I18: 0
H19: Dias | I19: 0
H20: Desconto | I20: 0
A21: Prêmio Assiduidade / Cesta Básica (quando houver) | G21: CCT | H21: Valor mensal | I21: 0
A22: Plano de Benefício Social Familiar (apenas para a CCT SEEAC/SINDASSEIO) | G22: CCT | H22: Valor mensal | I22: 0
A23: Outros benefícios que refletem na planilha de custos, caso constem na CCT. | G23: CCT | H23: Valor mensal | I23: 0
A24: Adicional de Supervisor (37%) | H24: Porcentagem | I24: Não aplicável
A25: Base de cálculo da insalubridade | H25: Valor | I25: Não aplicável
A26: Quantitativo de horas trabalhadas em feriados no mês (estimado) - Não aplicável para postos 12x36 | H26: Horas por mês | I26: Não aplicável
H27: Acréscimo da hora extra | I27: Não aplicável
A28: Hora Intervalar (somente para postos 12x36, quando for o caso) | H28: Horas por mês | I28: Não aplicável
A29: Sem fornecimento de materiais ou apenas fornecimento de EPIs ou uniformes, utilizar 10%. Com fornecimento de materiais ou equipamentos, utilizar 20%. (Decreto 52.768/2015, alterado pelo Decreto 53.424/2017) | H29: Porcentagem | I29: 0.1
I30: Não aplicável
A36: MONTANTE A
A37: I | B37: Remuneração - Grupo I | H37: % | I37: Valor Mensal/unidade de serviço (R$)
A38: 1 | B38: Salário | H38: =I38/$I$46 -> 1 | I38: =IF(D6="12x36",I10,I10/H10*I5) -> 9922.89
A39: =A38+1 -> 2 | B39: Adicional Periculosidade 30% (Ver súmulas 364, 132 e 191 do TST) | H39: =I39/$I$46 -> 0 | I39: =IF(I9=30%,I38*I9,0) -> 0
A40: =A39+1 -> 3 | B40: Adicional Insalubridade 10% (Ver súmula 228 e 139 TST) (1) | H40: =I40/$I$46 -> 0 | I40: =IF(I7=10%,I25*I7,0) -> 0
A41: =A40+1 -> 4 | B41: Adicional Insalubridade 20% (Ver súmula 228 e 139 TST) (1) | H41: =I41/$I$46 -> 0 | I41: =IF(I7=20%,I25*I7,0) -> 0
A42: =A41+1 -> 5 | B42: Adicional Insalubridade 40% (Ver súmula 228 e 139 TST) (1) | H42: =I42/$I$46 -> 0 | I42: =IF(I7=40%,I25*I7,0) -> 0
A43: =A42+1 -> 6 | B43: Adicional de Supervisor (IN 05/2017 MPOG SLTI) | H43: =I43/$I$46 -> 0 | I43: =IF(I24="Não aplicável",0,I38*I24) -> 0
A44: =A43+1 -> 7 | B44: Feriados | H44: =I44/$I$46 -> 0 | I44: =IF(I26="Não aplicável",0,(I38+I39+I40+I41+I42+I43)/I5*I26*(1+I27)) -> 0
A45: =A44+1 -> 8 | B45: DSR = número total das horas extras do mês / número de dias úteis X domingos e feriados do mês X valor da hora extra com acréscimo | H45: =I45/$I$46 -> 0 | I45: =IF(I26="Não aplicável",0,I26/I13*5*(I10/H10*(1+I27))) -> 0
A46: Total de Remuneração | H46: =SUM(H38:H45) -> 1 | I46: =SUM(I38:I45) -> 9922.89
A47: (1) | B47: Para posto de trabalho que tenha a necessidade de pagamento de adicional de insalubridade, a planilha de custos irá prever o salário proporcional como base de cálculo da insalubridade, conforme Pareceres da PGE nº 21.858/26 e 18.200/2020 e Promoção da PGE disposta no processo administrativo nº 20/2000-0034874-2. Porém, será permitida à licitante a alteração da base de cálculo na planilha de custos para que seja previsto o salário normativo do cargo ou o salário mínimo nacional (o que se aplicar mais benéfico). Uma vez caracterizada a condição insalubre, deve a empresa contratada pagar ao empregado o respectivo adicional na sua integralidade, independentemente da jornada de trabalho do empregado.
A57: II | B57: Encargos Sociais - Grupo II: Obrigações Sociais | H57: % | I57: Valor Mensal/unidade de serviço (R$)
A58: 1 | B58: INSS (art. 22, inc. I, Lei nº 8.212/91) | H58: 0.2 | I58: =$I$46*H58 -> 1984.578
A59: 2 | B59: SESI ou SESC (art. 30, Lei nº 8.036/90) | H59: 0.015 | I59: =$I$46*H59 -> 148.84335
A60: 3 | B60: SENAI ou SENAC (Decreto-Lei nº 2.318/86) | H60: 0.01 | I60: =$I$46*H60 -> 99.2289
A61: 4 | B61: INCRA (art. 15I, Lei Complementar nº 011/71) | H61: 0.002 | I61: =$I$46*H61 -> 19.84578
A62: 5 | B62: SALÁRIO EDUCAÇÃO (art. , inc. I, Decreto nº 87.043/82) | H62: 0.025 | I62: =$I$46*H62 -> 248.07225
A63: 6 | B63: FGTS (art. 15, Lei nº 8.036/90) | H63: 0.08 | I63: =$I$46*H63 -> 793.8312
A64: 7 | B64: SEG. ACIDENTE DO TRABALHO 1%, 2% e 3% (art. 22, inc. II, alíneas "b" e "c", da Lei nº 8.212/91) (2) | H64: 0.03 | I64: =$I$46*H64 -> 297.6867
A65: 8 | B65: SEBRAE (§ 3º, art. 8º, Lei nº 8.029/90) | H65: 0.006 | I65: =$I$46*H65 -> 59.53734
A66: Total do Grupo II | H66: =SUM(H58:H65) -> 0.368 | I66: =SUM(I58:I65) -> 3651.6235
A67: (2) | B67: Os percentuais para o SAT podem variar de 0,50% a 6,00% em função do Fator de Acidente Previdenciário (FAP), Decreto nº 6.957/2009
B68: Deverá obrigatoriamente acompanhar a proposta de preços e a planilha de custos e formação de preços a prova do Fator Acidentário de Prevenção – FAP por meio de impressão de consulta ao site do Ministério da Previdência Social (que pode ser obtido no endereço eletrônico http://www2.dataprev.gov.br/fap/fap.htm), independentemente de alteração da alíquota da parcela do Seguro Acidente de Trabalho disposta no Quadro II da referida planilha.
A69: III | B69: Encargos Sociais - Grupo III: Tempo Não Trabalhado | H69: % | I69: Valor Mensal/unidade de serviço (R$)
A70: 1 | B70: FÉRIAS GOZADAS + ADICIONAL DE FÉRIAS | H70: 0.119314 | I70: =$I$46*H70 -> 1183.9397
A71: 2 | B71: FALTAS ABONADAS (3) | H71: 0.020479 | I71: =$I$46*H71 -> 203.21086
A72: 3 | B72: FALTAS LEGAIS (4) | H72: 0.012123 | I72: =$I$46*H72 -> 120.2952
A73: 4 | B73: LICENÇA MATERNIDADE | H73: 0.011436 | I73: =$I$46*H73 -> 113.47817
A74: 5 | B74: LICENÇA PATERNIDADE | H74: 0.000174 | I74: =$I$46*H74 -> 1.7265829
A75: 6 | B75: ACIDENTE DE TRABALHO | H75: 0.000442 | I75: =$I$46*H75 -> 4.3859174
A76: 7 | B76: AVISO PRÉVIO TRABALHADO | H76: 0.000185 | I76: =$I$46*H76 -> 1.8357346
A77: 8 | B77: 13º SALÁRIO | H77: 0.09079 | I77: =$I$46*H77 -> 900.89918
A78: Total do Grupo III | H78: =SUM(H70:H77) -> 0.254943 | I78: =SUM(I70:I77) -> 2529.7713
A79: (3) | B79: Faltas Justificadas por Auxílio Doença
A80: (4) | B80: Faltas Legais - Art. 473 CLT
A81: IV | B81: Encargos Sociais - Grupo IV: Indenizações | H81: % | I81: Valor Mensal/unidade de serviço (R$)
A82: 1 | B82: INDENIZAÇÕES | H82: 0.048321 | I82: =$I$46*H82 -> 479.48397
A83: 2 | B83: FGTS SOBRE INDENIZAÇÕES | H83: 0.003511 | I83: =$I$46*H83 -> 34.839267
A84: 3 | B84: INDENIZAÇÃO COMPENSATÓRIA POR DEMISSÃO SEM JUSTA CAUSA | H84: 0.019328 | I84: =$I$46*H84 -> 191.78962
A85: Total do Grupo IV | H85: =SUM(H82:H84) -> 0.07116 | I85: =SUM(I82:I84) -> 706.11285
A87: V | B87: Encargos Sociais - Grupo V: Incidências | H87: % | I87: Valor Mensal/unidade de serviço (R$)
A88: 1 | B88: INCIDÊNCIA GRUPO II (Obrigações Sociais) X GRUPO III (Tempo Não Trabalhado) | H88: =(H66*H78) -> 0.093819024 | I88: =$I$46*H88 -> 930.95586
A89: Total do Grupo V | H89: =SUM(H88:H88) -> 0.093819024 | I89: =I88 -> 930.95586
A91: TOTAL DOS ENCARGOS SOCIAIS (II + III + IV + V) | H91: =H66+H78+H85+H89 -> 0.78792202 | I91: =I66+I78+I85+I89 -> 7818.4636
A93: VI | B93: Demais custos relativos à Norma Coletiva ou Disposições Legais - Grupo VI | H93: % | I93: Valor Mensal/unidade de serviço (R$)
A94: 1 | B94: Auxílio Alimentação | H94: =I94/$I$46 -> 0 | I94: =I115 -> 0
A95: =A94+1 -> 2 | B95: Auxílio Lanche | H95: =I95/$I$46 -> 0 | I95: =I111 -> 0
A96: =A95+1 -> 3 | B96: Plano de Saúde | H96: =I96/$I$46 -> 0 | I96: 0
A97: =A96+1 -> 4 | B97: Vale-Transporte⁽⁵⁾ | H97: =I97/$I$46 -> 0 | I97: =I107 -> 0
A98: =A97+1 -> 5 | B98: Adicional Intervalar | H98: =I98/$I$46 -> 0 | I98: =IF(I28="Não aplicável",0,((I10/H10)*1.5*I28)) -> 0
A99: 6 | B99: Prêmio Assiduidade (quando houver) | H99: =I99/$I$46 -> 0 | I99: =IF(I21="Não aplicável",0,I21) -> 0
A100: 7 | B100: Plano de Benefício Social Familiar (apenas para a CCT SEEAC/SINDASSEIO) | H100: =I100/$I$46 -> 0 | I100: =IF(I22="Não aplicável",0,I22) -> 0
A101: 8 | B101: Auxílio Creche | H101: =I101/$I$46 -> 0 | I101: 0
A102: 9 | B102: Outros | H102: =I102/$I$46 -> 0 | I102: =IF(I23="Não aplicável",0,I23) -> 0
A103: Total do Grupo VI | H103: =SUM(H94:H102) -> 0 | I103: =SUM(I94:I102) -> 0
A104: (5) | B104: O valor do vale-transporte pode variar de acordo com o modal fornecido pelo empregador.
A105: MEMÓRIA DE CÁLCULO DO VALE TRANSPORTE
A106: Valor Unitário | C106: Dias de Trabalho | D106: Vale p/dia | E106: Custo total | F106: Base de cálculo | G106: Percentual de desconto | H106: Valor desconto | I106: Custo efetivo
A107: =IF(I12="Não aplicável",0,I12) -> 5 | C107: =IF(I13="Não aplicável",0,I13) -> 22 | D107: 2 | E107: =A107*C107*D107 -> 220 | F107: =I38 -> 9922.89 | G107: =IF(I14="Não aplicável",0,I14) -> 0.06 | H107: =F107*G107 -> 595.3734 | I107: =IF((E107-H107)>0,E107-H107,0) -> 0
A109: MEMÓRIA DE CÁLCULO DO VALE LANCHE
A110: Valor Unitário | C110: Dias por mês | D110: Vale p/dia | E110: Custo total | F110: Base de cálculo | G110: Percentual de desconto | H110: Valor desconto | I110: Custo efetivo
A111: =IF(I18="Não aplicável",0,I18) -> 0 | C111: =IF(I19="Não aplicável",0,I19) -> 0 | D111: 1 | E111: =A111*C111*D111 -> 0 | F111: =E111 -> 0 | G111: =IF(I20="Não aplicável",0,I20) -> 0 | H111: =F111*G111 -> 0 | I111: =E111-H111 -> 0
A113: MEMÓRIA DE CÁLCULO DO | F113: =A15 -> Auxílio Alimentação
A114: Valor Unitário | C114: Dias por mês | D114: Vale p/dia | E114: Custo total | F114: Base de cálculo | G114: Percentual de desconto | H114: =H106 -> Valor desconto | I114: Custo efetivo
A115: =IF(I15="Não aplicável",0,I15) -> 0 | C115: =IF(I16="Não aplicável",0,I16) -> 0 | D115: 1 | E115: =A115*C115*D115 -> 0 | F115: =E115 -> 0 | G115: =IF(I17="Não aplicável",0,I17) -> 0 | H115: =F115*G115 -> 0 | I115: =E115-H115 -> 0
A117: TOTAL DO MONTANTE A (I + II + III+ IV + V +VI) | H117: =H46+H91+H103 -> 1.787922 | I117: =I46+I91+I103 -> 17741.354
A119: MONTANTE B
A120: I | B120: Despesas Diretas | H120: % | I120: Valor Mensal/unidade de serviço (R$)
A121: 1 | B121: Transporte (6) | H121: =I121/$I$133 -> 0 | I121: 0
A122: 2 | B122: Uniformes/EPI (6a) | H122: =I122/$I$133 -> 0 | I122: 0
...

Sheet LOTE 2 - PSICÓLOGO SANTA ROSA
A1: PLANILHA DE CUSTOS E FORMAÇÃO DE PREÇOS DE SERVIÇOS CONTINUADOS COM DEDICAÇÃO EXCLUSIVA DE MÃO DE OBRA (ANEXO III - DECRETO 52.768 de 15.12.2015)
A2: PROCESSO: | C2: 26/1200-9000536-0 | E2: REGIME DE TRIBUTAÇÃO: LUCRO REAL
A3: LICITAÇÃO/EDITAL | E3: ABERTURA:
A5: Cargo/Função: | D5: PSICÓLOGO SANTA ROSA | G5: =IF(D6="12x36","Regime de trabalho:","Quantidade de HORAS/MÊS") -> Quantidade de HORAS/MÊS | I5: =IF(D6="12x36",D6,5*D6) -> 200
A6: =IF(D6="12x36","Regime de trabalho:","Regime de trabalho (horas semanais):") -> Regime de trabalho (horas semanais): | D6: 40
A7: Convenção Coletiva de Trabalho: | D7: Base de cálculo conforme item VI do ETP | G7: INSALUBRIDADE (10%, 20%, 40%) | I7: Não aplicável
A8: Origem do salário: | D8: Conforme indicado pelo órgão no item VI do ETP - Programa de Militares Estaduais Temporários de Saúde (MTS) - Lei Estadual nº 15.583/2020 e nº 16.165/2024
A9: Cidade: | D9: SANTA ROSA | G9: PERICULOSIDADE (30%) | I9: Não aplicável
A10: Salário Normativo | G10: Vlr. do salário e nº de horas correspondentes | H10: 200 | I10: 9922.89
A11: ISS | G11: =D9 -> SANTA ROSA | H11: Alíquota | I11: 0.05
A12: Tarifa Transporte | G12: CCT | H12: Vr. Unitário | I12: 6.5
H13: Dias | I13: 22
H14: Desconto | I14: 0.06
A15: Auxílio Alimentação | G15: CCT | H15: Vr. Unitário | I15: 0
H16: Dias | I16: 0
H17: Desconto | I17: 0
A18: Auxílio Lanche | G18: CCT | H18: Vr. Unitário | I18: 0
H19: Dias | I19: 0
H20: Desconto | I20: 0
A21: Prêmio Assiduidade / Cesta Básica (quando houver) | G21: CCT | H21: Valor mensal | I21: 0
A22: Plano de Benefício Social Familiar (apenas para a CCT SEEAC/SINDASSEIO) | G22: CCT | H22: Valor mensal | I22: 0
A23: Outros benefícios que refletem na planilha de custos, caso constem na CCT. | G23: CCT | H23: Valor mensal | I23: 0
A24: Adicional de Supervisor (37%) | H24: Porcentagem | I24: Não aplicável
A25: Base de cálculo da insalubridade | H25: Valor | I25: Não aplicável
A26: Quantitativo de horas trabalhadas em feriados no mês (estimado) - Não aplicável para postos 12x36 | H26: Horas por mês | I26: Não aplicável
H27: Acréscimo da hora extra | I27: Não aplicável
A28: Hora Intervalar (somente para postos 12x36, quando for o caso) | H28: Horas por mês | I28: Não aplicável
A29: Sem fornecimento de materiais ou apenas fornecimento de EPIs ou uniformes, utilizar 10%. Com fornecimento de materiais ou equipamentos, utilizar 20%. (Decreto 52.768/2015, alterado pelo Decreto 53.424/2017) | H29: Porcentagem | I29: 0.1
I30: Não aplicável
A36: MONTANTE A
A37: I | B37: Remuneração - Grupo I | H37: % | I37: Valor Mensal/unidade de serviço (R$)
A38: 1 | B38: Salário | H38: =I38/$I$46 -> 1 | I38: =IF(D6="12x36",I10,I10/H10*I5) -> 9922.89
A39: =A38+1 -> 2 | B39: Adicional Periculosidade 30% (Ver súmulas 364, 132 e 191 do TST) | H39: =I39/$I$46 -> 0 | I39: =IF(I9=30%,I38*I9,0) -> 0
A40: =A39+1 -> 3 | B40: Adicional Insalubridade 10% (Ver súmula 228 e 139 TST) (1) | H40: =I40/$I$46 -> 0 | I40: =IF(I7=10%,I25*I7,0) -> 0
A41: =A40+1 -> 4 | B41: Adicional Insalubridade 20% (Ver súmula 228 e 139 TST) (1) | H41: =I41/$I$46 -> 0 | I41: =IF(I7=20%,I25*I7,0) -> 0
A42: =A41+1 -> 5 | B42: Adicional Insalubridade 40% (Ver súmula 228 e 139 TST) (1) | H42: =I42/$I$46 -> 0 | I42: =IF(I7=40%,I25*I7,0) -> 0
A43: =A42+1 -> 6 | B43: Adicional de Supervisor (IN 05/2017 MPOG SLTI) | H43: =I43/$I$46 -> 0 | I43: =IF(I24="Não aplicável",0,I38*I24) -> 0
A44: =A43+1 -> 7 | B44: Feriados | H44: =I44/$I$46 -> 0 | I44: =IF(I26="Não aplicável",0,(I38+I39+I40+I41+I42+I43)/I5*I26*(1+I27)) -> 0
A45: =A44+1 -> 8 | B45: DSR = número total das horas extras do mês / número de dias úteis X domingos e feriados do mês X valor da hora extra com acréscimo | H45: =I45/$I$46 -> 0 | I45: =IF(I26="Não aplicável",0,I26/I13*5*(I10/H10*(1+I27))) -> 0
A46: Total de Remuneração | H46: =SUM(H38:H45) -> 1 | I46: =SUM(I38:I45) -> 9922.89
A47: (1) | B47: Para posto de trabalho que tenha a necessidade de pagamento de adicional de insalubridade, a planilha de custos irá prever o salário proporcional como base de cálculo da insalubridade, conforme Pareceres da PGE nº 21.858/26 e 18.200/2020 e Promoção da PGE disposta no processo administrativo nº 20/2000-0034874-2. Porém, será permitida à licitante a alteração da base de cálculo na planilha de custos para que seja previsto o salário normativo do cargo ou o salário mínimo nacional (o que se aplicar mais benéfico). Uma vez caracterizada a condição insalubre, deve a empresa contratada pagar ao empregado o respectivo adicional na sua integralidade, independentemente da jornada de trabalho do empregado.
A57: II | B57: Encargos Sociais - Grupo II: Obrigações Sociais | H57: % | I57: Valor Mensal/unidade de serviço (R$)
A58: 1 | B58: INSS (art. 22, inc. I, Lei nº 8.212/91) | H58: 0.2 | I58: =$I$46*H58 -> 1984.578
A59: 2 | B59: SESI ou SESC (art. 30, Lei nº 8.036/90) | H59: 0.015 | I59: =$I$46*H59 -> 148.84335
A60: 3 | B60: SENAI ou SENAC (Decreto-Lei nº 2.318/86) | H60: 0.01 | I60: =$I$46*H60 -> 99.2289
A61: 4 | B61: INCRA (art. 15I, Lei Complementar nº 011/71) | H61: 0.002 | I61: =$I$46*H61 -> 19.84578
A62: 5 | B62: SALÁRIO EDUCAÇÃO (art. , inc. I, Decreto nº 87.043/82) | H62: 0.025 | I62: =$I$46*H62 -> 248.07225
A63: 6 | B63: FGTS (art. 15, Lei nº 8.036/90) | H63: 0.08 | I63: =$I$46*H63 -> 793.8312
A64: 7 | B64: SEG. ACIDENTE DO TRABALHO 1%, 2% e 3% (art. 22, inc. II, alíneas "b" e "c", da Lei nº 8.212/91) (2) | H64: 0.03 | I64: =$I$46*H64 -> 297.6867
A65: 8 | B65: SEBRAE (§ 3º, art. 8º, Lei nº 8.029/90) | H65: 0.006 | I65: =$I$46*H65 -> 59.53734
A66: Total do Grupo II | H66: =SUM(H58:H65) -> 0.368 | I66: =SUM(I58:I65) -> 3651.6235
A67: (2) | B67: Os percentuais para o SAT podem variar de 0,50% a 6,00% em função do Fator de Acidente Previdenciário (FAP), Decreto nº 6.957/2009
B68: Deverá obrigatoriamente acompanhar a proposta de preços e a planilha de custos e formação de preços a prova do Fator Acidentário de Prevenção – FAP por meio de impressão de consulta ao site do Ministério da Previdência Social (que pode ser obtido no endereço eletrônico http://www2.dataprev.gov.br/fap/fap.htm), independentemente de alteração da alíquota da parcela do Seguro Acidente de Trabalho disposta no Quadro II da referida planilha.
A69: III | B69: Encargos Sociais - Grupo III: Tempo Não Trabalhado | H69: % | I69: Valor Mensal/unidade de serviço (R$)
A70: 1 | B70: FÉRIAS GOZADAS + ADICIONAL DE FÉRIAS | H70: 0.119314 | I70: =$I$46*H70 -> 1183.9397
A71: 2 | B71: FALTAS ABONADAS (3) | H71: 0.020479 | I71: =$I$46*H71 -> 203.21086
A72: 3 | B72: FALTAS LEGAIS (4) | H72: 0.012123 | I72: =$I$46*H72 -> 120.2952
A73: 4 | B73: LICENÇA MATERNIDADE | H73: 0.011436 | I73: =$I$46*H73 -> 113.47817
A74: 5 | B74: LICENÇA PATERNIDADE | H74: 0.000174 | I74: =$I$46*H74 -> 1.7265829
A75: 6 | B75: ACIDENTE DE TRABALHO | H75: 0.000442 | I75: =$I$46*H75 -> 4.3859174
A76: 7 | B76: AVISO PRÉVIO TRABALHADO | H76: 0.000185 | I76: =$I$46*H76 -> 1.8357346
A77: 8 | B77: 13º SALÁRIO | H77: 0.09079 | I77: =$I$46*H77 -> 900.89918
A78: Total do Grupo III | H78: =SUM(H70:H77) -> 0.254943 | I78: =SUM(I70:I77) -> 2529.7713
A79: (3) | B79: Faltas Justificadas por Auxílio Doença
A80: (4) | B80: Faltas Legais - Art. 473 CLT
A81: IV | B81: Encargos Sociais - Grupo IV: Indenizações | H81: % | I81: Valor Mensal/unidade de serviço (R$)
A82: 1 | B82: INDENIZAÇÕES | H82: 0.048321 | I82: =$I$46*H82 -> 479.48397
A83: 2 | B83: FGTS SOBRE INDENIZAÇÕES | H83: 0.003511 | I83: =$I$46*H83 -> 34.839267
A84: 3 | B84: INDENIZAÇÃO COMPENSATÓRIA POR DEMISSÃO SEM JUSTA CAUSA | H84: 0.019328 | I84: =$I$46*H84 -> 191.78962
A85: Total do Grupo IV | H85: =SUM(H82:H84) -> 0.07116 | I85: =SUM(I82:I84) -> 706.11285
A87: V | B87: Encargos Sociais - Grupo V: Incidências | H87: % | I87: Valor Mensal/unidade de serviço (R$)
A88: 1 | B88: INCIDÊNCIA GRUPO II (Obrigações Sociais) X GRUPO III (Tempo Não Trabalhado) | H88: =(H66*H78) -> 0.093819024 | I88: =$I$46*H88 -> 930.95586
A89: Total do Grupo V | H89: =SUM(H88:H88) -> 0.093819024 | I89: =I88 -> 930.95586
A91: TOTAL DOS ENCARGOS SOCIAIS (II + III + IV + V) | H91: =H66+H78+H85+H89 -> 0.78792202 | I91: =I66+I78+I85+I89 -> 7818.4636
A93: VI | B93: Demais custos relativos à Norma Coletiva ou Disposições Legais - Grupo VI | H93: % | I93: Valor Mensal/unidade de serviço (R$)
A94: 1 | B94: Auxílio Alimentação | H94: =I94/$I$46 -> 0 | I94: =I115 -> 0
A95: =A94+1 -> 2 | B95: Auxílio Lanche | H95: =I95/$I$46 -> 0 | I95: =I111 -> 0
A96: =A95+1 -> 3 | B96: Plano de Saúde | H96: =I96/$I$46 -> 0 | I96: 0
A97: =A96+1 -> 4 | B97: Vale-Transporte⁽⁵⁾ | H97: =I97/$I$46 -> 0 | I97: =I107 -> 0
A98: =A97+1 -> 5 | B98: Adicional Intervalar | H98: =I98/$I$46 -> 0 | I98: =IF(I28="Não aplicável",0,((I10/H10)*1.5*I28)) -> 0
A99: 6 | B99: Prêmio Assiduidade (quando houver) | H99: =I99/$I$46 -> 0 | I99: =IF(I21="Não aplicável",0,I21) -> 0
A100: 7 | B100: Plano de Benefício Social Familiar (apenas para a CCT SEEAC/SINDASSEIO) | H100: =I100/$I$46 -> 0 | I100: =IF(I22="Não aplicável",0,I22) -> 0
A101: 8 | B101: Auxílio Creche | H101: =I101/$I$46 -> 0 | I101: 0
A102: 9 | B102: Outros | H102: =I102/$I$46 -> 0 | I102: =IF(I23="Não aplicável",0,I23) -> 0
A103: Total do Grupo VI | H103: =SUM(H94:H102) -> 0 | I103: =SUM(I94:I102) -> 0
A104: (5) | B104: O valor do vale-transporte pode variar de acordo com o modal fornecido pelo empregador.
A105: MEMÓRIA DE CÁLCULO DO VALE TRANSPORTE
A106: Valor Unitário | C106: Dias de Trabalho | D106: Vale p/dia | E106: Custo total | F106: Base de cálculo | G106: Percentual de desconto | H106: Valor desconto | I106: Custo efetivo
A107: =IF(I12="Não aplicável",0,I12) -> 6.5 | C107: =IF(I13="Não aplicável",0,I13) -> 22 | D107: 2 | E107: =A107*C107*D107 -> 286 | F107: =I38 -> 9922.89 | G107: =IF(I14="Não aplicável",0,I14) -> 0.06 | H107: =F107*G107 -> 595.3734 | I107: =IF((E107-H107)>0,E107-H107,0) -> 0
A109: MEMÓRIA DE CÁLCULO DO VALE LANCHE
A110: Valor Unitário | C110: Dias por mês | D110: Vale p/dia | E110: Custo total | F110: Base de cálculo | G110: Percentual de desconto | H110: Valor desconto | I110: Custo efetivo
A111: =IF(I18="Não aplicável",0,I18) -> 0 | C111: =IF(I19="Não aplicável",0,I19) -> 0 | D111: 1 | E111: =A111*C111*D111 -> 0 | F111: =E111 -> 0 | G111: =IF(I20="Não aplicável",0,I20) -> 0 | H111: =F111*G111 -> 0 | I111: =E111-H111 -> 0
A113: MEMÓRIA DE CÁLCULO DO | F113: =A15 -> Auxílio Alimentação
A114: Valor Unitário | C114: Dias por mês | D114: Vale p/dia | E114: Custo total | F114: Base de cálculo | G114: Percentual de desconto | H114: =H106 -> Valor desconto | I114: Custo efetivo
A115: =IF(I15="Não aplicável",0,I15) -> 0 | C115: =IF(I16="Não aplicável",0,I16) -> 0 | D115: 1 | E115: =A115*C115*D115 -> 0 | F115: =E115 -> 0 | G115: =IF(I17="Não aplicável",0,I17) -> 0 | H115: =F115*G115 -> 0 | I115: =E115-H115 -> 0
A117: TOTAL DO MONTANTE A (I + II + III+ IV + V +VI) | H117: =H46+H91+H103 -> 1.787922 | I117: =I46+I91+I103 -> 17741.354
A119: MONTANTE B
A120: I | B120: Despesas Diretas | H120: % | I120: Valor Mensal/unidade de serviço (R$)
A121: 1 | B121: Transporte (6) | H121: =I121/$I$133 -> 0 | I121: 0
A122: 2 | B122: Uniformes/EPI (6a) | H122: =I122/$I$133 -> 0 | I122: 0
...

Sheet LOTE 2 - PSICÓLOGO LAJEADO
A1: PLANILHA DE CUSTOS E FORMAÇÃO DE PREÇOS DE SERVIÇOS CONTINUADOS COM DEDICAÇÃO EXCLUSIVA DE MÃO DE OBRA (ANEXO III - DECRETO 52.768 de 15.12.2015)
A2: PROCESSO: | C2: 26/1200-9000536-0 | E2: REGIME DE TRIBUTAÇÃO: LUCRO REAL
A3: LICITAÇÃO/EDITAL | E3: ABERTURA:
A5: Cargo/Função: | D5: PSICÓLOGO LAJEADO | G5: =IF(D6="12x36","Regime de trabalho:","Quantidade de HORAS/MÊS") -> Quantidade de HORAS/MÊS | I5: =IF(D6="12x36",D6,5*D6) -> 200
A6: =IF(D6="12x36","Regime de trabalho:","Regime de trabalho (horas semanais):") -> Regime de trabalho (horas semanais): | D6: 40
A7: Convenção Coletiva de Trabalho: | D7: Base de cálculo conforme item VI do ETP | G7: INSALUBRIDADE (10%, 20%, 40%) | I7: Não aplicável
A8: Origem do salário: | D8: Conforme indicado pelo órgão no item VI do ETP - Programa de Militares Estaduais Temporários de Saúde (MTS) - Lei Estadual nº 15.583/2020 e nº 16.165/2024
A9: Cidade: | D9: LAJEADO | G9: PERICULOSIDADE (30%) | I9: Não aplicável
A10: Salário Normativo | G10: Vlr. do salário e nº de horas correspondentes | H10: 200 | I10: 9922.89
A11: ISS | G11: =D9 -> LAJEADO | H11: Alíquota | I11: 0.025
A12: Tarifa Transporte | G12: CCT | H12: Vr. Unitário | I12: 6
H13: Dias | I13: 22
H14: Desconto | I14: 0.06
A15: Auxílio Alimentação | G15: CCT | H15: Vr. Unitário | I15: 0
H16: Dias | I16: 0
H17: Desconto | I17: 0
A18: Auxílio Lanche | G18: CCT | H18: Vr. Unitário | I18: 0
H19: Dias | I19: 0
H20: Desconto | I20: 0
A21: Prêmio Assiduidade / Cesta Básica (quando houver) | G21: CCT | H21: Valor mensal | I21: 0
A22: Plano de Benefício Social Familiar (apenas para a CCT SEEAC/SINDASSEIO) | G22: CCT | H22: Valor mensal | I22: 0
A23: Outros benefícios que refletem na planilha de custos, caso constem na CCT. | G23: CCT | H23: Valor mensal | I23: 0
A24: Adicional de Supervisor (37%) | H24: Porcentagem | I24: Não aplicável
A25: Base de cálculo da insalubridade | H25: Valor | I25: Não aplicável
A26: Quantitativo de horas trabalhadas em feriados no mês (estimado) - Não aplicável para postos 12x36 | H26: Horas por mês | I26: Não aplicável
H27: Acréscimo da hora extra | I27: Não aplicável
A28: Hora Intervalar (somente para postos 12x36, quando for o caso) | H28: Horas por mês | I28: Não aplicável
A29: Sem fornecimento de materiais ou apenas fornecimento de EPIs ou uniformes, utilizar 10%. Com fornecimento de materiais ou equipamentos, utilizar 20%. (Decreto 52.768/2015, alterado pelo Decreto 53.424/2017) | H29: Porcentagem | I29: 0.1
I30: Não aplicável
A36: MONTANTE A
A37: I | B37: Remuneração - Grupo I | H37: % | I37: Valor Mensal/unidade de serviço (R$)
A38: 1 | B38: Salário | H38: =I38/$I$46 -> 1 | I38: =IF(D6="12x36",I10,I10/H10*I5) -> 9922.89
A39: =A38+1 -> 2 | B39: Adicional Periculosidade 30% (Ver súmulas 364, 132 e 191 do TST) | H39: =I39/$I$46 -> 0 | I39: =IF(I9=30%,I38*I9,0) -> 0
A40: =A39+1 -> 3 | B40: Adicional Insalubridade 10% (Ver súmula 228 e 139 TST) (1) | H40: =I40/$I$46 -> 0 | I40: =IF(I7=10%,I25*I7,0) -> 0
A41: =A40+1 -> 4 | B41: Adicional Insalubridade 20% (Ver súmula 228 e 139 TST) (1) | H41: =I41/$I$46 -> 0 | I41: =IF(I7=20%,I25*I7,0) -> 0
A42: =A41+1 -> 5 | B42: Adicional Insalubridade 40% (Ver súmula 228 e 139 TST) (1) | H42: =I42/$I$46 -> 0 | I42: =IF(I7=40%,I25*I7,0) -> 0
A43: =A42+1 -> 6 | B43: Adicional de Supervisor (IN 05/2017 MPOG SLTI) | H43: =I43/$I$46 -> 0 | I43: =IF(I24="Não aplicável",0,I38*I24) -> 0
A44: =A43+1 -> 7 | B44: Feriados | H44: =I44/$I$46 -> 0 | I44: =IF(I26="Não aplicável",0,(I38+I39+I40+I41+I42+I43)/I5*I26*(1+I27)) -> 0
A45: =A44+1 -> 8 | B45: DSR = número total das horas extras do mês / número de dias úteis X domingos e feriados do mês X valor da hora extra com acréscimo | H45: =I45/$I$46 -> 0 | I45: =IF(I26="Não aplicável",0,I26/I13*5*(I10/H10*(1+I27))) -> 0
A46: Total de Remuneração | H46: =SUM(H38:H45) -> 1 | I46: =SUM(I38:I45) -> 9922.89
A47: (1) | B47: Para posto de trabalho que tenha a necessidade de pagamento de adicional de insalubridade, a planilha de custos irá prever o salário proporcional como base de cálculo da insalubridade, conforme Pareceres da PGE nº 21.858/26 e 18.200/2020 e Promoção da PGE disposta no processo administrativo nº 20/2000-0034874-2. Porém, será permitida à licitante a alteração da base de cálculo na planilha de custos para que seja previsto o salário normativo do cargo ou o salário mínimo nacional (o que se aplicar mais benéfico). Uma vez caracterizada a condição insalubre, deve a empresa contratada pagar ao empregado o respectivo adicional na sua integralidade, independentemente da jornada de trabalho do empregado.
A57: II | B57: Encargos Sociais - Grupo II: Obrigações Sociais | H57: % | I57: Valor Mensal/unidade de serviço (R$)
A58: 1 | B58: INSS (art. 22, inc. I, Lei nº 8.212/91) | H58: 0.2 | I58: =$I$46*H58 -> 1984.578
A59: 2 | B59: SESI ou SESC (art. 30, Lei nº 8.036/90) | H59: 0.015 | I59: =$I$46*H59 -> 148.84335
A60: 3 | B60: SENAI ou SENAC (Decreto-Lei nº 2.318/86) | H60: 0.01 | I60: =$I$46*H60 -> 99.2289
A61: 4 | B61: INCRA (art. 15I, Lei Complementar nº 011/71) | H61: 0.002 | I61: =$I$46*H61 -> 19.84578
A62: 5 | B62: SALÁRIO EDUCAÇÃO (art. , inc. I, Decreto nº 87.043/82) | H62: 0.025 | I62: =$I$46*H62 -> 248.07225
A63: 6 | B63: FGTS (art. 15, Lei nº 8.036/90) | H63: 0.08 | I63: =$I$46*H63 -> 793.8312
A64: 7 | B64: SEG. ACIDENTE DO TRABALHO 1%, 2% e 3% (art. 22, inc. II, alíneas "b" e "c", da Lei nº 8.212/91) (2) | H64: 0.03 | I64: =$I$46*H64 -> 297.6867
A65: 8 | B65: SEBRAE (§ 3º, art. 8º, Lei nº 8.029/90) | H65: 0.006 | I65: =$I$46*H65 -> 59.53734
A66: Total do Grupo II | H66: =SUM(H58:H65) -> 0.368 | I66: =SUM(I58:I65) -> 3651.6235
A67: (2) | B67: Os percentuais para o SAT podem variar de 0,50% a 6,00% em função do Fator de Acidente Previdenciário (FAP), Decreto nº 6.957/2009
B68: Deverá obrigatoriamente acompanhar a proposta de preços e a planilha de custos e formação de preços a prova do Fator Acidentário de Prevenção – FAP por meio de impressão de consulta ao site do Ministério da Previdência Social (que pode ser obtido no endereço eletrônico http://www2.dataprev.gov.br/fap/fap.htm), independentemente de alteração da alíquota da parcela do Seguro Acidente de Trabalho disposta no Quadro II da referida planilha.
A69: III | B69: Encargos Sociais - Grupo III: Tempo Não Trabalhado | H69: % | I69: Valor Mensal/unidade de serviço (R$)
A70: 1 | B70: FÉRIAS GOZADAS + ADICIONAL DE FÉRIAS | H70: 0.119314 | I70: =$I$46*H70 -> 1183.9397
A71: 2 | B71: FALTAS ABONADAS (3) | H71: 0.020479 | I71: =$I$46*H71 -> 203.21086
A72: 3 | B72: FALTAS LEGAIS (4) | H72: 0.012123 | I72: =$I$46*H72 -> 120.2952
A73: 4 | B73: LICENÇA MATERNIDADE | H73: 0.011436 | I73: =$I$46*H73 -> 113.47817
A74: 5 | B74: LICENÇA PATERNIDADE | H74: 0.000174 | I74: =$I$46*H74 -> 1.7265829
A75: 6 | B75: ACIDENTE DE TRABALHO | H75: 0.000442 | I75: =$I$46*H75 -> 4.3859174
A76: 7 | B76: AVISO PRÉVIO TRABALHADO | H76: 0.000185 | I76: =$I$46*H76 -> 1.8357346
A77: 8 | B77: 13º SALÁRIO | H77: 0.09079 | I77: =$I$46*H77 -> 900.89918
A78: Total do Grupo III | H78: =SUM(H70:H77) -> 0.254943 | I78: =SUM(I70:I77) -> 2529.7713
A79: (3) | B79: Faltas Justificadas por Auxílio Doença
A80: (4) | B80: Faltas Legais - Art. 473 CLT
A81: IV | B81: Encargos Sociais - Grupo IV: Indenizações | H81: % | I81: Valor Mensal/unidade de serviço (R$)
A82: 1 | B82: INDENIZAÇÕES | H82: 0.048321 | I82: =$I$46*H82 -> 479.48397
A83: 2 | B83: FGTS SOBRE INDENIZAÇÕES | H83: 0.003511 | I83: =$I$46*H83 -> 34.839267
A84: 3 | B84: INDENIZAÇÃO COMPENSATÓRIA POR DEMISSÃO SEM JUSTA CAUSA | H84: 0.019328 | I84: =$I$46*H84 -> 191.78962
A85: Total do Grupo IV | H85: =SUM(H82:H84) -> 0.07116 | I85: =SUM(I82:I84) -> 706.11285
A87: V | B87: Encargos Sociais - Grupo V: Incidências | H87: % | I87: Valor Mensal/unidade de serviço (R$)
A88: 1 | B88: INCIDÊNCIA GRUPO II (Obrigações Sociais) X GRUPO III (Tempo Não Trabalhado) | H88: =(H66*H78) -> 0.093819024 | I88: =$I$46*H88 -> 930.95586
A89: Total do Grupo V | H89: =SUM(H88:H88) -> 0.093819024 | I89: =I88 -> 930.95586
A91: TOTAL DOS ENCARGOS SOCIAIS (II + III + IV + V) | H91: =H66+H78+H85+H89 -> 0.78792202 | I91: =I66+I78+I85+I89 -> 7818.4636
A93: VI | B93: Demais custos relativos à Norma Coletiva ou Disposições Legais - Grupo VI | H93: % | I93: Valor Mensal/unidade de serviço (R$)
A94: 1 | B94: Auxílio Alimentação | H94: =I94/$I$46 -> 0 | I94: =I115 -> 0
A95: =A94+1 -> 2 | B95: Auxílio Lanche | H95: =I95/$I$46 -> 0 | I95: =I111 -> 0
A96: =A95+1 -> 3 | B96: Plano de Saúde | H96: =I96/$I$46 -> 0 | I96: 0
A97: =A96+1 -> 4 | B97: Vale-Transporte⁽⁵⁾ | H97: =I97/$I$46 -> 0 | I97: =I107 -> 0
A98: =A97+1 -> 5 | B98: Adicional Intervalar | H98: =I98/$I$46 -> 0 | I98: =IF(I28="Não aplicável",0,((I10/H10)*1.5*I28)) -> 0
A99: 6 | B99: Prêmio Assiduidade (quando houver) | H99: =I99/$I$46 -> 0 | I99: =IF(I21="Não aplicável",0,I21) -> 0
A100: 7 | B100: Plano de Benefício Social Familiar (apenas para a CCT SEEAC/SINDASSEIO) | H100: =I100/$I$46 -> 0 | I100: =IF(I22="Não aplicável",0,I22) -> 0
A101: 8 | B101: Auxílio Creche | H101: =I101/$I$46 -> 0 | I101: 0
A102: 9 | B102: Outros | H102: =I102/$I$46 -> 0 | I102: =IF(I23="Não aplicável",0,I23) -> 0
A103: Total do Grupo VI | H103: =SUM(H94:H102) -> 0 | I103: =SUM(I94:I102) -> 0
A104: (5) | B104: O valor do vale-transporte pode variar de acordo com o modal fornecido pelo empregador.
A105: MEMÓRIA DE CÁLCULO DO VALE TRANSPORTE
A106: Valor Unitário | C106: Dias de Trabalho | D106: Vale p/dia | E106: Custo total | F106: Base de cálculo | G106: Percentual de desconto | H106: Valor desconto | I106: Custo efetivo
A107: =IF(I12="Não aplicável",0,I12) -> 6 | C107: =IF(I13="Não aplicável",0,I13) -> 22 | D107: 2 | E107: =A107*C107*D107 -> 264 | F107: =I38 -> 9922.89 | G107: =IF(I14="Não aplicável",0,I14) -> 0.06 | H107: =F107*G107 -> 595.3734 | I107: =IF((E107-H107)>0,E107-H107,0) -> 0
A109: MEMÓRIA DE CÁLCULO DO VALE LANCHE
A110: Valor Unitário | C110: Dias por mês | D110: Vale p/dia | E110: Custo total | F110: Base de cálculo | G110: Percentual de desconto | H110: Valor desconto | I110: Custo efetivo
A111: =IF(I18="Não aplicável",0,I18) -> 0 | C111: =IF(I19="Não aplicável",0,I19) -> 0 | D111: 1 | E111: =A111*C111*D111 -> 0 | F111: =E111 -> 0 | G111: =IF(I20="Não aplicável",0,I20) -> 0 | H111: =F111*G111 -> 0 | I111: =E111-H111 -> 0
A113: MEMÓRIA DE CÁLCULO DO | F113: =A15 -> Auxílio Alimentação
A114: Valor Unitário | C114: Dias por mês | D114: Vale p/dia | E114: Custo total | F114: Base de cálculo | G114: Percentual de desconto | H114: =H106 -> Valor desconto | I114: Custo efetivo
A115: =IF(I15="Não aplicável",0,I15) -> 0 | C115: =IF(I16="Não aplicável",0,I16) -> 0 | D115: 1 | E115: =A115*C115*D115 -> 0 | F115: =E115 -> 0 | G115: =IF(I17="Não aplicável",0,I17) -> 0 | H115: =F115*G115 -> 0 | I115: =E115-H115 -> 0
A117: TOTAL DO MONTANTE A (I + II + III+ IV + V +VI) | H117: =H46+H91+H103 -> 1.787922 | I117: =I46+I91+I103 -> 17741.354
A119: MONTANTE B
A120: I | B120: Despesas Diretas | H120: % | I120: Valor Mensal/unidade de serviço (R$)
A121: 1 | B121: Transporte (6) | H121: =I121/$I$133 -> 0 | I121: 0
A122: 2 | B122: Uniformes/EPI (6a) | H122: =I122/$I$133 -> 0 | I122: 0
...

Sheet LOTE 2 - PSICÓLOGO PELOTAS
A1: PLANILHA DE CUSTOS E FORMAÇÃO DE PREÇOS DE SERVIÇOS CONTINUADOS COM DEDICAÇÃO EXCLUSIVA DE MÃO DE OBRA (ANEXO III - DECRETO 52.768 de 15.12.2015)
A2: PROCESSO: | C2: 26/1200-9000536-0 | E2: REGIME DE TRIBUTAÇÃO: LUCRO REAL
A3: LICITAÇÃO/EDITAL | E3: ABERTURA:
A5: Cargo/Função: | D5: PSICÓLOGO PELOTAS | G5: =IF(D6="12x36","Regime de trabalho:","Quantidade de HORAS/MÊS") -> Quantidade de HORAS/MÊS | I5: =IF(D6="12x36",D6,5*D6) -> 200
A6: =IF(D6="12x36","Regime de trabalho:","Regime de trabalho (horas semanais):") -> Regime de trabalho (horas semanais): | D6: 40
A7: Convenção Coletiva de Trabalho: | D7: Base de cálculo conforme item VI do ETP | G7: INSALUBRIDADE (10%, 20%, 40%) | I7: Não aplicável
A8: Origem do salário: | D8: Conforme indicado pelo órgão no item VI do ETP - Programa de Militares Estaduais Temporários de Saúde (MTS) - Lei Estadual nº 15.583/2020 e nº 16.165/2024
A9: Cidade: | D9: PELOTAS | G9: PERICULOSIDADE (30%) | I9: Não aplicável
A10: Salário Normativo | G10: Vlr. do salário e nº de horas correspondentes | H10: 200 | I10: 9922.89
A11: ISS | G11: =D9 -> PELOTAS | H11: Alíquota | I11: 0.04
A12: Tarifa Transporte | G12: CCT | H12: Vr. Unitário | I12: 6.25
H13: Dias | I13: 22
H14: Desconto | I14: 0.06
A15: Auxílio Alimentação | G15: CCT | H15: Vr. Unitário | I15: 0
H16: Dias | I16: 0
H17: Desconto | I17: 0
A18: Auxílio Lanche | G18: CCT | H18: Vr. Unitário | I18: 0
H19: Dias | I19: 0
H20: Desconto | I20: 0
A21: Prêmio Assiduidade / Cesta Básica (quando houver) | G21: CCT | H21: Valor mensal | I21: 0
A22: Plano de Benefício Social Familiar (apenas para a CCT SEEAC/SINDASSEIO) | G22: CCT | H22: Valor mensal | I22: 0
A23: Outros benefícios que refletem na planilha de custos, caso constem na CCT. | G23: CCT | H23: Valor mensal | I23: 0
A24: Adicional de Supervisor (37%) | H24: Porcentagem | I24: Não aplicável
A25: Base de cálculo da insalubridade | H25: Valor | I25: Não aplicável
A26: Quantitativo de horas trabalhadas em feriados no mês (estimado) - Não aplicável para postos 12x36 | H26: Horas por mês | I26: Não aplicável
H27: Acréscimo da hora extra | I27: Não aplicável
A28: Hora Intervalar (somente para postos 12x36, quando for o caso) | H28: Horas por mês | I28: Não aplicável
A29: Sem fornecimento de materiais ou apenas fornecimento de EPIs ou uniformes, utilizar 10%. Com fornecimento de materiais ou equipamentos, utilizar 20%. (Decreto 52.768/2015, alterado pelo Decreto 53.424/2017) | H29: Porcentagem | I29: 0.1
I30: Não aplicável
A36: MONTANTE A
A37: I | B37: Remuneração - Grupo I | H37: % | I37: Valor Mensal/unidade de serviço (R$)
A38: 1 | B38: Salário | H38: =I38/$I$46 -> 1 | I38: =IF(D6="12x36",I10,I10/H10*I5) -> 9922.89
A39: =A38+1 -> 2 | B39: Adicional Periculosidade 30% (Ver súmulas 364, 132 e 191 do TST) | H39: =I39/$I$46 -> 0 | I39: =IF(I9=30%,I38*I9,0) -> 0
A40: =A39+1 -> 3 | B40: Adicional Insalubridade 10% (Ver súmula 228 e 139 TST) (1) | H40: =I40/$I$46 -> 0 | I40: =IF(I7=10%,I25*I7,0) -> 0
A41: =A40+1 -> 4 | B41: Adicional Insalubridade 20% (Ver súmula 228 e 139 TST) (1) | H41: =I41/$I$46 -> 0 | I41: =IF(I7=20%,I25*I7,0) -> 0
A42: =A41+1 -> 5 | B42: Adicional Insalubridade 40% (Ver súmula 228 e 139 TST) (1) | H42: =I42/$I$46 -> 0 | I42: =IF(I7=40%,I25*I7,0) -> 0
A43: =A42+1 -> 6 | B43: Adicional de Supervisor (IN 05/2017 MPOG SLTI) | H43: =I43/$I$46 -> 0 | I43: =IF(I24="Não aplicável",0,I38*I24) -> 0
A44: =A43+1 -> 7 | B44: Feriados | H44: =I44/$I$46 -> 0 | I44: =IF(I26="Não aplicável",0,(I38+I39+I40+I41+I42+I43)/I5*I26*(1+I27)) -> 0
A45: =A44+1 -> 8 | B45: DSR = número total das horas extras do mês / número de dias úteis X domingos e feriados do mês X valor da hora extra com acréscimo | H45: =I45/$I$46 -> 0 | I45: =IF(I26="Não aplicável",0,I26/I13*5*(I10/H10*(1+I27))) -> 0
A46: Total de Remuneração | H46: =SUM(H38:H45) -> 1 | I46: =SUM(I38:I45) -> 9922.89
A47: (1) | B47: Para posto de trabalho que tenha a necessidade de pagamento de adicional de insalubridade, a planilha de custos irá prever o salário proporcional como base de cálculo da insalubridade, conforme Pareceres da PGE nº 21.858/26 e 18.200/2020 e Promoção da PGE disposta no processo administrativo nº 20/2000-0034874-2. Porém, será permitida à licitante a alteração da base de cálculo na planilha de custos para que seja previsto o salário normativo do cargo ou o salário mínimo nacional (o que se aplicar mais benéfico). Uma vez caracterizada a condição insalubre, deve a empresa contratada pagar ao empregado o respectivo adicional na sua integralidade, independentemente da jornada de trabalho do empregado.
A57: II | B57: Encargos Sociais - Grupo II: Obrigações Sociais | H57: % | I57: Valor Mensal/unidade de serviço (R$)
A58: 1 | B58: INSS (art. 22, inc. I, Lei nº 8.212/91) | H58: 0.2 | I58: =$I$46*H58 -> 1984.578
A59: 2 | B59: SESI ou SESC (art. 30, Lei nº 8.036/90) | H59: 0.015 | I59: =$I$46*H59 -> 148.84335
A60: 3 | B60: SENAI ou SENAC (Decreto-Lei nº 2.318/86) | H60: 0.01 | I60: =$I$46*H60 -> 99.2289
A61: 4 | B61: INCRA (art. 15I, Lei Complementar nº 011/71) | H61: 0.002 | I61: =$I$46*H61 -> 19.84578
A62: 5 | B62: SALÁRIO EDUCAÇÃO (art. , inc. I, Decreto nº 87.043/82) | H62: 0.025 | I62: =$I$46*H62 -> 248.07225
A63: 6 | B63: FGTS (art. 15, Lei nº 8.036/90) | H63: 0.08 | I63: =$I$46*H63 -> 793.8312
A64: 7 | B64: SEG. ACIDENTE DO TRABALHO 1%, 2% e 3% (art. 22, inc. II, alíneas "b" e "c", da Lei nº 8.212/91) (2) | H64: 0.03 | I64: =$I$46*H64 -> 297.6867
A65: 8 | B65: SEBRAE (§ 3º, art. 8º, Lei nº 8.029/90) | H65: 0.006 | I65: =$I$46*H65 -> 59.53734
A66: Total do Grupo II | H66: =SUM(H58:H65) -> 0.368 | I66: =SUM(I58:I65) -> 3651.6235
A67: (2) | B67: Os percentuais para o SAT podem variar de 0,50% a 6,00% em função do Fator de Acidente Previdenciário (FAP), Decreto nº 6.957/2009
B68: Deverá obrigatoriamente acompanhar a proposta de preços e a planilha de custos e formação de preços a prova do Fator Acidentário de Prevenção – FAP por meio de impressão de consulta ao site do Ministério da Previdência Social (que pode ser obtido no endereço eletrônico http://www2.dataprev.gov.br/fap/fap.htm), independentemente de alteração da alíquota da parcela do Seguro Acidente de Trabalho disposta no Quadro II da referida planilha.
A69: III | B69: Encargos Sociais - Grupo III: Tempo Não Trabalhado | H69: % | I69: Valor Mensal/unidade de serviço (R$)
A70: 1 | B70: FÉRIAS GOZADAS + ADICIONAL DE FÉRIAS | H70: 0.119314 | I70: =$I$46*H70 -> 1183.9397
A71: 2 | B71: FALTAS ABONADAS (3) | H71: 0.020479 | I71: =$I$46*H71 -> 203.21086
A72: 3 | B72: FALTAS LEGAIS (4) | H72: 0.012123 | I72: =$I$46*H72 -> 120.2952
A73: 4 | B73: LICENÇA MATERNIDADE | H73: 0.011436 | I73: =$I$46*H73 -> 113.47817
A74: 5 | B74: LICENÇA PATERNIDADE | H74: 0.000174 | I74: =$I$46*H74 -> 1.7265829
A75: 6 | B75: ACIDENTE DE TRABALHO | H75: 0.000442 | I75: =$I$46*H75 -> 4.3859174
A76: 7 | B76: AVISO PRÉVIO TRABALHADO | H76: 0.000185 | I76: =$I$46*H76 -> 1.8357346
A77: 8 | B77: 13º SALÁRIO | H77: 0.09079 | I77: =$I$46*H77 -> 900.89918
A78: Total do Grupo III | H78: =SUM(H70:H77) -> 0.254943 | I78: =SUM(I70:I77) -> 2529.7713
A79: (3) | B79: Faltas Justificadas por Auxílio Doença
A80: (4) | B80: Faltas Legais - Art. 473 CLT
A81: IV | B81: Encargos Sociais - Grupo IV: Indenizações | H81: % | I81: Valor Mensal/unidade de serviço (R$)
A82: 1 | B82: INDENIZAÇÕES | H82: 0.048321 | I82: =$I$46*H82 -> 479.48397
A83: 2 | B83: FGTS SOBRE INDENIZAÇÕES | H83: 0.003511 | I83: =$I$46*H83 -> 34.839267
A84: 3 | B84: INDENIZAÇÃO COMPENSATÓRIA POR DEMISSÃO SEM JUSTA CAUSA | H84: 0.019328 | I84: =$I$46*H84 -> 191.78962
A85: Total do Grupo IV | H85: =SUM(H82:H84) -> 0.07116 | I85: =SUM(I82:I84) -> 706.11285
A87: V | B87: Encargos Sociais - Grupo V: Incidências | H87: % | I87: Valor Mensal/unidade de serviço (R$)
A88: 1 | B88: INCIDÊNCIA GRUPO II (Obrigações Sociais) X GRUPO III (Tempo Não Trabalhado) | H88: =(H66*H78) -> 0.093819024 | I88: =$I$46*H88 -> 930.95586
A89: Total do Grupo V | H89: =SUM(H88:H88) -> 0.093819024 | I89: =I88 -> 930.95586
A91: TOTAL DOS ENCARGOS SOCIAIS (II + III + IV + V) | H91: =H66+H78+H85+H89 -> 0.78792202 | I91: =I66+I78+I85+I89 -> 7818.4636
A93: VI | B93: Demais custos relativos à Norma Coletiva ou Disposições Legais - Grupo VI | H93: % | I93: Valor Mensal/unidade de serviço (R$)
A94: 1 | B94: Auxílio Alimentação | H94: =I94/$I$46 -> 0 | I94: =I115 -> 0
A95: =A94+1 -> 2 | B95: Auxílio Lanche | H95: =I95/$I$46 -> 0 | I95: =I111 -> 0
A96: =A95+1 -> 3 | B96: Plano de Saúde | H96: =I96/$I$46 -> 0 | I96: 0
A97: =A96+1 -> 4 | B97: Vale-Transporte⁽⁵⁾ | H97: =I97/$I$46 -> 0 | I97: =I107 -> 0
A98: =A97+1 -> 5 | B98: Adicional Intervalar | H98: =I98/$I$46 -> 0 | I98: =IF(I28="Não aplicável",0,((I10/H10)*1.5*I28)) -> 0
A99: 6 | B99: Prêmio Assiduidade (quando houver) | H99: =I99/$I$46 -> 0 | I99: =IF(I21="Não aplicável",0,I21) -> 0
A100: 7 | B100: Plano de Benefício Social Familiar (apenas para a CCT SEEAC/SINDASSEIO) | H100: =I100/$I$46 -> 0 | I100: =IF(I22="Não aplicável",0,I22) -> 0
A101: 8 | B101: Auxílio Creche | H101: =I101/$I$46 -> 0 | I101: 0
A102: 9 | B102: Outros | H102: =I102/$I$46 -> 0 | I102: =IF(I23="Não aplicável",0,I23) -> 0
A103: Total do Grupo VI | H103: =SUM(H94:H102) -> 0 | I103: =SUM(I94:I102) -> 0
A104: (5) | B104: O valor do vale-transporte pode variar de acordo com o modal fornecido pelo empregador.
A105: MEMÓRIA DE CÁLCULO DO VALE TRANSPORTE
A106: Valor Unitário | C106: Dias de Trabalho | D106: Vale p/dia | E106: Custo total | F106: Base de cálculo | G106: Percentual de desconto | H106: Valor desconto | I106: Custo efetivo
A107: =IF(I12="Não aplicável",0,I12) -> 6.25 | C107: =IF(I13="Não aplicável",0,I13) -> 22 | D107: 2 | E107: =A107*C107*D107 -> 275 | F107: =I38 -> 9922.89 | G107: =IF(I14="Não aplicável",0,I14) -> 0.06 | H107: =F107*G107 -> 595.3734 | I107: =IF((E107-H107)>0,E107-H107,0) -> 0
A109: MEMÓRIA DE CÁLCULO DO VALE LANCHE
A110: Valor Unitário | C110: Dias por mês | D110: Vale p/dia | E110: Custo total | F110: Base de cálculo | G110: Percentual de desconto | H110: Valor desconto | I110: Custo efetivo
A111: =IF(I18="Não aplicável",0,I18) -> 0 | C111: =IF(I19="Não aplicável",0,I19) -> 0 | D111: 1 | E111: =A111*C111*D111 -> 0 | F111: =E111 -> 0 | G111: =IF(I20="Não aplicável",0,I20) -> 0 | H111: =F111*G111 -> 0 | I111: =E111-H111 -> 0
A113: MEMÓRIA DE CÁLCULO DO | F113: =A15 -> Auxílio Alimentação
A114: Valor Unitário | C114: Dias por mês | D114: Vale p/dia | E114: Custo total | F114: Base de cálculo | G114: Percentual de desconto | H114: =H106 -> Valor desconto | I114: Custo efetivo
A115: =IF(I15="Não aplicável",0,I15) -> 0 | C115: =IF(I16="Não aplicável",0,I16) -> 0 | D115: 1 | E115: =A115*C115*D115 -> 0 | F115: =E115 -> 0 | G115: =IF(I17="Não aplicável",0,I17) -> 0 | H115: =F115*G115 -> 0 | I115: =E115-H115 -> 0
A117: TOTAL DO MONTANTE A (I + II + III+ IV + V +VI) | H117: =H46+H91+H103 -> 1.787922 | I117: =I46+I91+I103 -> 17741.354
A119: MONTANTE B
A120: I | B120: Despesas Diretas | H120: % | I120: Valor Mensal/unidade de serviço (R$)
A121: 1 | B121: Transporte (6) | H121: =I121/$I$133 -> 0 | I121: 0
A122: 2 | B122: Uniformes/EPI (6a) | H122: =I122/$I$133 -> 0 | I122: 0
...

Sheet LOTE 2 - PSICÓLOGO SANTA MARIA
A1: PLANILHA DE CUSTOS E FORMAÇÃO DE PREÇOS DE SERVIÇOS CONTINUADOS COM DEDICAÇÃO EXCLUSIVA DE MÃO DE OBRA (ANEXO III - DECRETO 52.768 de 15.12.2015)
A2: PROCESSO: | C2: 26/1200-9000536-0 | E2: REGIME DE TRIBUTAÇÃO: LUCRO REAL
A3: LICITAÇÃO/EDITAL | E3: ABERTURA:
A5: Cargo/Função: | D5: PSICÓLOGO SANTA MARIA | G5: =IF(D6="12x36","Regime de trabalho:","Quantidade de HORAS/MÊS") -> Quantidade de HORAS/MÊS | I5: =IF(D6="12x36",D6,5*D6) -> 200
A6: =IF(D6="12x36","Regime de trabalho:","Regime de trabalho (horas semanais):") -> Regime de trabalho (horas semanais): | D6: 40
A7: Convenção Coletiva de Trabalho: | D7: Base de cálculo conforme item VI do ETP | G7: INSALUBRIDADE (10%, 20%, 40%) | I7: Não aplicável
A8: Origem do salário: | D8: Conforme indicado pelo órgão no item VI do ETP - Programa de Militares Estaduais Temporários de Saúde (MTS) - Lei Estadual nº 15.583/2020 e nº 16.165/2024
A9: Cidade: | D9: SANTA MARIA | G9: PERICULOSIDADE (30%) | I9: Não aplicável
A10: Salário Normativo | G10: Vlr. do salário e nº de horas correspondentes | H10: 200 | I10: 9922.89
A11: ISS | G11: =D9 -> SANTA MARIA | H11: Alíquota | I11: 0.04
A12: Tarifa Transporte | G12: CCT | H12: Vr. Unitário | I12: 7.25
H13: Dias | I13: 22
H14: Desconto | I14: 0.06
A15: Auxílio Alimentação | G15: CCT | H15: Vr. Unitário | I15: 0
H16: Dias | I16: 0
H17: Desconto | I17: 0
A18: Auxílio Lanche | G18: CCT | H18: Vr. Unitário | I18: 0
H19: Dias | I19: 0
H20: Desconto | I20: 0
A21: Prêmio Assiduidade / Cesta Básica (quando houver) | G21: CCT | H21: Valor mensal | I21: 0
A22: Plano de Benefício Social Familiar (apenas para a CCT SEEAC/SINDASSEIO) | G22: CCT | H22: Valor mensal | I22: 0
A23: Outros benefícios que refletem na planilha de custos, caso constem na CCT. | G23: CCT | H23: Valor mensal | I23: 0
A24: Adicional de Supervisor (37%) | H24: Porcentagem | I24: Não aplicável
A25: Base de cálculo da insalubridade | H25: Valor | I25: Não aplicável
A26: Quantitativo de horas trabalhadas em feriados no mês (estimado) - Não aplicável para postos 12x36 | H26: Horas por mês | I26: Não aplicável
H27: Acréscimo da hora extra | I27: Não aplicável
A28: Hora Intervalar (somente para postos 12x36, quando for o caso) | H28: Horas por mês | I28: Não aplicável
A29: Sem fornecimento de materiais ou apenas fornecimento de EPIs ou uniformes, utilizar 10%. Com fornecimento de materiais ou equipamentos, utilizar 20%. (Decreto 52.768/2015, alterado pelo Decreto 53.424/2017) | H29: Porcentagem | I29: 0.1
I30: Não aplicável
A36: MONTANTE A
A37: I | B37: Remuneração - Grupo I | H37: % | I37: Valor Mensal/unidade de serviço (R$)
A38: 1 | B38: Salário | H38: =I38/$I$46 -> 1 | I38: =IF(D6="12x36",I10,I10/H10*I5) -> 9922.89
A39: =A38+1 -> 2 | B39: Adicional Periculosidade 30% (Ver súmulas 364, 132 e 191 do TST) | H39: =I39/$I$46 -> 0 | I39: =IF(I9=30%,I38*I9,0) -> 0
A40: =A39+1 -> 3 | B40: Adicional Insalubridade 10% (Ver súmula 228 e 139 TST) (1) | H40: =I40/$I$46 -> 0 | I40: =IF(I7=10%,I25*I7,0) -> 0
A41: =A40+1 -> 4 | B41: Adicional Insalubridade 20% (Ver súmula 228 e 139 TST) (1) | H41: =I41/$I$46 -> 0 | I41: =IF(I7=20%,I25*I7,0) -> 0
A42: =A41+1 -> 5 | B42: Adicional Insalubridade 40% (Ver súmula 228 e 139 TST) (1) | H42: =I42/$I$46 -> 0 | I42: =IF(I7=40%,I25*I7,0) -> 0
A43: =A42+1 -> 6 | B43: Adicional de Supervisor (IN 05/2017 MPOG SLTI) | H43: =I43/$I$46 -> 0 | I43: =IF(I24="Não aplicável",0,I38*I24) -> 0
A44: =A43+1 -> 7 | B44: Feriados | H44: =I44/$I$46 -> 0 | I44: =IF(I26="Não aplicável",0,(I38+I39+I40+I41+I42+I43)/I5*I26*(1+I27)) -> 0
A45: =A44+1 -> 8 | B45: DSR = número total das horas extras do mês / número de dias úteis X domingos e feriados do mês X valor da hora extra com acréscimo | H45: =I45/$I$46 -> 0 | I45: =IF(I26="Não aplicável",0,I26/I13*5*(I10/H10*(1+I27))) -> 0
A46: Total de Remuneração | H46: =SUM(H38:H45) -> 1 | I46: =SUM(I38:I45) -> 9922.89
A47: (1) | B47: Para posto de trabalho que tenha a necessidade de pagamento de adicional de insalubridade, a planilha de custos irá prever o salário proporcional como base de cálculo da insalubridade, conforme Pareceres da PGE nº 21.858/26 e 18.200/2020 e Promoção da PGE disposta no processo administrativo nº 20/2000-0034874-2. Porém, será permitida à licitante a alteração da base de cálculo na planilha de custos para que seja previsto o salário normativo do cargo ou o salário mínimo nacional (o que se aplicar mais benéfico). Uma vez caracterizada a condição insalubre, deve a empresa contratada pagar ao empregado o respectivo adicional na sua integralidade, independentemente da jornada de trabalho do empregado.
A57: II | B57: Encargos Sociais - Grupo II: Obrigações Sociais | H57: % | I57: Valor Mensal/unidade de serviço (R$)
A58: 1 | B58: INSS (art. 22, inc. I, Lei nº 8.212/91) | H58: 0.2 | I58: =$I$46*H58 -> 1984.578
A59: 2 | B59: SESI ou SESC (art. 30, Lei nº 8.036/90) | H59: 0.015 | I59: =$I$46*H59 -> 148.84335
A60: 3 | B60: SENAI ou SENAC (Decreto-Lei nº 2.318/86) | H60: 0.01 | I60: =$I$46*H60 -> 99.2289
A61: 4 | B61: INCRA (art. 15I, Lei Complementar nº 011/71) | H61: 0.002 | I61: =$I$46*H61 -> 19.84578
A62: 5 | B62: SALÁRIO EDUCAÇÃO (art. , inc. I, Decreto nº 87.043/82) | H62: 0.025 | I62: =$I$46*H62 -> 248.07225
A63: 6 | B63: FGTS (art. 15, Lei nº 8.036/90) | H63: 0.08 | I63: =$I$46*H63 -> 793.8312
A64: 7 | B64: SEG. ACIDENTE DO TRABALHO 1%, 2% e 3% (art. 22, inc. II, alíneas "b" e "c", da Lei nº 8.212/91) (2) | H64: 0.03 | I64: =$I$46*H64 -> 297.6867
A65: 8 | B65: SEBRAE (§ 3º, art. 8º, Lei nº 8.029/90) | H65: 0.006 | I65: =$I$46*H65 -> 59.53734
A66: Total do Grupo II | H66: =SUM(H58:H65) -> 0.368 | I66: =SUM(I58:I65) -> 3651.6235
A67: (2) | B67: Os percentuais para o SAT podem variar de 0,50% a 6,00% em função do Fator de Acidente Previdenciário (FAP), Decreto nº 6.957/2009
B68: Deverá obrigatoriamente acompanhar a proposta de preços e a planilha de custos e formação de preços a prova do Fator Acidentário de Prevenção – FAP por meio de impressão de consulta ao site do Ministério da Previdência Social (que pode ser obtido no endereço eletrônico http://www2.dataprev.gov.br/fap/fap.htm), independentemente de alteração da alíquota da parcela do Seguro Acidente de Trabalho disposta no Quadro II da referida planilha.
A69: III | B69: Encargos Sociais - Grupo III: Tempo Não Trabalhado | H69: % | I69: Valor Mensal/unidade de serviço (R$)
A70: 1 | B70: FÉRIAS GOZADAS + ADICIONAL DE FÉRIAS | H70: 0.119314 | I70: =$I$46*H70 -> 1183.9397
A71: 2 | B71: FALTAS ABONADAS (3) | H71: 0.020479 | I71: =$I$46*H71 -> 203.21086
A72: 3 | B72: FALTAS LEGAIS (4) | H72: 0.012123 | I72: =$I$46*H72 -> 120.2952
A73: 4 | B73: LICENÇA MATERNIDADE | H73: 0.011436 | I73: =$I$46*H73 -> 113.47817
A74: 5 | B74: LICENÇA PATERNIDADE | H74: 0.000174 | I74: =$I$46*H74 -> 1.7265829
A75: 6 | B75: ACIDENTE DE TRABALHO | H75: 0.000442 | I75: =$I$46*H75 -> 4.3859174
A76: 7 | B76: AVISO PRÉVIO TRABALHADO | H76: 0.000185 | I76: =$I$46*H76 -> 1.8357346
A77: 8 | B77: 13º SALÁRIO | H77: 0.09079 | I77: =$I$46*H77 -> 900.89918
A78: Total do Grupo III | H78: =SUM(H70:H77) -> 0.254943 | I78: =SUM(I70:I77) -> 2529.7713
A79: (3) | B79: Faltas Justificadas por Auxílio Doença
A80: (4) | B80: Faltas Legais - Art. 473 CLT
A81: IV | B81: Encargos Sociais - Grupo IV: Indenizações | H81: % | I81: Valor Mensal/unidade de serviço (R$)
A82: 1 | B82: INDENIZAÇÕES | H82: 0.048321 | I82: =$I$46*H82 -> 479.48397
A83: 2 | B83: FGTS SOBRE INDENIZAÇÕES | H83: 0.003511 | I83: =$I$46*H83 -> 34.839267
A84: 3 | B84: INDENIZAÇÃO COMPENSATÓRIA POR DEMISSÃO SEM JUSTA CAUSA | H84: 0.019328 | I84: =$I$46*H84 -> 191.78962
A85: Total do Grupo IV | H85: =SUM(H82:H84) -> 0.07116 | I85: =SUM(I82:I84) -> 706.11285
A87: V | B87: Encargos Sociais - Grupo V: Incidências | H87: % | I87: Valor Mensal/unidade de serviço (R$)
A88: 1 | B88: INCIDÊNCIA GRUPO II (Obrigações Sociais) X GRUPO III (Tempo Não Trabalhado) | H88: =(H66*H78) -> 0.093819024 | I88: =$I$46*H88 -> 930.95586
A89: Total do Grupo V | H89: =SUM(H88:H88) -> 0.093819024 | I89: =I88 -> 930.95586
A91: TOTAL DOS ENCARGOS SOCIAIS (II + III + IV + V) | H91: =H66+H78+H85+H89 -> 0.78792202 | I91: =I66+I78+I85+I89 -> 7818.4636
A93: VI | B93: Demais custos relativos à Norma Coletiva ou Disposições Legais - Grupo VI | H93: % | I93: Valor Mensal/unidade de serviço (R$)
A94: 1 | B94: Auxílio Alimentação | H94: =I94/$I$46 -> 0 | I94: =I115 -> 0
A95: =A94+1 -> 2 | B95: Auxílio Lanche | H95: =I95/$I$46 -> 0 | I95: =I111 -> 0
A96: =A95+1 -> 3 | B96: Plano de Saúde | H96: =I96/$I$46 -> 0 | I96: 0
A97: =A96+1 -> 4 | B97: Vale-Transporte⁽⁵⁾ | H97: =I97/$I$46 -> 0 | I97: =I107 -> 0
A98: =A97+1 -> 5 | B98: Adicional Intervalar | H98: =I98/$I$46 -> 0 | I98: =IF(I28="Não aplicável",0,((I10/H10)*1.5*I28)) -> 0
A99: 6 | B99: Prêmio Assiduidade (quando houver) | H99: =I99/$I$46 -> 0 | I99: =IF(I21="Não aplicável",0,I21) -> 0
A100: 7 | B100: Plano de Benefício Social Familiar (apenas para a CCT SEEAC/SINDASSEIO) | H100: =I100/$I$46 -> 0 | I100: =IF(I22="Não aplicável",0,I22) -> 0
A101: 8 | B101: Auxílio Creche | H101: =I101/$I$46 -> 0 | I101: 0
A102: 9 | B102: Outros | H102: =I102/$I$46 -> 0 | I102: =IF(I23="Não aplicável",0,I23) -> 0
A103: Total do Grupo VI | H103: =SUM(H94:H102) -> 0 | I103: =SUM(I94:I102) -> 0
A104: (5) | B104: O valor do vale-transporte pode variar de acordo com o modal fornecido pelo empregador.
A105: MEMÓRIA DE CÁLCULO DO VALE TRANSPORTE
A106: Valor Unitário | C106: Dias de Trabalho | D106: Vale p/dia | E106: Custo total | F106: Base de cálculo | G106: Percentual de desconto | H106: Valor desconto | I106: Custo efetivo
A107: =IF(I12="Não aplicável",0,I12) -> 7.25 | C107: =IF(I13="Não aplicável",0,I13) -> 22 | D107: 2 | E107: =A107*C107*D107 -> 319 | F107: =I38 -> 9922.89 | G107: =IF(I14="Não aplicável",0,I14) -> 0.06 | H107: =F107*G107 -> 595.3734 | I107: =IF((E107-H107)>0,E107-H107,0) -> 0
A109: MEMÓRIA DE CÁLCULO DO VALE LANCHE
A110: Valor Unitário | C110: Dias por mês | D110: Vale p/dia | E110: Custo total | F110: Base de cálculo | G110: Percentual de desconto | H110: Valor desconto | I110: Custo efetivo
A111: =IF(I18="Não aplicável",0,I18) -> 0 | C111: =IF(I19="Não aplicável",0,I19) -> 0 | D111: 1 | E111: =A111*C111*D111 -> 0 | F111: =E111 -> 0 | G111: =IF(I20="Não aplicável",0,I20) -> 0 | H111: =F111*G111 -> 0 | I111: =E111-H111 -> 0
A113: MEMÓRIA DE CÁLCULO DO | F113: =A15 -> Auxílio Alimentação
A114: Valor Unitário | C114: Dias por mês | D114: Vale p/dia | E114: Custo total | F114: Base de cálculo | G114: Percentual de desconto | H114: =H106 -> Valor desconto | I114: Custo efetivo
A115: =IF(I15="Não aplicável",0,I15) -> 0 | C115: =IF(I16="Não aplicável",0,I16) -> 0 | D115: 1 | E115: =A115*C115*D115 -> 0 | F115: =E115 -> 0 | G115: =IF(I17="Não aplicável",0,I17) -> 0 | H115: =F115*G115 -> 0 | I115: =E115-H115 -> 0
A117: TOTAL DO MONTANTE A (I + II + III+ IV + V +VI) | H117: =H46+H91+H103 -> 1.787922 | I117: =I46+I91+I103 -> 17741.354
A119: MONTANTE B
A120: I | B120: Despesas Diretas | H120: % | I120: Valor Mensal/unidade de serviço (R$)
A121: 1 | B121: Transporte (6) | H121: =I121/$I$133 -> 0 | I121: 0
A122: 2 | B122: Uniformes/EPI (6a) | H122: =I122/$I$133 -> 0 | I122: 0
...

Sheet LOTE 2 - PSICÓLOGO PASSO FUNDO
A1: PLANILHA DE CUSTOS E FORMAÇÃO DE PREÇOS DE SERVIÇOS CONTINUADOS COM DEDICAÇÃO EXCLUSIVA DE MÃO DE OBRA (ANEXO III - DECRETO 52.768 de 15.12.2015)
A2: PROCESSO: | C2: 26/1200-9000536-0 | E2: REGIME DE TRIBUTAÇÃO: LUCRO REAL
A3: LICITAÇÃO/EDITAL | E3: ABERTURA:
A5: Cargo/Função: | D5: PSICÓLOGO PASSO FUNDO | G5: =IF(D6="12x36","Regime de trabalho:","Quantidade de HORAS/MÊS") -> Quantidade de HORAS/MÊS | I5: =IF(D6="12x36",D6,5*D6) -> 200
A6: =IF(D6="12x36","Regime de trabalho:","Regime de trabalho (horas semanais):") -> Regime de trabalho (horas semanais): | D6: 40
A7: Convenção Coletiva de Trabalho: | D7: Base de cálculo conforme item VI do ETP | G7: INSALUBRIDADE (10%, 20%, 40%) | I7: Não aplicável
A8: Origem do salário: | D8: Conforme indicado pelo órgão no item VI do ETP - Programa de Militares Estaduais Temporários de Saúde (MTS) - Lei Estadual nº 15.583/2020 e nº 16.165/2024
A9: Cidade: | D9: PASSO FUNDO | G9: PERICULOSIDADE (30%) | I9: Não aplicável
A10: Salário Normativo | G10: Vlr. do salário e nº de horas correspondentes | H10: 200 | I10: 9922.89
A11: ISS | G11: =D9 -> PASSO FUNDO | H11: Alíquota | I11: 0.02
A12: Tarifa Transporte | G12: CCT | H12: Vr. Unitário | I12: 6
H13: Dias | I13: 22
H14: Desconto | I14: 0.06
A15: Auxílio Alimentação | G15: CCT | H15: Vr. Unitário | I15: 0
H16: Dias | I16: 0
H17: Desconto | I17: 0
A18: Auxílio Lanche | G18: CCT | H18: Vr. Unitário | I18: 0
H19: Dias | I19: 0
H20: Desconto | I20: 0
A21: Prêmio Assiduidade / Cesta Básica (quando houver) | G21: CCT | H21: Valor mensal | I21: 0
A22: Plano de Benefício Social Familiar (apenas para a CCT SEEAC/SINDASSEIO) | G22: CCT | H22: Valor mensal | I22: 0
A23: Outros benefícios que refletem na planilha de custos, caso constem na CCT. | G23: CCT | H23: Valor mensal | I23: 0
A24: Adicional de Supervisor (37%) | H24: Porcentagem | I24: Não aplicável
A25: Base de cálculo da insalubridade | H25: Valor | I25: Não aplicável
A26: Quantitativo de horas trabalhadas em feriados no mês (estimado) - Não aplicável para postos 12x36 | H26: Horas por mês | I26: Não aplicável
H27: Acréscimo da hora extra | I27: Não aplicável
A28: Hora Intervalar (somente para postos 12x36, quando for o caso) | H28: Horas por mês | I28: Não aplicável
A29: Sem fornecimento de materiais ou apenas fornecimento de EPIs ou uniformes, utilizar 10%. Com fornecimento de materiais ou equipamentos, utilizar 20%. (Decreto 52.768/2015, alterado pelo Decreto 53.424/2017) | H29: Porcentagem | I29: 0.1
I30: Não aplicável
A36: MONTANTE A
A37: I | B37: Remuneração - Grupo I | H37: % | I37: Valor Mensal/unidade de serviço (R$)
A38: 1 | B38: Salário | H38: =I38/$I$46 -> 1 | I38: =IF(D6="12x36",I10,I10/H10*I5) -> 9922.89
A39: =A38+1 -> 2 | B39: Adicional Periculosidade 30% (Ver súmulas 364, 132 e 191 do TST) | H39: =I39/$I$46 -> 0 | I39: =IF(I9=30%,I38*I9,0) -> 0
A40: =A39+1 -> 3 | B40: Adicional Insalubridade 10% (Ver súmula 228 e 139 TST) (1) | H40: =I40/$I$46 -> 0 | I40: =IF(I7=10%,I25*I7,0) -> 0
A41: =A40+1 -> 4 | B41: Adicional Insalubridade 20% (Ver súmula 228 e 139 TST) (1) | H41: =I41/$I$46 -> 0 | I41: =IF(I7=20%,I25*I7,0) -> 0
A42: =A41+1 -> 5 | B42: Adicional Insalubridade 40% (Ver súmula 228 e 139 TST) (1) | H42: =I42/$I$46 -> 0 | I42: =IF(I7=40%,I25*I7,0) -> 0
A43: =A42+1 -> 6 | B43: Adicional de Supervisor (IN 05/2017 MPOG SLTI) | H43: =I43/$I$46 -> 0 | I43: =IF(I24="Não aplicável",0,I38*I24) -> 0
A44: =A43+1 -> 7 | B44: Feriados | H44: =I44/$I$46 -> 0 | I44: =IF(I26="Não aplicável",0,(I38+I39+I40+I41+I42+I43)/I5*I26*(1+I27)) -> 0
A45: =A44+1 -> 8 | B45: DSR = número total das horas extras do mês / número de dias úteis X domingos e feriados do mês X valor da hora extra com acréscimo | H45: =I45/$I$46 -> 0 | I45: =IF(I26="Não aplicável",0,I26/I13*5*(I10/H10*(1+I27))) -> 0
A46: Total de Remuneração | H46: =SUM(H38:H45) -> 1 | I46: =SUM(I38:I45) -> 9922.89
A47: (1) | B47: Para posto de trabalho que tenha a necessidade de pagamento de adicional de insalubridade, a planilha de custos irá prever o salário proporcional como base de cálculo da insalubridade, conforme Pareceres da PGE nº 21.858/26 e 18.200/2020 e Promoção da PGE disposta no processo administrativo nº 20/2000-0034874-2. Porém, será permitida à licitante a alteração da base de cálculo na planilha de custos para que seja previsto o salário normativo do cargo ou o salário mínimo nacional (o que se aplicar mais benéfico). Uma vez caracterizada a condição insalubre, deve a empresa contratada pagar ao empregado o respectivo adicional na sua integralidade, independentemente da jornada de trabalho do empregado.
A57: II | B57: Encargos Sociais - Grupo II: Obrigações Sociais | H57: % | I57: Valor Mensal/unidade de serviço (R$)
A58: 1 | B58: INSS (art. 22, inc. I, Lei nº 8.212/91) | H58: 0.2 | I58: =$I$46*H58 -> 1984.578
A59: 2 | B59: SESI ou SESC (art. 30, Lei nº 8.036/90) | H59: 0.015 | I59: =$I$46*H59 -> 148.84335
A60: 3 | B60: SENAI ou SENAC (Decreto-Lei nº 2.318/86) | H60: 0.01 | I60: =$I$46*H60 -> 99.2289
A61: 4 | B61: INCRA (art. 15I, Lei Complementar nº 011/71) | H61: 0.002 | I61: =$I$46*H61 -> 19.84578
A62: 5 | B62: SALÁRIO EDUCAÇÃO (art. , inc. I, Decreto nº 87.043/82) | H62: 0.025 | I62: =$I$46*H62 -> 248.07225
A63: 6 | B63: FGTS (art. 15, Lei nº 8.036/90) | H63: 0.08 | I63: =$I$46*H63 -> 793.8312
A64: 7 | B64: SEG. ACIDENTE DO TRABALHO 1%, 2% e 3% (art. 22, inc. II, alíneas "b" e "c", da Lei nº 8.212/91) (2) | H64: 0.03 | I64: =$I$46*H64 -> 297.6867
A65: 8 | B65: SEBRAE (§ 3º, art. 8º, Lei nº 8.029/90) | H65: 0.006 | I65: =$I$46*H65 -> 59.53734
A66: Total do Grupo II | H66: =SUM(H58:H65) -> 0.368 | I66: =SUM(I58:I65) -> 3651.6235
A67: (2) | B67: Os percentuais para o SAT podem variar de 0,50% a 6,00% em função do Fator de Acidente Previdenciário (FAP), Decreto nº 6.957/2009
B68: Deverá obrigatoriamente acompanhar a proposta de preços e a planilha de custos e formação de preços a prova do Fator Acidentário de Prevenção – FAP por meio de impressão de consulta ao site do Ministério da Previdência Social (que pode ser obtido no endereço eletrônico http://www2.dataprev.gov.br/fap/fap.htm), independentemente de alteração da alíquota da parcela do Seguro Acidente de Trabalho disposta no Quadro II da referida planilha.
A69: III | B69: Encargos Sociais - Grupo III: Tempo Não Trabalhado | H69: % | I69: Valor Mensal/unidade de serviço (R$)
A70: 1 | B70: FÉRIAS GOZADAS + ADICIONAL DE FÉRIAS | H70: 0.119314 | I70: =$I$46*H70 -> 1183.9397
A71: 2 | B71: FALTAS ABONADAS (3) | H71: 0.020479 | I71: =$I$46*H71 -> 203.21086
A72: 3 | B72: FALTAS LEGAIS (4) | H72: 0.012123 | I72: =$I$46*H72 -> 120.2952
A73: 4 | B73: LICENÇA MATERNIDADE | H73: 0.011436 | I73: =$I$46*H73 -> 113.47817
A74: 5 | B74: LICENÇA PATERNIDADE | H74: 0.000174 | I74: =$I$46*H74 -> 1.7265829
A75: 6 | B75: ACIDENTE DE TRABALHO | H75: 0.000442 | I75: =$I$46*H75 -> 4.3859174
A76: 7 | B76: AVISO PRÉVIO TRABALHADO | H76: 0.000185 | I76: =$I$46*H76 -> 1.8357346
A77: 8 | B77: 13º SALÁRIO | H77: 0.09079 | I77: =$I$46*H77 -> 900.89918
A78: Total do Grupo III | H78: =SUM(H70:H77) -> 0.254943 | I78: =SUM(I70:I77) -> 2529.7713
A79: (3) | B79: Faltas Justificadas por Auxílio Doença
A80: (4) | B80: Faltas Legais - Art. 473 CLT
A81: IV | B81: Encargos Sociais - Grupo IV: Indenizações | H81: % | I81: Valor Mensal/unidade de serviço (R$)
A82: 1 | B82: INDENIZAÇÕES | H82: 0.048321 | I82: =$I$46*H82 -> 479.48397
A83: 2 | B83: FGTS SOBRE INDENIZAÇÕES | H83: 0.003511 | I83: =$I$46*H83 -> 34.839267
A84: 3 | B84: INDENIZAÇÃO COMPENSATÓRIA POR DEMISSÃO SEM JUSTA CAUSA | H84: 0.019328 | I84: =$I$46*H84 -> 191.78962
A85: Total do Grupo IV | H85: =SUM(H82:H84) -> 0.07116 | I85: =SUM(I82:I84) -> 706.11285
A87: V | B87: Encargos Sociais - Grupo V: Incidências | H87: % | I87: Valor Mensal/unidade de serviço (R$)
A88: 1 | B88: INCIDÊNCIA GRUPO II (Obrigações Sociais) X GRUPO III (Tempo Não Trabalhado) | H88: =(H66*H78) -> 0.093819024 | I88: =$I$46*H88 -> 930.95586
A89: Total do Grupo V | H89: =SUM(H88:H88) -> 0.093819024 | I89: =I88 -> 930.95586
A91: TOTAL DOS ENCARGOS SOCIAIS (II + III + IV + V) | H91: =H66+H78+H85+H89 -> 0.78792202 | I91: =I66+I78+I85+I89 -> 7818.4636
A93: VI | B93: Demais custos relativos à Norma Coletiva ou Disposições Legais - Grupo VI | H93: % | I93: Valor Mensal/unidade de serviço (R$)
A94: 1 | B94: Auxílio Alimentação | H94: =I94/$I$46 -> 0 | I94: =I115 -> 0
A95: =A94+1 -> 2 | B95: Auxílio Lanche | H95: =I95/$I$46 -> 0 | I95: =I111 -> 0
A96: =A95+1 -> 3 | B96: Plano de Saúde | H96: =I96/$I$46 -> 0 | I96: 0
A97: =A96+1 -> 4 | B97: Vale-Transporte⁽⁵⁾ | H97: =I97/$I$46 -> 0 | I97: =I107 -> 0
A98: =A97+1 -> 5 | B98: Adicional Intervalar | H98: =I98/$I$46 -> 0 | I98: =IF(I28="Não aplicável",0,((I10/H10)*1.5*I28)) -> 0
A99: 6 | B99: Prêmio Assiduidade (quando houver) | H99: =I99/$I$46 -> 0 | I99: =IF(I21="Não aplicável",0,I21) -> 0
A100: 7 | B100: Plano de Benefício Social Familiar (apenas para a CCT SEEAC/SINDASSEIO) | H100: =I100/$I$46 -> 0 | I100: =IF(I22="Não aplicável",0,I22) -> 0
A101: 8 | B101: Auxílio Creche | H101: =I101/$I$46 -> 0 | I101: 0
A102: 9 | B102: Outros | H102: =I102/$I$46 -> 0 | I102: =IF(I23="Não aplicável",0,I23) -> 0
A103: Total do Grupo VI | H103: =SUM(H94:H102) -> 0 | I103: =SUM(I94:I102) -> 0
A104: (5) | B104: O valor do vale-transporte pode variar de acordo com o modal fornecido pelo empregador.
A105: MEMÓRIA DE CÁLCULO DO VALE TRANSPORTE
A106: Valor Unitário | C106: Dias de Trabalho | D106: Vale p/dia | E106: Custo total | F106: Base de cálculo | G106: Percentual de desconto | H106: Valor desconto | I106: Custo efetivo
A107: =IF(I12="Não aplicável",0,I12) -> 6 | C107: =IF(I13="Não aplicável",0,I13) -> 22 | D107: 2 | E107: =A107*C107*D107 -> 264 | F107: =I38 -> 9922.89 | G107: =IF(I14="Não aplicável",0,I14) -> 0.06 | H107: =F107*G107 -> 595.3734 | I107: =IF((E107-H107)>0,E107-H107,0) -> 0
A109: MEMÓRIA DE CÁLCULO DO VALE LANCHE
A110: Valor Unitário | C110: Dias por mês | D110: Vale p/dia | E110: Custo total | F110: Base de cálculo | G110: Percentual de desconto | H110: Valor desconto | I110: Custo efetivo
A111: =IF(I18="Não aplicável",0,I18) -> 0 | C111: =IF(I19="Não aplicável",0,I19) -> 0 | D111: 1 | E111: =A111*C111*D111 -> 0 | F111: =E111 -> 0 | G111: =IF(I20="Não aplicável",0,I20) -> 0 | H111: =F111*G111 -> 0 | I111: =E111-H111 -> 0
A113: MEMÓRIA DE CÁLCULO DO | F113: =A15 -> Auxílio Alimentação
A114: Valor Unitário | C114: Dias por mês | D114: Vale p/dia | E114: Custo total | F114: Base de cálculo | G114: Percentual de desconto | H114: =H106 -> Valor desconto | I114: Custo efetivo
A115: =IF(I15="Não aplicável",0,I15) -> 0 | C115: =IF(I16="Não aplicável",0,I16) -> 0 | D115: 1 | E115: =A115*C115*D115 -> 0 | F115: =E115 -> 0 | G115: =IF(I17="Não aplicável",0,I17) -> 0 | H115: =F115*G115 -> 0 | I115: =E115-H115 -> 0
A117: TOTAL DO MONTANTE A (I + II + III+ IV + V +VI) | H117: =H46+H91+H103 -> 1.787922 | I117: =I46+I91+I103 -> 17741.354
A119: MONTANTE B
A120: I | B120: Despesas Diretas | H120: % | I120: Valor Mensal/unidade de serviço (R$)
A121: 1 | B121: Transporte (6) | H121: =I121/$I$133 -> 0 | I121: 0
A122: 2 | B122: Uniformes/EPI (6a) | H122: =I122/$I$133 -> 0 | I122: 0
...

Sheet LOTE 2 - PSICÓLOGO URUGUAIANA
A1: PLANILHA DE CUSTOS E FORMAÇÃO DE PREÇOS DE SERVIÇOS CONTINUADOS COM DEDICAÇÃO EXCLUSIVA DE MÃO DE OBRA (ANEXO III - DECRETO 52.768 de 15.12.2015)
A2: PROCESSO: | C2: 26/1200-9000536-0 | E2: REGIME DE TRIBUTAÇÃO: LUCRO REAL
A3: LICITAÇÃO/EDITAL | E3: ABERTURA:
A5: Cargo/Função: | D5: PSICÓLOGO URUGUAIANA | G5: =IF(D6="12x36","Regime de trabalho:","Quantidade de HORAS/MÊS") -> Quantidade de HORAS/MÊS | I5: =IF(D6="12x36",D6,5*D6) -> 200
A6: =IF(D6="12x36","Regime de trabalho:","Regime de trabalho (horas semanais):") -> Regime de trabalho (horas semanais): | D6: 40
A7: Convenção Coletiva de Trabalho: | D7: Base de cálculo conforme item VI do ETP | G7: INSALUBRIDADE (10%, 20%, 40%) | I7: Não aplicável
A8: Origem do salário: | D8: Conforme indicado pelo órgão no item VI do ETP - Programa de Militares Estaduais Temporários de Saúde (MTS) - Lei Estadual nº 15.583/2020 e nº 16.165/2024
A9: Cidade: | D9: URUGUAIANA | G9: PERICULOSIDADE (30%) | I9: Não aplicável
A10: Salário Normativo | G10: Vlr. do salário e nº de horas correspondentes | H10: 200 | I10: 9922.89
A11: ISS | G11: =D9 -> URUGUAIANA | H11: Alíquota | I11: 0.03
A12: Tarifa Transporte | G12: CCT | H12: Vr. Unitário | I12: 5.3
H13: Dias | I13: 22
H14: Desconto | I14: 0.06
A15: Auxílio Alimentação | G15: CCT | H15: Vr. Unitário | I15: 0
H16: Dias | I16: 0
H17: Desconto | I17: 0
A18: Auxílio Lanche | G18: CCT | H18: Vr. Unitário | I18: 0
H19: Dias | I19: 0
H20: Desconto | I20: 0
A21: Prêmio Assiduidade / Cesta Básica (quando houver) | G21: CCT | H21: Valor mensal | I21: 0
A22: Plano de Benefício Social Familiar (apenas para a CCT SEEAC/SINDASSEIO) | G22: CCT | H22: Valor mensal | I22: 0
A23: Outros benefícios que refletem na planilha de custos, caso constem na CCT. | G23: CCT | H23: Valor mensal | I23: 0
A24: Adicional de Supervisor (37%) | H24: Porcentagem | I24: Não aplicável
A25: Base de cálculo da insalubridade | H25: Valor | I25: Não aplicável
A26: Quantitativo de horas trabalhadas em feriados no mês (estimado) - Não aplicável para postos 12x36 | H26: Horas por mês | I26: Não aplicável
H27: Acréscimo da hora extra | I27: Não aplicável
A28: Hora Intervalar (somente para postos 12x36, quando for o caso) | H28: Horas por mês | I28: Não aplicável
A29: Sem fornecimento de materiais ou apenas fornecimento de EPIs ou uniformes, utilizar 10%. Com fornecimento de materiais ou equipamentos, utilizar 20%. (Decreto 52.768/2015, alterado pelo Decreto 53.424/2017) | H29: Porcentagem | I29: 0.1
I30: Não aplicável
A36: MONTANTE A
A37: I | B37: Remuneração - Grupo I | H37: % | I37: Valor Mensal/unidade de serviço (R$)
A38: 1 | B38: Salário | H38: =I38/$I$46 -> 1 | I38: =IF(D6="12x36",I10,I10/H10*I5) -> 9922.89
A39: =A38+1 -> 2 | B39: Adicional Periculosidade 30% (Ver súmulas 364, 132 e 191 do TST) | H39: =I39/$I$46 -> 0 | I39: =IF(I9=30%,I38*I9,0) -> 0
A40: =A39+1 -> 3 | B40: Adicional Insalubridade 10% (Ver súmula 228 e 139 TST) (1) | H40: =I40/$I$46 -> 0 | I40: =IF(I7=10%,I25*I7,0) -> 0
A41: =A40+1 -> 4 | B41: Adicional Insalubridade 20% (Ver súmula 228 e 139 TST) (1) | H41: =I41/$I$46 -> 0 | I41: =IF(I7=20%,I25*I7,0) -> 0
A42: =A41+1 -> 5 | B42: Adicional Insalubridade 40% (Ver súmula 228 e 139 TST) (1) | H42: =I42/$I$46 -> 0 | I42: =IF(I7=40%,I25*I7,0) -> 0
A43: =A42+1 -> 6 | B43: Adicional de Supervisor (IN 05/2017 MPOG SLTI) | H43: =I43/$I$46 -> 0 | I43: =IF(I24="Não aplicável",0,I38*I24) -> 0
A44: =A43+1 -> 7 | B44: Feriados | H44: =I44/$I$46 -> 0 | I44: =IF(I26="Não aplicável",0,(I38+I39+I40+I41+I42+I43)/I5*I26*(1+I27)) -> 0
A45: =A44+1 -> 8 | B45: DSR = número total das horas extras do mês / número de dias úteis X domingos e feriados do mês X valor da hora extra com acréscimo | H45: =I45/$I$46 -> 0 | I45: =IF(I26="Não aplicável",0,I26/I13*5*(I10/H10*(1+I27))) -> 0
A46: Total de Remuneração | H46: =SUM(H38:H45) -> 1 | I46: =SUM(I38:I45) -> 9922.89
A47: (1) | B47: Para posto de trabalho que tenha a necessidade de pagamento de adicional de insalubridade, a planilha de custos irá prever o salário proporcional como base de cálculo da insalubridade, conforme Pareceres da PGE nº 21.858/26 e 18.200/2020 e Promoção da PGE disposta no processo administrativo nº 20/2000-0034874-2. Porém, será permitida à licitante a alteração da base de cálculo na planilha de custos para que seja previsto o salário normativo do cargo ou o salário mínimo nacional (o que se aplicar mais benéfico). Uma vez caracterizada a condição insalubre, deve a empresa contratada pagar ao empregado o respectivo adicional na sua integralidade, independentemente da jornada de trabalho do empregado.
A57: II | B57: Encargos Sociais - Grupo II: Obrigações Sociais | H57: % | I57: Valor Mensal/unidade de serviço (R$)
A58: 1 | B58: INSS (art. 22, inc. I, Lei nº 8.212/91) | H58: 0.2 | I58: =$I$46*H58 -> 1984.578
A59: 2 | B59: SESI ou SESC (art. 30, Lei nº 8.036/90) | H59: 0.015 | I59: =$I$46*H59 -> 148.84335
A60: 3 | B60: SENAI ou SENAC (Decreto-Lei nº 2.318/86) | H60: 0.01 | I60: =$I$46*H60 -> 99.2289
A61: 4 | B61: INCRA (art. 15I, Lei Complementar nº 011/71) | H61: 0.002 | I61: =$I$46*H61 -> 19.84578
A62: 5 | B62: SALÁRIO EDUCAÇÃO (art. , inc. I, Decreto nº 87.043/82) | H62: 0.025 | I62: =$I$46*H62 -> 248.07225
A63: 6 | B63: FGTS (art. 15, Lei nº 8.036/90) | H63: 0.08 | I63: =$I$46*H63 -> 793.8312
A64: 7 | B64: SEG. ACIDENTE DO TRABALHO 1%, 2% e 3% (art. 22, inc. II, alíneas "b" e "c", da Lei nº 8.212/91) (2) | H64: 0.03 | I64: =$I$46*H64 -> 297.6867
A65: 8 | B65: SEBRAE (§ 3º, art. 8º, Lei nº 8.029/90) | H65: 0.006 | I65: =$I$46*H65 -> 59.53734
A66: Total do Grupo II | H66: =SUM(H58:H65) -> 0.368 | I66: =SUM(I58:I65) -> 3651.6235
A67: (2) | B67: Os percentuais para o SAT podem variar de 0,50% a 6,00% em função do Fator de Acidente Previdenciário (FAP), Decreto nº 6.957/2009
B68: Deverá obrigatoriamente acompanhar a proposta de preços e a planilha de custos e formação de preços a prova do Fator Acidentário de Prevenção – FAP por meio de impressão de consulta ao site do Ministério da Previdência Social (que pode ser obtido no endereço eletrônico http://www2.dataprev.gov.br/fap/fap.htm), independentemente de alteração da alíquota da parcela do Seguro Acidente de Trabalho disposta no Quadro II da referida planilha.
A69: III | B69: Encargos Sociais - Grupo III: Tempo Não Trabalhado | H69: % | I69: Valor Mensal/unidade de serviço (R$)
A70: 1 | B70: FÉRIAS GOZADAS + ADICIONAL DE FÉRIAS | H70: 0.119314 | I70: =$I$46*H70 -> 1183.9397
A71: 2 | B71: FALTAS ABONADAS (3) | H71: 0.020479 | I71: =$I$46*H71 -> 203.21086
A72: 3 | B72: FALTAS LEGAIS (4) | H72: 0.012123 | I72: =$I$46*H72 -> 120.2952
A73: 4 | B73: LICENÇA MATERNIDADE | H73: 0.011436 | I73: =$I$46*H73 -> 113.47817
A74: 5 | B74: LICENÇA PATERNIDADE | H74: 0.000174 | I74: =$I$46*H74 -> 1.7265829
A75: 6 | B75: ACIDENTE DE TRABALHO | H75: 0.000442 | I75: =$I$46*H75 -> 4.3859174
A76: 7 | B76: AVISO PRÉVIO TRABALHADO | H76: 0.000185 | I76: =$I$46*H76 -> 1.8357346
A77: 8 | B77: 13º SALÁRIO | H77: 0.09079 | I77: =$I$46*H77 -> 900.89918
A78: Total do Grupo III | H78: =SUM(H70:H77) -> 0.254943 | I78: =SUM(I70:I77) -> 2529.7713
A79: (3) | B79: Faltas Justificadas por Auxílio Doença
A80: (4) | B80: Faltas Legais - Art. 473 CLT
A81: IV | B81: Encargos Sociais - Grupo IV: Indenizações | H81: % | I81: Valor Mensal/unidade de serviço (R$)
A82: 1 | B82: INDENIZAÇÕES | H82: 0.048321 | I82: =$I$46*H82 -> 479.48397
A83: 2 | B83: FGTS SOBRE INDENIZAÇÕES | H83: 0.003511 | I83: =$I$46*H83 -> 34.839267
A84: 3 | B84: INDENIZAÇÃO COMPENSATÓRIA POR DEMISSÃO SEM JUSTA CAUSA | H84: 0.019328 | I84: =$I$46*H84 -> 191.78962
A85: Total do Grupo IV | H85: =SUM(H82:H84) -> 0.07116 | I85: =SUM(I82:I84) -> 706.11285
A87: V | B87: Encargos Sociais - Grupo V: Incidências | H87: % | I87: Valor Mensal/unidade de serviço (R$)
A88: 1 | B88: INCIDÊNCIA GRUPO II (Obrigações Sociais) X GRUPO III (Tempo Não Trabalhado) | H88: =(H66*H78) -> 0.093819024 | I88: =$I$46*H88 -> 930.95586
A89: Total do Grupo V | H89: =SUM(H88:H88) -> 0.093819024 | I89: =I88 -> 930.95586
A91: TOTAL DOS ENCARGOS SOCIAIS (II + III + IV + V) | H91: =H66+H78+H85+H89 -> 0.78792202 | I91: =I66+I78+I85+I89 -> 7818.4636
A93: VI | B93: Demais custos relativos à Norma Coletiva ou Disposições Legais - Grupo VI | H93: % | I93: Valor Mensal/unidade de serviço (R$)
A94: 1 | B94: Auxílio Alimentação | H94: =I94/$I$46 -> 0 | I94: =I115 -> 0
A95: =A94+1 -> 2 | B95: Auxílio Lanche | H95: =I95/$I$46 -> 0 | I95: =I111 -> 0
A96: =A95+1 -> 3 | B96: Plano de Saúde | H96: =I96/$I$46 -> 0 | I96: 0
A97: =A96+1 -> 4 | B97: Vale-Transporte⁽⁵⁾ | H97: =I97/$I$46 -> 0 | I97: =I107 -> 0
A98: =A97+1 -> 5 | B98: Adicional Intervalar | H98: =I98/$I$46 -> 0 | I98: =IF(I28="Não aplicável",0,((I10/H10)*1.5*I28)) -> 0
A99: 6 | B99: Prêmio Assiduidade (quando houver) | H99: =I99/$I$46 -> 0 | I99: =IF(I21="Não aplicável",0,I21) -> 0
A100: 7 | B100: Plano de Benefício Social Familiar (apenas para a CCT SEEAC/SINDASSEIO) | H100: =I100/$I$46 -> 0 | I100: =IF(I22="Não aplicável",0,I22) -> 0
A101: 8 | B101: Auxílio Creche | H101: =I101/$I$46 -> 0 | I101: 0
A102: 9 | B102: Outros | H102: =I102/$I$46 -> 0 | I102: =IF(I23="Não aplicável",0,I23) -> 0
A103: Total do Grupo VI | H103: =SUM(H94:H102) -> 0 | I103: =SUM(I94:I102) -> 0
A104: (5) | B104: O valor do vale-transporte pode variar de acordo com o modal fornecido pelo empregador.
A105: MEMÓRIA DE CÁLCULO DO VALE TRANSPORTE
A106: Valor Unitário | C106: Dias de Trabalho | D106: Vale p/dia | E106: Custo total | F106: Base de cálculo | G106: Percentual de desconto | H106: Valor desconto | I106: Custo efetivo
A107: =IF(I12="Não aplicável",0,I12) -> 5.3 | C107: =IF(I13="Não aplicável",0,I13) -> 22 | D107: 2 | E107: =A107*C107*D107 -> 233.2 | F107: =I38 -> 9922.89 | G107: =IF(I14="Não aplicável",0,I14) -> 0.06 | H107: =F107*G107 -> 595.3734 | I107: =IF((E107-H107)>0,E107-H107,0) -> 0
A109: MEMÓRIA DE CÁLCULO DO VALE LANCHE
A110: Valor Unitário | C110: Dias por mês | D110: Vale p/dia | E110: Custo total | F110: Base de cálculo | G110: Percentual de desconto | H110: Valor desconto | I110: Custo efetivo
A111: =IF(I18="Não aplicável",0,I18) -> 0 | C111: =IF(I19="Não aplicável",0,I19) -> 0 | D111: 1 | E111: =A111*C111*D111 -> 0 | F111: =E111 -> 0 | G111: =IF(I20="Não aplicável",0,I20) -> 0 | H111: =F111*G111 -> 0 | I111: =E111-H111 -> 0
A113: MEMÓRIA DE CÁLCULO DO | F113: =A15 -> Auxílio Alimentação
A114: Valor Unitário | C114: Dias por mês | D114: Vale p/dia | E114: Custo total | F114: Base de cálculo | G114: Percentual de desconto | H114: =H106 -> Valor desconto | I114: Custo efetivo
A115: =IF(I15="Não aplicável",0,I15) -> 0 | C115: =IF(I16="Não aplicável",0,I16) -> 0 | D115: 1 | E115: =A115*C115*D115 -> 0 | F115: =E115 -> 0 | G115: =IF(I17="Não aplicável",0,I17) -> 0 | H115: =F115*G115 -> 0 | I115: =E115-H115 -> 0
A117: TOTAL DO MONTANTE A (I + II + III+ IV + V +VI) | H117: =H46+H91+H103 -> 1.787922 | I117: =I46+I91+I103 -> 17741.354
A119: MONTANTE B
A120: I | B120: Despesas Diretas | H120: % | I120: Valor Mensal/unidade de serviço (R$)
A121: 1 | B121: Transporte (6) | H121: =I121/$I$133 -> 0 | I121: 0
A122: 2 | B122: Uniformes/EPI (6a) | H122: =I122/$I$133 -> 0 | I122: 0
...

Sheet LOTE 3 - ASSIST SOCIAL POA
A1: PLANILHA DE CUSTOS E FORMAÇÃO DE PREÇOS DE SERVIÇOS CONTINUADOS COM DEDICAÇÃO EXCLUSIVA DE MÃO DE OBRA (ANEXO III - DECRETO 52.768 de 15.12.2015)
A2: PROCESSO: | C2: 26/1200-9000536-0 | E2: REGIME DE TRIBUTAÇÃO: LUCRO REAL
A3: LICITAÇÃO/EDITAL | E3: ABERTURA:
A5: Cargo/Função: | D5: ASSISTENTE SOCIAL POA | G5: =IF(D6="12x36","Regime de trabalho:","Quantidade de HORAS/MÊS") -> Quantidade de HORAS/MÊS | I5: =IF(D6="12x36",D6,5*D6) -> 150
A6: =IF(D6="12x36","Regime de trabalho:","Regime de trabalho (horas semanais):") -> Regime de trabalho (horas semanais): | D6: 30
A7: Convenção Coletiva de Trabalho: | D7: Base de cálculo conforme item VI do ETP | G7: INSALUBRIDADE (10%, 20%, 40%) | I7: Não aplicável
A8: Origem do salário: | D8: Conforme indicado pelo órgão no item VI do ETP - Programa de Militares Estaduais Temporários de Saúde (MTS) - Lei Estadual nº 15.583/2020 e nº 16.165/2024
A9: Cidade: | D9: PORTO ALEGRE | G9: PERICULOSIDADE (30%) | I9: Não aplicável
A10: Salário Normativo | G10: Vlr. do salário e nº de horas correspondentes | H10: 200 | I10: 9922.89
A11: ISS | G11: =D9 -> PORTO ALEGRE | H11: Alíquota | I11: 0.05
A12: Tarifa Transporte | G12: CCT | H12: Vr. Unitário | I12: 5.3
H13: Dias | I13: 22
H14: Desconto | I14: 0.06
A15: Auxílio Alimentação | G15: CCT | H15: Vr. Unitário | I15: 0
H16: Dias | I16: 0
H17: Desconto | I17: 0
A18: Auxílio Lanche | G18: CCT | H18: Vr. Unitário | I18: 0
H19: Dias | I19: 0
H20: Desconto | I20: 0
A21: Prêmio Assiduidade / Cesta Básica (quando houver) | G21: CCT | H21: Valor mensal | I21: 0
A22: Plano de Benefício Social Familiar (apenas para a CCT SEEAC/SINDASSEIO) | G22: CCT | H22: Valor mensal | I22: 0
A23: Outros benefícios que refletem na planilha de custos, caso constem na CCT. | G23: CCT | H23: Valor mensal | I23: 0
A24: Adicional de Supervisor (37%) | H24: Porcentagem | I24: Não aplicável
A25: Base de cálculo da insalubridade | H25: Valor | I25: Não aplicável
A26: Quantitativo de horas trabalhadas em feriados no mês (estimado) - Não aplicável para postos 12x36 | H26: Horas por mês | I26: Não aplicável
H27: Acréscimo da hora extra | I27: Não aplicável
A28: Hora Intervalar (somente para postos 12x36, quando for o caso) | H28: Horas por mês | I28: Não aplicável
A29: Sem fornecimento de materiais ou apenas fornecimento de EPIs ou uniformes, utilizar 10%. Com fornecimento de materiais ou equipamentos, utilizar 20%. (Decreto 52.768/2015, alterado pelo Decreto 53.424/2017) | H29: Porcentagem | I29: 0.1
I30: Não aplicável
A36: MONTANTE A
A37: I | B37: Remuneração - Grupo I | H37: % | I37: Valor Mensal/unidade de serviço (R$)
A38: 1 | B38: Salário | H38: =I38/$I$46 -> 1 | I38: =IF(D6="12x36",I10,I10/H10*I5) -> 7442.1675
A39: =A38+1 -> 2 | B39: Adicional Periculosidade 30% (Ver súmulas 364, 132 e 191 do TST) | H39: =I39/$I$46 -> 0 | I39: =IF(I9=30%,I38*I9,0) -> 0
A40: =A39+1 -> 3 | B40: Adicional Insalubridade 10% (Ver súmula 228 e 139 TST) (1) | H40: =I40/$I$46 -> 0 | I40: =IF(I7=10%,I25*I7,0) -> 0
A41: =A40+1 -> 4 | B41: Adicional Insalubridade 20% (Ver súmula 228 e 139 TST) (1) | H41: =I41/$I$46 -> 0 | I41: =IF(I7=20%,I25*I7,0) -> 0
A42: =A41+1 -> 5 | B42: Adicional Insalubridade 40% (Ver súmula 228 e 139 TST) (1) | H42: =I42/$I$46 -> 0 | I42: =IF(I7=40%,I25*I7,0) -> 0
A43: =A42+1 -> 6 | B43: Adicional de Supervisor (IN 05/2017 MPOG SLTI) | H43: =I43/$I$46 -> 0 | I43: =IF(I24="Não aplicável",0,I38*I24) -> 0
A44: =A43+1 -> 7 | B44: Feriados | H44: =I44/$I$46 -> 0 | I44: =IF(I26="Não aplicável",0,(I38+I39+I40+I41+I42+I43)/I5*I26*(1+I27)) -> 0
A45: =A44+1 -> 8 | B45: DSR = número total das horas extras do mês / número de dias úteis X domingos e feriados do mês X valor da hora extra com acréscimo | H45: =I45/$I$46 -> 0 | I45: =IF(I26="Não aplicável",0,I26/I13*5*(I10/H10*(1+I27))) -> 0
A46: Total de Remuneração | H46: =SUM(H38:H45) -> 1 | I46: =SUM(I38:I45) -> 7442.1675
A47: (1) | B47: Para posto de trabalho que tenha a necessidade de pagamento de adicional de insalubridade, a planilha de custos irá prever o salário proporcional como base de cálculo da insalubridade, conforme Pareceres da PGE nº 21.858/26 e 18.200/2020 e Promoção da PGE disposta no processo administrativo nº 20/2000-0034874-2. Porém, será permitida à licitante a alteração da base de cálculo na planilha de custos para que seja previsto o salário normativo do cargo ou o salário mínimo nacional (o que se aplicar mais benéfico). Uma vez caracterizada a condição insalubre, deve a empresa contratada pagar ao empregado o respectivo adicional na sua integralidade, independentemente da jornada de trabalho do empregado.
A57: II | B57: Encargos Sociais - Grupo II: Obrigações Sociais | H57: % | I57: Valor Mensal/unidade de serviço (R$)
A58: 1 | B58: INSS (art. 22, inc. I, Lei nº 8.212/91) | H58: 0.2 | I58: =$I$46*H58 -> 1488.4335
A59: 2 | B59: SESI ou SESC (art. 30, Lei nº 8.036/90) | H59: 0.015 | I59: =$I$46*H59 -> 111.63251
A60: 3 | B60: SENAI ou SENAC (Decreto-Lei nº 2.318/86) | H60: 0.01 | I60: =$I$46*H60 -> 74.421675
A61: 4 | B61: INCRA (art. 15I, Lei Complementar nº 011/71) | H61: 0.002 | I61: =$I$46*H61 -> 14.884335
A62: 5 | B62: SALÁRIO EDUCAÇÃO (art. , inc. I, Decreto nº 87.043/82) | H62: 0.025 | I62: =$I$46*H62 -> 186.05419
A63: 6 | B63: FGTS (art. 15, Lei nº 8.036/90) | H63: 0.08 | I63: =$I$46*H63 -> 595.3734
A64: 7 | B64: SEG. ACIDENTE DO TRABALHO 1%, 2% e 3% (art. 22, inc. II, alíneas "b" e "c", da Lei nº 8.212/91) (2) | H64: 0.03 | I64: =$I$46*H64 -> 223.26502
A65: 8 | B65: SEBRAE (§ 3º, art. 8º, Lei nº 8.029/90) | H65: 0.006 | I65: =$I$46*H65 -> 44.653005
A66: Total do Grupo II | H66: =SUM(H58:H65) -> 0.368 | I66: =SUM(I58:I65) -> 2738.7176
A67: (2) | B67: Os percentuais para o SAT podem variar de 0,50% a 6,00% em função do Fator de Acidente Previdenciário (FAP), Decreto nº 6.957/2009
B68: Deverá obrigatoriamente acompanhar a proposta de preços e a planilha de custos e formação de preços a prova do Fator Acidentário de Prevenção – FAP por meio de impressão de consulta ao site do Ministério da Previdência Social (que pode ser obtido no endereço eletrônico http://www2.dataprev.gov.br/fap/fap.htm), independentemente de alteração da alíquota da parcela do Seguro Acidente de Trabalho disposta no Quadro II da referida planilha.
A69: III | B69: Encargos Sociais - Grupo III: Tempo Não Trabalhado | H69: % | I69: Valor Mensal/unidade de serviço (R$)
A70: 1 | B70: FÉRIAS GOZADAS + ADICIONAL DE FÉRIAS | H70: 0.119314 | I70: =$I$46*H70 -> 887.95477
A71: 2 | B71: FALTAS ABONADAS (3) | H71: 0.020479 | I71: =$I$46*H71 -> 152.40815
A72: 3 | B72: FALTAS LEGAIS (4) | H72: 0.012123 | I72: =$I$46*H72 -> 90.221397
A73: 4 | B73: LICENÇA MATERNIDADE | H73: 0.011436 | I73: =$I$46*H73 -> 85.108628
A74: 5 | B74: LICENÇA PATERNIDADE | H74: 0.000174 | I74: =$I$46*H74 -> 1.2949371
A75: 6 | B75: ACIDENTE DE TRABALHO | H75: 0.000442 | I75: =$I$46*H75 -> 3.289438
A76: 7 | B76: AVISO PRÉVIO TRABALHADO | H76: 0.000185 | I76: =$I$46*H76 -> 1.376801
A77: 8 | B77: 13º SALÁRIO | H77: 0.09079 | I77: =$I$46*H77 -> 675.67439
A78: Total do Grupo III | H78: =SUM(H70:H77) -> 0.254943 | I78: =SUM(I70:I77) -> 1897.3285
A79: (3) | B79: Faltas Justificadas por Auxílio Doença
A80: (4) | B80: Faltas Legais - Art. 473 CLT
A81: IV | B81: Encargos Sociais - Grupo IV: Indenizações | H81: % | I81: Valor Mensal/unidade de serviço (R$)
A82: 1 | B82: INDENIZAÇÕES | H82: 0.048321 | I82: =$I$46*H82 -> 359.61298
A83: 2 | B83: FGTS SOBRE INDENIZAÇÕES | H83: 0.003511 | I83: =$I$46*H83 -> 26.12945
A84: 3 | B84: INDENIZAÇÃO COMPENSATÓRIA POR DEMISSÃO SEM JUSTA CAUSA | H84: 0.019328 | I84: =$I$46*H84 -> 143.84221
A85: Total do Grupo IV | H85: =SUM(H82:H84) -> 0.07116 | I85: =SUM(I82:I84) -> 529.58464
A87: V | B87: Encargos Sociais - Grupo V: Incidências | H87: % | I87: Valor Mensal/unidade de serviço (R$)
A88: 1 | B88: INCIDÊNCIA GRUPO II (Obrigações Sociais) X GRUPO III (Tempo Não Trabalhado) | H88: =(H66*H78) -> 0.093819024 | I88: =$I$46*H88 -> 698.21689
A89: Total do Grupo V | H89: =SUM(H88:H88) -> 0.093819024 | I89: =I88 -> 698.21689
A91: TOTAL DOS ENCARGOS SOCIAIS (II + III + IV + V) | H91: =H66+H78+H85+H89 -> 0.78792202 | I91: =I66+I78+I85+I89 -> 5863.8477
A93: VI | B93: Demais custos relativos à Norma Coletiva ou Disposições Legais - Grupo VI | H93: % | I93: Valor Mensal/unidade de serviço (R$)
A94: 1 | B94: Auxílio Alimentação | H94: =I94/$I$46 -> 0 | I94: =I115 -> 0
A95: =A94+1 -> 2 | B95: Auxílio Lanche | H95: =I95/$I$46 -> 0 | I95: =I111 -> 0
A96: =A95+1 -> 3 | B96: Plano de Saúde | H96: =I96/$I$46 -> 0 | I96: 0
A97: =A96+1 -> 4 | B97: Vale-Transporte⁽⁵⁾ | H97: =I97/$I$46 -> 0 | I97: =I107 -> 0
A98: =A97+1 -> 5 | B98: Adicional Intervalar | H98: =I98/$I$46 -> 0 | I98: =IF(I28="Não aplicável",0,((I10/H10)*1.5*I28)) -> 0
A99: 6 | B99: Prêmio Assiduidade (quando houver) | H99: =I99/$I$46 -> 0 | I99: =IF(I21="Não aplicável",0,I21) -> 0
A100: 7 | B100: Plano de Benefício Social Familiar (apenas para a CCT SEEAC/SINDASSEIO) | H100: =I100/$I$46 -> 0 | I100: =IF(I22="Não aplicável",0,I22) -> 0
A101: 8 | B101: Auxílio Creche | H101: =I101/$I$46 -> 0 | I101: 0
A102: 9 | B102: Outros | H102: =I102/$I$46 -> 0 | I102: =IF(I23="Não aplicável",0,I23) -> 0
A103: Total do Grupo VI | H103: =SUM(H94:H102) -> 0 | I103: =SUM(I94:I102) -> 0
A104: (5) | B104: O valor do vale-transporte pode variar de acordo com o modal fornecido pelo empregador.
A105: MEMÓRIA DE CÁLCULO DO VALE TRANSPORTE
A106: Valor Unitário | C106: Dias de Trabalho | D106: Vale p/dia | E106: Custo total | F106: Base de cálculo | G106: Percentual de desconto | H106: Valor desconto | I106: Custo efetivo
A107: =IF(I12="Não aplicável",0,I12) -> 5.3 | C107: =IF(I13="Não aplicável",0,I13) -> 22 | D107: 2 | E107: =A107*C107*D107 -> 233.2 | F107: =I38 -> 7442.1675 | G107: =IF(I14="Não aplicável",0,I14) -> 0.06 | H107: =F107*G107 -> 446.53005 | I107: =IF((E107-H107)>0,E107-H107,0) -> 0
A109: MEMÓRIA DE CÁLCULO DO VALE LANCHE
A110: Valor Unitário | C110: Dias por mês | D110: Vale p/dia | E110: Custo total | F110: Base de cálculo | G110: Percentual de desconto | H110: Valor desconto | I110: Custo efetivo
A111: =IF(I18="Não aplicável",0,I18) -> 0 | C111: =IF(I19="Não aplicável",0,I19) -> 0 | D111: 1 | E111: =A111*C111*D111 -> 0 | F111: =E111 -> 0 | G111: =IF(I20="Não aplicável",0,I20) -> 0 | H111: =F111*G111 -> 0 | I111: =E111-H111 -> 0
A113: MEMÓRIA DE CÁLCULO DO | F113: =A15 -> Auxílio Alimentação
A114: Valor Unitário | C114: Dias por mês | D114: Vale p/dia | E114: Custo total | F114: Base de cálculo | G114: Percentual de desconto | H114: =H106 -> Valor desconto | I114: Custo efetivo
A115: =IF(I15="Não aplicável",0,I15) -> 0 | C115: =IF(I16="Não aplicável",0,I16) -> 0 | D115: 1 | E115: =A115*C115*D115 -> 0 | F115: =E115 -> 0 | G115: =IF(I17="Não aplicável",0,I17) -> 0 | H115: =F115*G115 -> 0 | I115: =E115-H115 -> 0
A117: TOTAL DO MONTANTE A (I + II + III+ IV + V +VI) | H117: =H46+H91+H103 -> 1.787922 | I117: =I46+I91+I103 -> 13306.015
A119: MONTANTE B
A120: I | B120: Despesas Diretas | H120: % | I120: Valor Mensal/unidade de serviço (R$)
A121: 1 | B121: Transporte (6) | H121: =I121/$I$133 -> 0 | I121: 0
A122: 2 | B122: Uniformes/EPI (6a) | H122: =I122/$I$133 -> 0 | I122: 0
...

Sheet LOTE 3 - ASSIST SOCIAL OSÓRIO
A1: PLANILHA DE CUSTOS E FORMAÇÃO DE PREÇOS DE SERVIÇOS CONTINUADOS COM DEDICAÇÃO EXCLUSIVA DE MÃO DE OBRA (ANEXO III - DECRETO 52.768 de 15.12.2015)
A2: PROCESSO: | C2: 26/1200-9000536-0 | E2: REGIME DE TRIBUTAÇÃO: LUCRO REAL
A3: LICITAÇÃO/EDITAL | E3: ABERTURA:
A5: Cargo/Função: | D5: ASSISTENTE SOCIAL OSÓRIO | G5: =IF(D6="12x36","Regime de trabalho:","Quantidade de HORAS/MÊS") -> Quantidade de HORAS/MÊS | I5: =IF(D6="12x36",D6,5*D6) -> 150
A6: =IF(D6="12x36","Regime de trabalho:","Regime de trabalho (horas semanais):") -> Regime de trabalho (horas semanais): | D6: 30
A7: Convenção Coletiva de Trabalho: | D7: Base de cálculo conforme item VI do ETP | G7: INSALUBRIDADE (10%, 20%, 40%) | I7: Não aplicável
A8: Origem do salário: | D8: Conforme indicado pelo órgão no item VI do ETP - Programa de Militares Estaduais Temporários de Saúde (MTS) - Lei Estadual nº 15.583/2020 e nº 16.165/2024
A9: Cidade: | D9: OSÓRIO | G9: PERICULOSIDADE (30%) | I9: Não aplicável
A10: Salário Normativo | G10: Vlr. do salário e nº de horas correspondentes | H10: 200 | I10: 9922.89
A11: ISS | G11: =D9 -> OSÓRIO | H11: Alíquota | I11: 0.02
A12: Tarifa Transporte | G12: CCT | H12: Vr. Unitário | I12: 7.15
H13: Dias | I13: 22
H14: Desconto | I14: 0.06
A15: Auxílio Alimentação | G15: CCT | H15: Vr. Unitário | I15: 0
H16: Dias | I16: 0
H17: Desconto | I17: 0
A18: Auxílio Lanche | G18: CCT | H18: Vr. Unitário | I18: 0
H19: Dias | I19: 0
H20: Desconto | I20: 0
A21: Prêmio Assiduidade / Cesta Básica (quando houver) | G21: CCT | H21: Valor mensal | I21: 0
A22: Plano de Benefício Social Familiar (apenas para a CCT SEEAC/SINDASSEIO) | G22: CCT | H22: Valor mensal | I22: 0
A23: Outros benefícios que refletem na planilha de custos, caso constem na CCT. | G23: CCT | H23: Valor mensal | I23: 0
A24: Adicional de Supervisor (37%) | H24: Porcentagem | I24: Não aplicável
A25: Base de cálculo da insalubridade | H25: Valor | I25: Não aplicável
A26: Quantitativo de horas trabalhadas em feriados no mês (estimado) - Não aplicável para postos 12x36 | H26: Horas por mês | I26: Não aplicável
H27: Acréscimo da hora extra | I27: Não aplicável
A28: Hora Intervalar (somente para postos 12x36, quando for o caso) | H28: Horas por mês | I28: Não aplicável
A29: Sem fornecimento de materiais ou apenas fornecimento de EPIs ou uniformes, utilizar 10%. Com fornecimento de materiais ou equipamentos, utilizar 20%. (Decreto 52.768/2015, alterado pelo Decreto 53.424/2017) | H29: Porcentagem | I29: 0.1
I30: Não aplicável
A36: MONTANTE A
A37: I | B37: Remuneração - Grupo I | H37: % | I37: Valor Mensal/unidade de serviço (R$)
A38: 1 | B38: Salário | H38: =I38/$I$46 -> 1 | I38: =IF(D6="12x36",I10,I10/H10*I5) -> 7442.1675
A39: =A38+1 -> 2 | B39: Adicional Periculosidade 30% (Ver súmulas 364, 132 e 191 do TST) | H39: =I39/$I$46 -> 0 | I39: =IF(I9=30%,I38*I9,0) -> 0
A40: =A39+1 -> 3 | B40: Adicional Insalubridade 10% (Ver súmula 228 e 139 TST) (1) | H40: =I40/$I$46 -> 0 | I40: =IF(I7=10%,I25*I7,0) -> 0
A41: =A40+1 -> 4 | B41: Adicional Insalubridade 20% (Ver súmula 228 e 139 TST) (1) | H41: =I41/$I$46 -> 0 | I41: =IF(I7=20%,I25*I7,0) -> 0
A42: =A41+1 -> 5 | B42: Adicional Insalubridade 40% (Ver súmula 228 e 139 TST) (1) | H42: =I42/$I$46 -> 0 | I42: =IF(I7=40%,I25*I7,0) -> 0
A43: =A42+1 -> 6 | B43: Adicional de Supervisor (IN 05/2017 MPOG SLTI) | H43: =I43/$I$46 -> 0 | I43: =IF(I24="Não aplicável",0,I38*I24) -> 0
A44: =A43+1 -> 7 | B44: Feriados | H44: =I44/$I$46 -> 0 | I44: =IF(I26="Não aplicável",0,(I38+I39+I40+I41+I42+I43)/I5*I26*(1+I27)) -> 0
A45: =A44+1 -> 8 | B45: DSR = número total das horas extras do mês / número de dias úteis X domingos e feriados do mês X valor da hora extra com acréscimo | H45: =I45/$I$46 -> 0 | I45: =IF(I26="Não aplicável",0,I26/I13*5*(I10/H10*(1+I27))) -> 0
A46: Total de Remuneração | H46: =SUM(H38:H45) -> 1 | I46: =SUM(I38:I45) -> 7442.1675
A47: (1) | B47: Para posto de trabalho que tenha a necessidade de pagamento de adicional de insalubridade, a planilha de custos irá prever o salário proporcional como base de cálculo da insalubridade, conforme Pareceres da PGE nº 21.858/26 e 18.200/2020 e Promoção da PGE disposta no processo administrativo nº 20/2000-0034874-2. Porém, será permitida à licitante a alteração da base de cálculo na planilha de custos para que seja previsto o salário normativo do cargo ou o salário mínimo nacional (o que se aplicar mais benéfico). Uma vez caracterizada a condição insalubre, deve a empresa contratada pagar ao empregado o respectivo adicional na sua integralidade, independentemente da jornada de trabalho do empregado.
A57: II | B57: Encargos Sociais - Grupo II: Obrigações Sociais | H57: % | I57: Valor Mensal/unidade de serviço (R$)
A58: 1 | B58: INSS (art. 22, inc. I, Lei nº 8.212/91) | H58: 0.2 | I58: =$I$46*H58 -> 1488.4335
A59: 2 | B59: SESI ou SESC (art. 30, Lei nº 8.036/90) | H59: 0.015 | I59: =$I$46*H59 -> 111.63251
A60: 3 | B60: SENAI ou SENAC (Decreto-Lei nº 2.318/86) | H60: 0.01 | I60: =$I$46*H60 -> 74.421675
A61: 4 | B61: INCRA (art. 15I, Lei Complementar nº 011/71) | H61: 0.002 | I61: =$I$46*H61 -> 14.884335
A62: 5 | B62: SALÁRIO EDUCAÇÃO (art. , inc. I, Decreto nº 87.043/82) | H62: 0.025 | I62: =$I$46*H62 -> 186.05419
A63: 6 | B63: FGTS (art. 15, Lei nº 8.036/90) | H63: 0.08 | I63: =$I$46*H63 -> 595.3734
A64: 7 | B64: SEG. ACIDENTE DO TRABALHO 1%, 2% e 3% (art. 22, inc. II, alíneas "b" e "c", da Lei nº 8.212/91) (2) | H64: 0.03 | I64: =$I$46*H64 -> 223.26502
A65: 8 | B65: SEBRAE (§ 3º, art. 8º, Lei nº 8.029/90) | H65: 0.006 | I65: =$I$46*H65 -> 44.653005
A66: Total do Grupo II | H66: =SUM(H58:H65) -> 0.368 | I66: =SUM(I58:I65) -> 2738.7176
A67: (2) | B67: Os percentuais para o SAT podem variar de 0,50% a 6,00% em função do Fator de Acidente Previdenciário (FAP), Decreto nº 6.957/2009
B68: Deverá obrigatoriamente acompanhar a proposta de preços e a planilha de custos e formação de preços a prova do Fator Acidentário de Prevenção – FAP por meio de impressão de consulta ao site do Ministério da Previdência Social (que pode ser obtido no endereço eletrônico http://www2.dataprev.gov.br/fap/fap.htm), independentemente de alteração da alíquota da parcela do Seguro Acidente de Trabalho disposta no Quadro II da referida planilha.
A69: III | B69: Encargos Sociais - Grupo III: Tempo Não Trabalhado | H69: % | I69: Valor Mensal/unidade de serviço (R$)
A70: 1 | B70: FÉRIAS GOZADAS + ADICIONAL DE FÉRIAS | H70: 0.119314 | I70: =$I$46*H70 -> 887.95477
A71: 2 | B71: FALTAS ABONADAS (3) | H71: 0.020479 | I71: =$I$46*H71 -> 152.40815
A72: 3 | B72: FALTAS LEGAIS (4) | H72: 0.012123 | I72: =$I$46*H72 -> 90.221397
A73: 4 | B73: LICENÇA MATERNIDADE | H73: 0.011436 | I73: =$I$46*H73 -> 85.108628
A74: 5 | B74: LICENÇA PATERNIDADE | H74: 0.000174 | I74: =$I$46*H74 -> 1.2949371
A75: 6 | B75: ACIDENTE DE TRABALHO | H75: 0.000442 | I75: =$I$46*H75 -> 3.289438
A76: 7 | B76: AVISO PRÉVIO TRABALHADO | H76: 0.000185 | I76: =$I$46*H76 -> 1.376801
A77: 8 | B77: 13º SALÁRIO | H77: 0.09079 | I77: =$I$46*H77 -> 675.67439
A78: Total do Grupo III | H78: =SUM(H70:H77) -> 0.254943 | I78: =SUM(I70:I77) -> 1897.3285
A79: (3) | B79: Faltas Justificadas por Auxílio Doença
A80: (4) | B80: Faltas Legais - Art. 473 CLT
A81: IV | B81: Encargos Sociais - Grupo IV: Indenizações | H81: % | I81: Valor Mensal/unidade de serviço (R$)
A82: 1 | B82: INDENIZAÇÕES | H82: 0.048321 | I82: =$I$46*H82 -> 359.61298
A83: 2 | B83: FGTS SOBRE INDENIZAÇÕES | H83: 0.003511 | I83: =$I$46*H83 -> 26.12945
A84: 3 | B84: INDENIZAÇÃO COMPENSATÓRIA POR DEMISSÃO SEM JUSTA CAUSA | H84: 0.019328 | I84: =$I$46*H84 -> 143.84221
A85: Total do Grupo IV | H85: =SUM(H82:H84) -> 0.07116 | I85: =SUM(I82:I84) -> 529.58464
A87: V | B87: Encargos Sociais - Grupo V: Incidências | H87: % | I87: Valor Mensal/unidade de serviço (R$)
A88: 1 | B88: INCIDÊNCIA GRUPO II (Obrigações Sociais) X GRUPO III (Tempo Não Trabalhado) | H88: =(H66*H78) -> 0.093819024 | I88: =$I$46*H88 -> 698.21689
A89: Total do Grupo V | H89: =SUM(H88:H88) -> 0.093819024 | I89: =I88 -> 698.21689
A91: TOTAL DOS ENCARGOS SOCIAIS (II + III + IV + V) | H91: =H66+H78+H85+H89 -> 0.78792202 | I91: =I66+I78+I85+I89 -> 5863.8477
A93: VI | B93: Demais custos relativos à Norma Coletiva ou Disposições Legais - Grupo VI | H93: % | I93: Valor Mensal/unidade de serviço (R$)
A94: 1 | B94: Auxílio Alimentação | H94: =I94/$I$46 -> 0 | I94: =I115 -> 0
A95: =A94+1 -> 2 | B95: Auxílio Lanche | H95: =I95/$I$46 -> 0 | I95: =I111 -> 0
A96: =A95+1 -> 3 | B96: Plano de Saúde | H96: =I96/$I$46 -> 0 | I96: 0
A97: =A96+1 -> 4 | B97: Vale-Transporte⁽⁵⁾ | H97: =I97/$I$46 -> 0 | I97: =I107 -> 0
A98: =A97+1 -> 5 | B98: Adicional Intervalar | H98: =I98/$I$46 -> 0 | I98: =IF(I28="Não aplicável",0,((I10/H10)*1.5*I28)) -> 0
A99: 6 | B99: Prêmio Assiduidade (quando houver) | H99: =I99/$I$46 -> 0 | I99: =IF(I21="Não aplicável",0,I21) -> 0
A100: 7 | B100: Plano de Benefício Social Familiar (apenas para a CCT SEEAC/SINDASSEIO) | H100: =I100/$I$46 -> 0 | I100: =IF(I22="Não aplicável",0,I22) -> 0
A101: 8 | B101: Auxílio Creche | H101: =I101/$I$46 -> 0 | I101: 0
A102: 9 | B102: Outros | H102: =I102/$I$46 -> 0 | I102: =IF(I23="Não aplicável",0,I23) -> 0
A103: Total do Grupo VI | H103: =SUM(H94:H102) -> 0 | I103: =SUM(I94:I102) -> 0
A104: (5) | B104: O valor do vale-transporte pode variar de acordo com o modal fornecido pelo empregador.
A105: MEMÓRIA DE CÁLCULO DO VALE TRANSPORTE
A106: Valor Unitário | C106: Dias de Trabalho | D106: Vale p/dia | E106: Custo total | F106: Base de cálculo | G106: Percentual de desconto | H106: Valor desconto | I106: Custo efetivo
A107: =IF(I12="Não aplicável",0,I12) -> 7.15 | C107: =IF(I13="Não aplicável",0,I13) -> 22 | D107: 2 | E107: =A107*C107*D107 -> 314.6 | F107: =I38 -> 7442.1675 | G107: =IF(I14="Não aplicável",0,I14) -> 0.06 | H107: =F107*G107 -> 446.53005 | I107: =IF((E107-H107)>0,E107-H107,0) -> 0
A109: MEMÓRIA DE CÁLCULO DO VALE LANCHE
A110: Valor Unitário | C110: Dias por mês | D110: Vale p/dia | E110: Custo total | F110: Base de cálculo | G110: Percentual de desconto | H110: Valor desconto | I110: Custo efetivo
A111: =IF(I18="Não aplicável",0,I18) -> 0 | C111: =IF(I19="Não aplicável",0,I19) -> 0 | D111: 1 | E111: =A111*C111*D111 -> 0 | F111: =E111 -> 0 | G111: =IF(I20="Não aplicável",0,I20) -> 0 | H111: =F111*G111 -> 0 | I111: =E111-H111 -> 0
A113: MEMÓRIA DE CÁLCULO DO | F113: =A15 -> Auxílio Alimentação
A114: Valor Unitário | C114: Dias por mês | D114: Vale p/dia | E114: Custo total | F114: Base de cálculo | G114: Percentual de desconto | H114: =H106 -> Valor desconto | I114: Custo efetivo
A115: =IF(I15="Não aplicável",0,I15) -> 0 | C115: =IF(I16="Não aplicável",0,I16) -> 0 | D115: 1 | E115: =A115*C115*D115 -> 0 | F115: =E115 -> 0 | G115: =IF(I17="Não aplicável",0,I17) -> 0 | H115: =F115*G115 -> 0 | I115: =E115-H115 -> 0
A117: TOTAL DO MONTANTE A (I + II + III+ IV + V +VI) | H117: =H46+H91+H103 -> 1.787922 | I117: =I46+I91+I103 -> 13306.015
A119: MONTANTE B
A120: I | B120: Despesas Diretas | H120: % | I120: Valor Mensal/unidade de serviço (R$)
A121: 1 | B121: Transporte (6) | H121: =I121/$I$133 -> 0 | I121: 0
A122: 2 | B122: Uniformes/EPI (6a) | H122: =I122/$I$133 -> 0 | I122: 0
...

Sheet LOTE 3 - ASSIST SOCIAL CAXIAS
A1: PLANILHA DE CUSTOS E FORMAÇÃO DE PREÇOS DE SERVIÇOS CONTINUADOS COM DEDICAÇÃO EXCLUSIVA DE MÃO DE OBRA (ANEXO III - DECRETO 52.768 de 15.12.2015)
A2: PROCESSO: | C2: 26/1200-9000536-0 | E2: REGIME DE TRIBUTAÇÃO: LUCRO REAL
A3: LICITAÇÃO/EDITAL | E3: ABERTURA:
A5: Cargo/Função: | D5: ASSISTENTE SOCIAL CAXIAS | G5: =IF(D6="12x36","Regime de trabalho:","Quantidade de HORAS/MÊS") -> Quantidade de HORAS/MÊS | I5: =IF(D6="12x36",D6,5*D6) -> 150
A6: =IF(D6="12x36","Regime de trabalho:","Regime de trabalho (horas semanais):") -> Regime de trabalho (horas semanais): | D6: 30
A7: Convenção Coletiva de Trabalho: | D7: Base de cálculo conforme item VI do ETP | G7: INSALUBRIDADE (10%, 20%, 40%) | I7: Não aplicável
A8: Origem do salário: | D8: Conforme indicado pelo órgão no item VI do ETP - Programa de Militares Estaduais Temporários de Saúde (MTS) - Lei Estadual nº 15.583/2020 e nº 16.165/2024
A9: Cidade: | D9: CAXIAS DO SUL | G9: PERICULOSIDADE (30%) | I9: Não aplicável
A10: Salário Normativo | G10: Vlr. do salário e nº de horas correspondentes | H10: 200 | I10: 9922.89
A11: ISS | G11: =D9 -> CAXIAS DO SUL | H11: Alíquota | I11: 0.04
A12: Tarifa Transporte | G12: CCT | H12: Vr. Unitário | I12: 6.5
H13: Dias | I13: 22
H14: Desconto | I14: 0.06
A15: Auxílio Alimentação | G15: CCT | H15: Vr. Unitário | I15: 0
H16: Dias | I16: 0
H17: Desconto | I17: 0
A18: Auxílio Lanche | G18: CCT | H18: Vr. Unitário | I18: 0
H19: Dias | I19: 0
H20: Desconto | I20: 0
A21: Prêmio Assiduidade / Cesta Básica (quando houver) | G21: CCT | H21: Valor mensal | I21: 0
A22: Plano de Benefício Social Familiar (apenas para a CCT SEEAC/SINDASSEIO) | G22: CCT | H22: Valor mensal | I22: 0
A23: Outros benefícios que refletem na planilha de custos, caso constem na CCT. | G23: CCT | H23: Valor mensal
A24: Adicional de Supervisor (37%) | H24: Porcentagem | I24: Não aplicável
A25: Base de cálculo da insalubridade | H25: Valor | I25: Não aplicável
A26: Quantitativo de horas trabalhadas em feriados no mês (estimado) - Não aplicável para postos 12x36 | H26: Horas por mês | I26: Não aplicável
H27: Acréscimo da hora extra | I27: Não aplicável
A28: Hora Intervalar (somente para postos 12x36, quando for o caso) | H28: Horas por mês | I28: Não aplicável
A29: Sem fornecimento de materiais ou apenas fornecimento de EPIs ou uniformes, utilizar 10%. Com fornecimento de materiais ou equipamentos, utilizar 20%. (Decreto 52.768/2015, alterado pelo Decreto 53.424/2017) | H29: Porcentagem | I29: 0.1
I30: Não aplicável
A36: MONTANTE A
A37: I | B37: Remuneração - Grupo I | H37: % | I37: Valor Mensal/unidade de serviço (R$)
A38: 1 | B38: Salário | H38: =I38/$I$46 -> 1 | I38: =IF(D6="12x36",I10,I10/H10*I5) -> 7442.1675
A39: =A38+1 -> 2 | B39: Adicional Periculosidade 30% (Ver súmulas 364, 132 e 191 do TST) | H39: =I39/$I$46 -> 0 | I39: =IF(I9=30%,I38*I9,0) -> 0
A40: =A39+1 -> 3 | B40: Adicional Insalubridade 10% (Ver súmula 228 e 139 TST) (1) | H40: =I40/$I$46 -> 0 | I40: =IF(I7=10%,I25*I7,0) -> 0
A41: =A40+1 -> 4 | B41: Adicional Insalubridade 20% (Ver súmula 228 e 139 TST) (1) | H41: =I41/$I$46 -> 0 | I41: =IF(I7=20%,I25*I7,0) -> 0
A42: =A41+1 -> 5 | B42: Adicional Insalubridade 40% (Ver súmula 228 e 139 TST) (1) | H42: =I42/$I$46 -> 0 | I42: =IF(I7=40%,I25*I7,0) -> 0
A43: =A42+1 -> 6 | B43: Adicional de Supervisor (IN 05/2017 MPOG SLTI) | H43: =I43/$I$46 -> 0 | I43: =IF(I24="Não aplicável",0,I38*I24) -> 0
A44: =A43+1 -> 7 | B44: Feriados | H44: =I44/$I$46 -> 0 | I44: =IF(I26="Não aplicável",0,(I38+I39+I40+I41+I42+I43)/I5*I26*(1+I27)) -> 0
A45: =A44+1 -> 8 | B45: DSR = número total das horas extras do mês / número de dias úteis X domingos e feriados do mês X valor da hora extra com acréscimo | H45: =I45/$I$46 -> 0 | I45: =IF(I26="Não aplicável",0,I26/I13*5*(I10/H10*(1+I27))) -> 0
A46: Total de Remuneração | H46: =SUM(H38:H45) -> 1 | I46: =SUM(I38:I45) -> 7442.1675
A47: (1) | B47: Para posto de trabalho que tenha a necessidade de pagamento de adicional de insalubridade, a planilha de custos irá prever o salário proporcional como base de cálculo da insalubridade, conforme Pareceres da PGE nº 21.858/26 e 18.200/2020 e Promoção da PGE disposta no processo administrativo nº 20/2000-0034874-2. Porém, será permitida à licitante a alteração da base de cálculo na planilha de custos para que seja previsto o salário normativo do cargo ou o salário mínimo nacional (o que se aplicar mais benéfico). Uma vez caracterizada a condição insalubre, deve a empresa contratada pagar ao empregado o respectivo adicional na sua integralidade, independentemente da jornada de trabalho do empregado.
A57: II | B57: Encargos Sociais - Grupo II: Obrigações Sociais | H57: % | I57: Valor Mensal/unidade de serviço (R$)
A58: 1 | B58: INSS (art. 22, inc. I, Lei nº 8.212/91) | H58: 0.2 | I58: =$I$46*H58 -> 1488.4335
A59: 2 | B59: SESI ou SESC (art. 30, Lei nº 8.036/90) | H59: 0.015 | I59: =$I$46*H59 -> 111.63251
A60: 3 | B60: SENAI ou SENAC (Decreto-Lei nº 2.318/86) | H60: 0.01 | I60: =$I$46*H60 -> 74.421675
A61: 4 | B61: INCRA (art. 15I, Lei Complementar nº 011/71) | H61: 0.002 | I61: =$I$46*H61 -> 14.884335
A62: 5 | B62: SALÁRIO EDUCAÇÃO (art. , inc. I, Decreto nº 87.043/82) | H62: 0.025 | I62: =$I$46*H62 -> 186.05419
A63: 6 | B63: FGTS (art. 15, Lei nº 8.036/90) | H63: 0.08 | I63: =$I$46*H63 -> 595.3734
A64: 7 | B64: SEG. ACIDENTE DO TRABALHO 1%, 2% e 3% (art. 22, inc. II, alíneas "b" e "c", da Lei nº 8.212/91) (2) | H64: 0.03 | I64: =$I$46*H64 -> 223.26502
A65: 8 | B65: SEBRAE (§ 3º, art. 8º, Lei nº 8.029/90) | H65: 0.006 | I65: =$I$46*H65 -> 44.653005
A66: Total do Grupo II | H66: =SUM(H58:H65) -> 0.368 | I66: =SUM(I58:I65) -> 2738.7176
A67: (2) | B67: Os percentuais para o SAT podem variar de 0,50% a 6,00% em função do Fator de Acidente Previdenciário (FAP), Decreto nº 6.957/2009
B68: Deverá obrigatoriamente acompanhar a proposta de preços e a planilha de custos e formação de preços a prova do Fator Acidentário de Prevenção – FAP por meio de impressão de consulta ao site do Ministério da Previdência Social (que pode ser obtido no endereço eletrônico http://www2.dataprev.gov.br/fap/fap.htm), independentemente de alteração da alíquota da parcela do Seguro Acidente de Trabalho disposta no Quadro II da referida planilha.
A69: III | B69: Encargos Sociais - Grupo III: Tempo Não Trabalhado | H69: % | I69: Valor Mensal/unidade de serviço (R$)
A70: 1 | B70: FÉRIAS GOZADAS + ADICIONAL DE FÉRIAS | H70: 0.119314 | I70: =$I$46*H70 -> 887.95477
A71: 2 | B71: FALTAS ABONADAS (3) | H71: 0.020479 | I71: =$I$46*H71 -> 152.40815
A72: 3 | B72: FALTAS LEGAIS (4) | H72: 0.012123 | I72: =$I$46*H72 -> 90.221397
A73: 4 | B73: LICENÇA MATERNIDADE | H73: 0.011436 | I73: =$I$46*H73 -> 85.108628
A74: 5 | B74: LICENÇA PATERNIDADE | H74: 0.000174 | I74: =$I$46*H74 -> 1.2949371
A75: 6 | B75: ACIDENTE DE TRABALHO | H75: 0.000442 | I75: =$I$46*H75 -> 3.289438
A76: 7 | B76: AVISO PRÉVIO TRABALHADO | H76: 0.000185 | I76: =$I$46*H76 -> 1.376801
A77: 8 | B77: 13º SALÁRIO | H77: 0.09079 | I77: =$I$46*H77 -> 675.67439
A78: Total do Grupo III | H78: =SUM(H70:H77) -> 0.254943 | I78: =SUM(I70:I77) -> 1897.3285
A79: (3) | B79: Faltas Justificadas por Auxílio Doença
A80: (4) | B80: Faltas Legais - Art. 473 CLT
A81: IV | B81: Encargos Sociais - Grupo IV: Indenizações | H81: % | I81: Valor Mensal/unidade de serviço (R$)
A82: 1 | B82: INDENIZAÇÕES | H82: 0.048321 | I82: =$I$46*H82 -> 359.61298
A83: 2 | B83: FGTS SOBRE INDENIZAÇÕES | H83: 0.003511 | I83: =$I$46*H83 -> 26.12945
A84: 3 | B84: INDENIZAÇÃO COMPENSATÓRIA POR DEMISSÃO SEM JUSTA CAUSA | H84: 0.019328 | I84: =$I$46*H84 -> 143.84221
A85: Total do Grupo IV | H85: =SUM(H82:H84) -> 0.07116 | I85: =SUM(I82:I84) -> 529.58464
A87: V | B87: Encargos Sociais - Grupo V: Incidências | H87: % | I87: Valor Mensal/unidade de serviço (R$)
A88: 1 | B88: INCIDÊNCIA GRUPO II (Obrigações Sociais) X GRUPO III (Tempo Não Trabalhado) | H88: =(H66*H78) -> 0.093819024 | I88: =$I$46*H88 -> 698.21689
A89: Total do Grupo V | H89: =SUM(H88:H88) -> 0.093819024 | I89: =I88 -> 698.21689
A91: TOTAL DOS ENCARGOS SOCIAIS (II + III + IV + V) | H91: =H66+H78+H85+H89 -> 0.78792202 | I91: =I66+I78+I85+I89 -> 5863.8477
A93: VI | B93: Demais custos relativos à Norma Coletiva ou Disposições Legais - Grupo VI | H93: % | I93: Valor Mensal/unidade de serviço (R$)
A94: 1 | B94: Auxílio Alimentação | H94: =I94/$I$46 -> 0 | I94: =I115 -> 0
A95: =A94+1 -> 2 | B95: Auxílio Lanche | H95: =I95/$I$46 -> 0 | I95: =I111 -> 0
A96: =A95+1 -> 3 | B96: Plano de Saúde | H96: =I96/$I$46 -> 0 | I96: 0
A97: =A96+1 -> 4 | B97: Vale-Transporte⁽⁵⁾ | H97: =I97/$I$46 -> 0 | I97: =I107 -> 0
A98: =A97+1 -> 5 | B98: Adicional Intervalar | H98: =I98/$I$46 -> 0 | I98: =IF(I28="Não aplicável",0,((I10/H10)*1.5*I28)) -> 0
A99: 6 | B99: Prêmio Assiduidade (quando houver) | H99: =I99/$I$46 -> 0 | I99: =IF(I21="Não aplicável",0,I21) -> 0
A100: 7 | B100: Plano de Benefício Social Familiar (apenas para a CCT SEEAC/SINDASSEIO) | H100: =I100/$I$46 -> 0 | I100: =IF(I22="Não aplicável",0,I22) -> 0
A101: 8 | B101: Auxílio Creche | H101: =I101/$I$46 -> 0 | I101: 0
A102: 9 | B102: Outros | H102: =I102/$I$46 -> 0 | I102: =IF(I23="Não aplicável",0,I23) -> 0
A103: Total do Grupo VI | H103: =SUM(H94:H102) -> 0 | I103: =SUM(I94:I102) -> 0
A104: (5) | B104: O valor do vale-transporte pode variar de acordo com o modal fornecido pelo empregador.
A105: MEMÓRIA DE CÁLCULO DO VALE TRANSPORTE
A106: Valor Unitário | C106: Dias de Trabalho | D106: Vale p/dia | E106: Custo total | F106: Base de cálculo | G106: Percentual de desconto | H106: Valor desconto | I106: Custo efetivo
A107: =IF(I12="Não aplicável",0,I12) -> 6.5 | C107: =IF(I13="Não aplicável",0,I13) -> 22 | D107: 2 | E107: =A107*C107*D107 -> 286 | F107: =I38 -> 7442.1675 | G107: =IF(I14="Não aplicável",0,I14) -> 0.06 | H107: =F107*G107 -> 446.53005 | I107: =IF((E107-H107)>0,E107-H107,0) -> 0
A109: MEMÓRIA DE CÁLCULO DO VALE LANCHE
A110: Valor Unitário | C110: Dias por mês | D110: Vale p/dia | E110: Custo total | F110: Base de cálculo | G110: Percentual de desconto | H110: Valor desconto | I110: Custo efetivo
A111: =IF(I18="Não aplicável",0,I18) -> 0 | C111: =IF(I19="Não aplicável",0,I19) -> 0 | D111: 1 | E111: =A111*C111*D111 -> 0 | F111: =E111 -> 0 | G111: =IF(I20="Não aplicável",0,I20) -> 0 | H111: =F111*G111 -> 0 | I111: =E111-H111 -> 0
A113: MEMÓRIA DE CÁLCULO DO | F113: =A15 -> Auxílio Alimentação
A114: Valor Unitário | C114: Dias por mês | D114: Vale p/dia | E114: Custo total | F114: Base de cálculo | G114: Percentual de desconto | H114: =H106 -> Valor desconto | I114: Custo efetivo
A115: =IF(I15="Não aplicável",0,I15) -> 0 | C115: =IF(I16="Não aplicável",0,I16) -> 0 | D115: 1 | E115: =A115*C115*D115 -> 0 | F115: =E115 -> 0 | G115: =IF(I17="Não aplicável",0,I17) -> 0 | H115: =F115*G115 -> 0 | I115: =E115-H115 -> 0
A117: TOTAL DO MONTANTE A (I + II + III+ IV + V +VI) | H117: =H46+H91+H103 -> 1.787922 | I117: =I46+I91+I103 -> 13306.015
A119: MONTANTE B
A120: I | B120: Despesas Diretas | H120: % | I120: Valor Mensal/unidade de serviço (R$)
A121: 1 | B121: Transporte (6) | H121: =I121/$I$133 -> 0 | I121: 0
A122: 2 | B122: Uniformes/EPI (6a) | H122: =I122/$I$133 -> 0 | I122: 0
...

Sheet LOTE 3 - ASSIST SOCIAL SANTANA 
A1: PLANILHA DE CUSTOS E FORMAÇÃO DE PREÇOS DE SERVIÇOS CONTINUADOS COM DEDICAÇÃO EXCLUSIVA DE MÃO DE OBRA (ANEXO III - DECRETO 52.768 de 15.12.2015)
A2: PROCESSO: | C2: 26/1200-9000536-0 | E2: REGIME DE TRIBUTAÇÃO: LUCRO REAL
A3: LICITAÇÃO/EDITAL | E3: ABERTURA:
A5: Cargo/Função: | D5: ASSISTENTE SOCIAL SANTANA DO LIVRAMENTO | G5: =IF(D6="12x36","Regime de trabalho:","Quantidade de HORAS/MÊS") -> Quantidade de HORAS/MÊS | I5: =IF(D6="12x36",D6,5*D6) -> 150
A6: =IF(D6="12x36","Regime de trabalho:","Regime de trabalho (horas semanais):") -> Regime de trabalho (horas semanais): | D6: 30
A7: Convenção Coletiva de Trabalho: | D7: Base de cálculo conforme item VI do ETP | G7: INSALUBRIDADE (10%, 20%, 40%) | I7: Não aplicável
A8: Origem do salário: | D8: Conforme indicado pelo órgão no item VI do ETP - Programa de Militares Estaduais Temporários de Saúde (MTS) - Lei Estadual nº 15.583/2020 e nº 16.165/2024
A9: Cidade: | D9: SANTANA DO LIVRAMENTO | G9: PERICULOSIDADE (30%) | I9: Não aplicável
A10: Salário Normativo | G10: Vlr. do salário e nº de horas correspondentes | H10: 200 | I10: 9922.89
A11: ISS | G11: =D9 -> SANTANA DO LIVRAMENTO | H11: Alíquota | I11: 0.03
A12: Tarifa Transporte | G12: CCT | H12: Vr. Unitário | I12: 5
H13: Dias | I13: 22
H14: Desconto | I14: 0.06
A15: Auxílio Alimentação | G15: CCT | H15: Vr. Unitário | I15: 0
H16: Dias | I16: 0
H17: Desconto | I17: 0
A18: Auxílio Lanche | G18: CCT | H18: Vr. Unitário | I18: 0
H19: Dias | I19: 0
H20: Desconto | I20: 0
A21: Prêmio Assiduidade / Cesta Básica (quando houver) | G21: CCT | H21: Valor mensal | I21: 0
A22: Plano de Benefício Social Familiar (apenas para a CCT SEEAC/SINDASSEIO) | G22: CCT | H22: Valor mensal | I22: 0
A23: Outros benefícios que refletem na planilha de custos, caso constem na CCT. | G23: CCT | H23: Valor mensal | I23: 0
A24: Adicional de Supervisor (37%) | H24: Porcentagem | I24: Não aplicável
A25: Base de cálculo da insalubridade | H25: Valor | I25: Não aplicável
A26: Quantitativo de horas trabalhadas em feriados no mês (estimado) - Não aplicável para postos 12x36 | H26: Horas por mês | I26: Não aplicável
H27: Acréscimo da hora extra | I27: Não aplicável
A28: Hora Intervalar (somente para postos 12x36, quando for o caso) | H28: Horas por mês | I28: Não aplicável
A29: Sem fornecimento de materiais ou apenas fornecimento de EPIs ou uniformes, utilizar 10%. Com fornecimento de materiais ou equipamentos, utilizar 20%. (Decreto 52.768/2015, alterado pelo Decreto 53.424/2017) | H29: Porcentagem | I29: 0.1
I30: Não aplicável
A36: MONTANTE A
A37: I | B37: Remuneração - Grupo I | H37: % | I37: Valor Mensal/unidade de serviço (R$)
A38: 1 | B38: Salário | H38: =I38/$I$46 -> 1 | I38: =IF(D6="12x36",I10,I10/H10*I5) -> 7442.1675
A39: =A38+1 -> 2 | B39: Adicional Periculosidade 30% (Ver súmulas 364, 132 e 191 do TST) | H39: =I39/$I$46 -> 0 | I39: =IF(I9=30%,I38*I9,0) -> 0
A40: =A39+1 -> 3 | B40: Adicional Insalubridade 10% (Ver súmula 228 e 139 TST) (1) | H40: =I40/$I$46 -> 0 | I40: =IF(I7=10%,I25*I7,0) -> 0
A41: =A40+1 -> 4 | B41: Adicional Insalubridade 20% (Ver súmula 228 e 139 TST) (1) | H41: =I41/$I$46 -> 0 | I41: =IF(I7=20%,I25*I7,0) -> 0
A42: =A41+1 -> 5 | B42: Adicional Insalubridade 40% (Ver súmula 228 e 139 TST) (1) | H42: =I42/$I$46 -> 0 | I42: =IF(I7=40%,I25*I7,0) -> 0
A43: =A42+1 -> 6 | B43: Adicional de Supervisor (IN 05/2017 MPOG SLTI) | H43: =I43/$I$46 -> 0 | I43: =IF(I24="Não aplicável",0,I38*I24) -> 0
A44: =A43+1 -> 7 | B44: Feriados | H44: =I44/$I$46 -> 0 | I44: =IF(I26="Não aplicável",0,(I38+I39+I40+I41+I42+I43)/I5*I26*(1+I27)) -> 0
A45: =A44+1 -> 8 | B45: DSR = número total das horas extras do mês / número de dias úteis X domingos e feriados do mês X valor da hora extra com acréscimo | H45: =I45/$I$46 -> 0 | I45: =IF(I26="Não aplicável",0,I26/I13*5*(I10/H10*(1+I27))) -> 0
A46: Total de Remuneração | H46: =SUM(H38:H45) -> 1 | I46: =SUM(I38:I45) -> 7442.1675
A47: (1) | B47: Para posto de trabalho que tenha a necessidade de pagamento de adicional de insalubridade, a planilha de custos irá prever o salário proporcional como base de cálculo da insalubridade, conforme Pareceres da PGE nº 21.858/26 e 18.200/2020 e Promoção da PGE disposta no processo administrativo nº 20/2000-0034874-2. Porém, será permitida à licitante a alteração da base de cálculo na planilha de custos para que seja previsto o salário normativo do cargo ou o salário mínimo nacional (o que se aplicar mais benéfico). Uma vez caracterizada a condição insalubre, deve a empresa contratada pagar ao empregado o respectivo adicional na sua integralidade, independentemente da jornada de trabalho do empregado.
A57: II | B57: Encargos Sociais - Grupo II: Obrigações Sociais | H57: % | I57: Valor Mensal/unidade de serviço (R$)
A58: 1 | B58: INSS (art. 22, inc. I, Lei nº 8.212/91) | H58: 0.2 | I58: =$I$46*H58 -> 1488.4335
A59: 2 | B59: SESI ou SESC (art. 30, Lei nº 8.036/90) | H59: 0.015 | I59: =$I$46*H59 -> 111.63251
A60: 3 | B60: SENAI ou SENAC (Decreto-Lei nº 2.318/86) | H60: 0.01 | I60: =$I$46*H60 -> 74.421675
A61: 4 | B61: INCRA (art. 15I, Lei Complementar nº 011/71) | H61: 0.002 | I61: =$I$46*H61 -> 14.884335
A62: 5 | B62: SALÁRIO EDUCAÇÃO (art. , inc. I, Decreto nº 87.043/82) | H62: 0.025 | I62: =$I$46*H62 -> 186.05419
A63: 6 | B63: FGTS (art. 15, Lei nº 8.036/90) | H63: 0.08 | I63: =$I$46*H63 -> 595.3734
A64: 7 | B64: SEG. ACIDENTE DO TRABALHO 1%, 2% e 3% (art. 22, inc. II, alíneas "b" e "c", da Lei nº 8.212/91) (2) | H64: 0.03 | I64: =$I$46*H64 -> 223.26502
A65: 8 | B65: SEBRAE (§ 3º, art. 8º, Lei nº 8.029/90) | H65: 0.006 | I65: =$I$46*H65 -> 44.653005
A66: Total do Grupo II | H66: =SUM(H58:H65) -> 0.368 | I66: =SUM(I58:I65) -> 2738.7176
A67: (2) | B67: Os percentuais para o SAT podem variar de 0,50% a 6,00% em função do Fator de Acidente Previdenciário (FAP), Decreto nº 6.957/2009
B68: Deverá obrigatoriamente acompanhar a proposta de preços e a planilha de custos e formação de preços a prova do Fator Acidentário de Prevenção – FAP por meio de impressão de consulta ao site do Ministério da Previdência Social (que pode ser obtido no endereço eletrônico http://www2.dataprev.gov.br/fap/fap.htm), independentemente de alteração da alíquota da parcela do Seguro Acidente de Trabalho disposta no Quadro II da referida planilha.
A69: III | B69: Encargos Sociais - Grupo III: Tempo Não Trabalhado | H69: % | I69: Valor Mensal/unidade de serviço (R$)
A70: 1 | B70: FÉRIAS GOZADAS + ADICIONAL DE FÉRIAS | H70: 0.119314 | I70: =$I$46*H70 -> 887.95477
A71: 2 | B71: FALTAS ABONADAS (3) | H71: 0.020479 | I71: =$I$46*H71 -> 152.40815
A72: 3 | B72: FALTAS LEGAIS (4) | H72: 0.012123 | I72: =$I$46*H72 -> 90.221397
A73: 4 | B73: LICENÇA MATERNIDADE | H73: 0.011436 | I73: =$I$46*H73 -> 85.108628
A74: 5 | B74: LICENÇA PATERNIDADE | H74: 0.000174 | I74: =$I$46*H74 -> 1.2949371
A75: 6 | B75: ACIDENTE DE TRABALHO | H75: 0.000442 | I75: =$I$46*H75 -> 3.289438
A76: 7 | B76: AVISO PRÉVIO TRABALHADO | H76: 0.000185 | I76: =$I$46*H76 -> 1.376801
A77: 8 | B77: 13º SALÁRIO | H77: 0.09079 | I77: =$I$46*H77 -> 675.67439
A78: Total do Grupo III | H78: =SUM(H70:H77) -> 0.254943 | I78: =SUM(I70:I77) -> 1897.3285
A79: (3) | B79: Faltas Justificadas por Auxílio Doença
A80: (4) | B80: Faltas Legais - Art. 473 CLT
A81: IV | B81: Encargos Sociais - Grupo IV: Indenizações | H81: % | I81: Valor Mensal/unidade de serviço (R$)
A82: 1 | B82: INDENIZAÇÕES | H82: 0.048321 | I82: =$I$46*H82 -> 359.61298
A83: 2 | B83: FGTS SOBRE INDENIZAÇÕES | H83: 0.003511 | I83: =$I$46*H83 -> 26.12945
A84: 3 | B84: INDENIZAÇÃO COMPENSATÓRIA POR DEMISSÃO SEM JUSTA CAUSA | H84: 0.019328 | I84: =$I$46*H84 -> 143.84221
A85: Total do Grupo IV | H85: =SUM(H82:H84) -> 0.07116 | I85: =SUM(I82:I84) -> 529.58464
A87: V | B87: Encargos Sociais - Grupo V: Incidências | H87: % | I87: Valor Mensal/unidade de serviço (R$)
A88: 1 | B88: INCIDÊNCIA GRUPO II (Obrigações Sociais) X GRUPO III (Tempo Não Trabalhado) | H88: =(H66*H78) -> 0.093819024 | I88: =$I$46*H88 -> 698.21689
A89: Total do Grupo V | H89: =SUM(H88:H88) -> 0.093819024 | I89: =I88 -> 698.21689
A91: TOTAL DOS ENCARGOS SOCIAIS (II + III + IV + V) | H91: =H66+H78+H85+H89 -> 0.78792202 | I91: =I66+I78+I85+I89 -> 5863.8477
A93: VI | B93: Demais custos relativos à Norma Coletiva ou Disposições Legais - Grupo VI | H93: % | I93: Valor Mensal/unidade de serviço (R$)
A94: 1 | B94: Auxílio Alimentação | H94: =I94/$I$46 -> 0 | I94: =I115 -> 0
A95: =A94+1 -> 2 | B95: Auxílio Lanche | H95: =I95/$I$46 -> 0 | I95: =I111 -> 0
A96: =A95+1 -> 3 | B96: Plano de Saúde | H96: =I96/$I$46 -> 0 | I96: 0
A97: =A96+1 -> 4 | B97: Vale-Transporte⁽⁵⁾ | H97: =I97/$I$46 -> 0 | I97: =I107 -> 0
A98: =A97+1 -> 5 | B98: Adicional Intervalar | H98: =I98/$I$46 -> 0 | I98: =IF(I28="Não aplicável",0,((I10/H10)*1.5*I28)) -> 0
A99: 6 | B99: Prêmio Assiduidade (quando houver) | H99: =I99/$I$46 -> 0 | I99: =IF(I21="Não aplicável",0,I21) -> 0
A100: 7 | B100: Plano de Benefício Social Familiar (apenas para a CCT SEEAC/SINDASSEIO) | H100: =I100/$I$46 -> 0 | I100: =IF(I22="Não aplicável",0,I22) -> 0
A101: 8 | B101: Auxílio Creche | H101: =I101/$I$46 -> 0 | I101: 0
A102: 9 | B102: Outros | H102: =I102/$I$46 -> 0 | I102: =IF(I23="Não aplicável",0,I23) -> 0
A103: Total do Grupo VI | H103: =SUM(H94:H102) -> 0 | I103: =SUM(I94:I102) -> 0
A104: (5) | B104: O valor do vale-transporte pode variar de acordo com o modal fornecido pelo empregador.
A105: MEMÓRIA DE CÁLCULO DO VALE TRANSPORTE
A106: Valor Unitário | C106: Dias de Trabalho | D106: Vale p/dia | E106: Custo total | F106: Base de cálculo | G106: Percentual de desconto | H106: Valor desconto | I106: Custo efetivo
A107: =IF(I12="Não aplicável",0,I12) -> 5 | C107: =IF(I13="Não aplicável",0,I13) -> 22 | D107: 2 | E107: =A107*C107*D107 -> 220 | F107: =I38 -> 7442.1675 | G107: =IF(I14="Não aplicável",0,I14) -> 0.06 | H107: =F107*G107 -> 446.53005 | I107: =IF((E107-H107)>0,E107-H107,0) -> 0
A109: MEMÓRIA DE CÁLCULO DO VALE LANCHE
A110: Valor Unitário | C110: Dias por mês | D110: Vale p/dia | E110: Custo total | F110: Base de cálculo | G110: Percentual de desconto | H110: Valor desconto | I110: Custo efetivo
A111: =IF(I18="Não aplicável",0,I18) -> 0 | C111: =IF(I19="Não aplicável",0,I19) -> 0 | D111: 1 | E111: =A111*C111*D111 -> 0 | F111: =E111 -> 0 | G111: =IF(I20="Não aplicável",0,I20) -> 0 | H111: =F111*G111 -> 0 | I111: =E111-H111 -> 0
A113: MEMÓRIA DE CÁLCULO DO | F113: =A15 -> Auxílio Alimentação
A114: Valor Unitário | C114: Dias por mês | D114: Vale p/dia | E114: Custo total | F114: Base de cálculo | G114: Percentual de desconto | H114: =H106 -> Valor desconto | I114: Custo efetivo
A115: =IF(I15="Não aplicável",0,I15) -> 0 | C115: =IF(I16="Não aplicável",0,I16) -> 0 | D115: 1 | E115: =A115*C115*D115 -> 0 | F115: =E115 -> 0 | G115: =IF(I17="Não aplicável",0,I17) -> 0 | H115: =F115*G115 -> 0 | I115: =E115-H115 -> 0
A117: TOTAL DO MONTANTE A (I + II + III+ IV + V +VI) | H117: =H46+H91+H103 -> 1.787922 | I117: =I46+I91+I103 -> 13306.015
A119: MONTANTE B
A120: I | B120: Despesas Diretas | H120: % | I120: Valor Mensal/unidade de serviço (R$)
A121: 1 | B121: Transporte (6) | H121: =I121/$I$133 -> 0 | I121: 0
A122: 2 | B122: Uniformes/EPI (6a) | H122: =I122/$I$133 -> 0 | I122: 0
...

Sheet LOTE 3 - ASSIST SOCIAL STA ROSA
A1: PLANILHA DE CUSTOS E FORMAÇÃO DE PREÇOS DE SERVIÇOS CONTINUADOS COM DEDICAÇÃO EXCLUSIVA DE MÃO DE OBRA (ANEXO III - DECRETO 52.768 de 15.12.2015)
A2: PROCESSO: | C2: 26/1200-9000536-0 | E2: REGIME DE TRIBUTAÇÃO: LUCRO REAL
A3: LICITAÇÃO/EDITAL | E3: ABERTURA:
A5: Cargo/Função: | D5: ASSISTENTE SOCIAL SANTA ROSA | G5: =IF(D6="12x36","Regime de trabalho:","Quantidade de HORAS/MÊS") -> Quantidade de HORAS/MÊS | I5: =IF(D6="12x36",D6,5*D6) -> 150
A6: =IF(D6="12x36","Regime de trabalho:","Regime de trabalho (horas semanais):") -> Regime de trabalho (horas semanais): | D6: 30
A7: Convenção Coletiva de Trabalho: | D7: Base de cálculo conforme item VI do ETP | G7: INSALUBRIDADE (10%, 20%, 40%) | I7: Não aplicável
A8: Origem do salário: | D8: Conforme indicado pelo órgão no item VI do ETP - Programa de Militares Estaduais Temporários de Saúde (MTS) - Lei Estadual nº 15.583/2020 e nº 16.165/2024
A9: Cidade: | D9: SANTA ROSA | G9: PERICULOSIDADE (30%) | I9: Não aplicável
A10: Salário Normativo | G10: Vlr. do salário e nº de horas correspondentes | H10: 200 | I10: 9922.89
A11: ISS | G11: =D9 -> SANTA ROSA | H11: Alíquota | I11: 0.05
A12: Tarifa Transporte | G12: CCT | H12: Vr. Unitário | I12: 6.5
H13: Dias | I13: 22
H14: Desconto | I14: 0.06
A15: Auxílio Alimentação | G15: CCT | H15: Vr. Unitário | I15: 0
H16: Dias | I16: 0
H17: Desconto | I17: 0
A18: Auxílio Lanche | G18: CCT | H18: Vr. Unitário | I18: 0
H19: Dias | I19: 0
H20: Desconto | I20: 0
A21: Prêmio Assiduidade / Cesta Básica (quando houver) | G21: CCT | H21: Valor mensal | I21: 0
A22: Plano de Benefício Social Familiar (apenas para a CCT SEEAC/SINDASSEIO) | G22: CCT | H22: Valor mensal | I22: 0
A23: Outros benefícios que refletem na planilha de custos, caso constem na CCT. | G23: CCT | H23: Valor mensal | I23: 0
A24: Adicional de Supervisor (37%) | H24: Porcentagem | I24: Não aplicável
A25: Base de cálculo da insalubridade | H25: Valor | I25: Não aplicável
A26: Quantitativo de horas trabalhadas em feriados no mês (estimado) - Não aplicável para postos 12x36 | H26: Horas por mês | I26: Não aplicável
H27: Acréscimo da hora extra | I27: Não aplicável
A28: Hora Intervalar (somente para postos 12x36, quando for o caso) | H28: Horas por mês | I28: Não aplicável
A29: Sem fornecimento de materiais ou apenas fornecimento de EPIs ou uniformes, utilizar 10%. Com fornecimento de materiais ou equipamentos, utilizar 20%. (Decreto 52.768/2015, alterado pelo Decreto 53.424/2017) | H29: Porcentagem | I29: 0.1
I30: Não aplicável
A36: MONTANTE A
A37: I | B37: Remuneração - Grupo I | H37: % | I37: Valor Mensal/unidade de serviço (R$)
A38: 1 | B38: Salário | H38: =I38/$I$46 -> 1 | I38: =IF(D6="12x36",I10,I10/H10*I5) -> 7442.1675
A39: =A38+1 -> 2 | B39: Adicional Periculosidade 30% (Ver súmulas 364, 132 e 191 do TST) | H39: =I39/$I$46 -> 0 | I39: =IF(I9=30%,I38*I9,0) -> 0
A40: =A39+1 -> 3 | B40: Adicional Insalubridade 10% (Ver súmula 228 e 139 TST) (1) | H40: =I40/$I$46 -> 0 | I40: =IF(I7=10%,I25*I7,0) -> 0
A41: =A40+1 -> 4 | B41: Adicional Insalubridade 20% (Ver súmula 228 e 139 TST) (1) | H41: =I41/$I$46 -> 0 | I41: =IF(I7=20%,I25*I7,0) -> 0
A42: =A41+1 -> 5 | B42: Adicional Insalubridade 40% (Ver súmula 228 e 139 TST) (1) | H42: =I42/$I$46 -> 0 | I42: =IF(I7=40%,I25*I7,0) -> 0
A43: =A42+1 -> 6 | B43: Adicional de Supervisor (IN 05/2017 MPOG SLTI) | H43: =I43/$I$46 -> 0 | I43: =IF(I24="Não aplicável",0,I38*I24) -> 0
A44: =A43+1 -> 7 | B44: Feriados | H44: =I44/$I$46 -> 0 | I44: =IF(I26="Não aplicável",0,(I38+I39+I40+I41+I42+I43)/I5*I26*(1+I27)) -> 0
A45: =A44+1 -> 8 | B45: DSR = número total das horas extras do mês / número de dias úteis X domingos e feriados do mês X valor da hora extra com acréscimo | H45: =I45/$I$46 -> 0 | I45: =IF(I26="Não aplicável",0,I26/I13*5*(I10/H10*(1+I27))) -> 0
A46: Total de Remuneração | H46: =SUM(H38:H45) -> 1 | I46: =SUM(I38:I45) -> 7442.1675
A47: (1) | B47: Para posto de trabalho que tenha a necessidade de pagamento de adicional de insalubridade, a planilha de custos irá prever o salário proporcional como base de cálculo da insalubridade, conforme Pareceres da PGE nº 21.858/26 e 18.200/2020 e Promoção da PGE disposta no processo administrativo nº 20/2000-0034874-2. Porém, será permitida à licitante a alteração da base de cálculo na planilha de custos para que seja previsto o salário normativo do cargo ou o salário mínimo nacional (o que se aplicar mais benéfico). Uma vez caracterizada a condição insalubre, deve a empresa contratada pagar ao empregado o respectivo adicional na sua integralidade, independentemente da jornada de trabalho do empregado.
A57: II | B57: Encargos Sociais - Grupo II: Obrigações Sociais | H57: % | I57: Valor Mensal/unidade de serviço (R$)
A58: 1 | B58: INSS (art. 22, inc. I, Lei nº 8.212/91) | H58: 0.2 | I58: =$I$46*H58 -> 1488.4335
A59: 2 | B59: SESI ou SESC (art. 30, Lei nº 8.036/90) | H59: 0.015 | I59: =$I$46*H59 -> 111.63251
A60: 3 | B60: SENAI ou SENAC (Decreto-Lei nº 2.318/86) | H60: 0.01 | I60: =$I$46*H60 -> 74.421675
A61: 4 | B61: INCRA (art. 15I, Lei Complementar nº 011/71) | H61: 0.002 | I61: =$I$46*H61 -> 14.884335
A62: 5 | B62: SALÁRIO EDUCAÇÃO (art. , inc. I, Decreto nº 87.043/82) | H62: 0.025 | I62: =$I$46*H62 -> 186.05419
A63: 6 | B63: FGTS (art. 15, Lei nº 8.036/90) | H63: 0.08 | I63: =$I$46*H63 -> 595.3734
A64: 7 | B64: SEG. ACIDENTE DO TRABALHO 1%, 2% e 3% (art. 22, inc. II, alíneas "b" e "c", da Lei nº 8.212/91) (2) | H64: 0.03 | I64: =$I$46*H64 -> 223.26502
A65: 8 | B65: SEBRAE (§ 3º, art. 8º, Lei nº 8.029/90) | H65: 0.006 | I65: =$I$46*H65 -> 44.653005
A66: Total do Grupo II | H66: =SUM(H58:H65) -> 0.368 | I66: =SUM(I58:I65) -> 2738.7176
A67: (2) | B67: Os percentuais para o SAT podem variar de 0,50% a 6,00% em função do Fator de Acidente Previdenciário (FAP), Decreto nº 6.957/2009
B68: Deverá obrigatoriamente acompanhar a proposta de preços e a planilha de custos e formação de preços a prova do Fator Acidentário de Prevenção – FAP por meio de impressão de consulta ao site do Ministério da Previdência Social (que pode ser obtido no endereço eletrônico http://www2.dataprev.gov.br/fap/fap.htm), independentemente de alteração da alíquota da parcela do Seguro Acidente de Trabalho disposta no Quadro II da referida planilha.
A69: III | B69: Encargos Sociais - Grupo III: Tempo Não Trabalhado | H69: % | I69: Valor Mensal/unidade de serviço (R$)
A70: 1 | B70: FÉRIAS GOZADAS + ADICIONAL DE FÉRIAS | H70: 0.119314 | I70: =$I$46*H70 -> 887.95477
A71: 2 | B71: FALTAS ABONADAS (3) | H71: 0.020479 | I71: =$I$46*H71 -> 152.40815
A72: 3 | B72: FALTAS LEGAIS (4) | H72: 0.012123 | I72: =$I$46*H72 -> 90.221397
A73: 4 | B73: LICENÇA MATERNIDADE | H73: 0.011436 | I73: =$I$46*H73 -> 85.108628
A74: 5 | B74: LICENÇA PATERNIDADE | H74: 0.000174 | I74: =$I$46*H74 -> 1.2949371
A75: 6 | B75: ACIDENTE DE TRABALHO | H75: 0.000442 | I75: =$I$46*H75 -> 3.289438
A76: 7 | B76: AVISO PRÉVIO TRABALHADO | H76: 0.000185 | I76: =$I$46*H76 -> 1.376801
A77: 8 | B77: 13º SALÁRIO | H77: 0.09079 | I77: =$I$46*H77 -> 675.67439
A78: Total do Grupo III | H78: =SUM(H70:H77) -> 0.254943 | I78: =SUM(I70:I77) -> 1897.3285
A79: (3) | B79: Faltas Justificadas por Auxílio Doença
A80: (4) | B80: Faltas Legais - Art. 473 CLT
A81: IV | B81: Encargos Sociais - Grupo IV: Indenizações | H81: % | I81: Valor Mensal/unidade de serviço (R$)
A82: 1 | B82: INDENIZAÇÕES | H82: 0.048321 | I82: =$I$46*H82 -> 359.61298
A83: 2 | B83: FGTS SOBRE INDENIZAÇÕES | H83: 0.003511 | I83: =$I$46*H83 -> 26.12945
A84: 3 | B84: INDENIZAÇÃO COMPENSATÓRIA POR DEMISSÃO SEM JUSTA CAUSA | H84: 0.019328 | I84: =$I$46*H84 -> 143.84221
A85: Total do Grupo IV | H85: =SUM(H82:H84) -> 0.07116 | I85: =SUM(I82:I84) -> 529.58464
A87: V | B87: Encargos Sociais - Grupo V: Incidências | H87: % | I87: Valor Mensal/unidade de serviço (R$)
